Workbook

Sheet П1
H4: Приложение 1 к Форме 7
B10: СМЕТА
B11: =IF(SourceП1!G20<>"Новая локальная смета", SourceП1!G20, "")
B13: выполнение работ по монтажу комплекса систем пожарной безопасности в квартире № 1 в здании общежития НИЯУ МИФИ по адресу: 109263, г. Москва, ул. Шкулева, д. 27, стр. 2
G15: базовая цена | I15: текущая цена
C16: Сметная стоимость | G16: =SUM(O27:O148)/1000 -> 39.56137 | I16: =(SourceП1!F85/1000) -> 345.34571 | K16: тыс. руб.
C17: Строительные работы | G17: =SUM(W27:W148)/1000 -> 0 | I17: =(SourceП1!F72)/1000 -> 0 | K17: тыс. руб.
C18: Монтажные работы | G18: =SUM(X27:X148)/1000 -> 39.56137 | I18: =(SourceП1!F73)/1000 -> 292.66586 | K18: тыс. руб.
C19: Оборудование | G19: =SUM(Y27:Y148)/1000 -> 0 | I19: =(SourceП1!F64)/1000 -> 0 | K19: тыс. руб.
C20: Прочие работы | G20: =SUM(Z27:Z148)/1000 -> 0 | I20: =(SourceП1!F74+SourceП1!F75)/1000 -> 0 | K20: тыс. руб.
C21: Нормативная трудоемкость | G21: =I21 -> 434.4524 | I21: =(SourceП1!F77+SourceП1!F78) -> 434.4524 | K21: чел. -ч.
C22: Средства на оплату труда | G22: =SUM(R27:R148)/1000 -> 4.36195 | I22: =(SourceП1!F70+ SourceП1!F69)/1000 -> 32.01802 | K22: тыс. руб.
A24: Составлена в ценах III квартал 2017 года
A25: № п/п | B25: Шифр расценки и коды ресурсов | C25: Наименование работ и затрат | D25: Ед. изм. | E25: Кол-во единиц | F25: Цена на ед. изм. | G25: Попра-вочные коэфф. | H25: Стоимость в ценах 2001г. | I25: Пункт коэфф. пересчета | J25: Коэфф. пересчета | K25: Стоимость в текущих ценах | L25: ЗТР всего чел.-час
A26: 1 | B26: 2 | C26: 3 | D26: 4 | E26: 5 | F26: 6 | G26: 7 | H26: 8 | I26: 9 | J26: 10 | K26: 11 | L26: 12
A27: =SourceП1!E24 -> 1 | B27: =SourceП1!F24 -> м10-02-016-06 | C27: =SourceП1!G24 -> Установка контролера,источника вторичного питания | D27: =SourceП1!H24 -> ШТ | E27: =SourceП1!I24 -> 3 | F27: =SourceП1!AL24+SourceП1!AM24+SourceП1!AO24 -> 199.95 | I27: =SourceП1!BO24 | S27: =ROUND((SourceП1!FX24/100)*((ROUND(SourceП1!AF24*SourceП1!I24, 2)+ROUND(SourceП1!AE24*SourceП1!I24, 2))), 2) -> 279.46 | T27: =SourceП1!X24 -> 2126.66 | U27: =ROUND((SourceП1!FY24/100)*((ROUND(SourceП1!AF24*SourceП1!I24, 2)+ROUND(SourceП1!AE24*SourceП1!I24, 2))), 2) -> 209.59 | V27: =SourceП1!Y24 -> 1595
C28: Зарплата | F28: =SourceП1!AO24 -> 112.01 | G28: =SourceП1!DG24 | H28: =ROUND(SourceП1!AF24*SourceП1!I24, 2) -> 336.03 | J28: =IF(SourceП1!BA24<> 0, SourceП1!BA24, 1) -> 7.61 | K28: =SourceП1!S24 -> 2557.19 | R28: =H28 -> 336.03
C29: Эксплуатация машин | F29: =SourceП1!AM24 -> 39.6 | G29: =SourceП1!DE24 | H29: =ROUND(SourceП1!AD24*SourceП1!I24, 2) -> 118.8 | J29: =IF(SourceП1!BB24<> 0, SourceП1!BB24, 1) -> 7.61 | K29: =SourceП1!Q24 -> 904.07
C30: в т.ч. зарплата машинистов | F30: =SourceП1!AN24 -> 4.43 | G30: =SourceП1!DF24 | H30: =ROUND(SourceП1!AE24*SourceП1!I24, 2) -> 13.29 | J30: =IF(SourceП1!BS24<> 0, SourceП1!BS24, 1) -> 7.61 | K30: =SourceП1!R24 -> 101.14 | R30: =H30 -> 13.29
C31: Материальные ресурсы | F31: =SourceП1!AL24 -> 48.34 | G31: =SourceП1!DD24 | H31: =ROUND(SourceП1!AC24*SourceП1!I24, 2) -> 145.02 | J31: =IF(SourceП1!BC24<> 0, SourceП1!BC24, 1) -> 7.61 | K31: =SourceП1!P24 -> 1103.6
C32: НР от ФОТ | D32: % | E32: =SourceП1!BZ24 -> 80 | H32: =SUM(S27:S37) -> 279.46 | J32: =SourceП1!AT24 -> 80 | K32: =SUM(T27:T37) -> 2126.66
C33: СП от ФОТ | D33: % | E33: =SourceП1!CA24 -> 60 | H33: =SUM(U27:U37) -> 209.59 | J33: =SourceП1!AU24 -> 60 | K33: =SUM(V27:V37) -> 1595
C34: Затраты труда | D34: чел-ч | E34: =SourceП1!AQ24 -> 10.1 | G34: =SourceП1!DI24 | L34: =SourceП1!U24 -> 30.3
A35: =SourceП1!E25 -> 1,1 | B35: =SourceП1!F25 -> 61.2.07.04-0002 | C35: =SourceП1!G25 -> Контроллер двухпроводной линии связи, марка "С2000-КДЛ" | D35: =SourceП1!H25 -> шт. | E35: =SourceП1!I25 -> 1 | F35: =SourceП1!AL25+SourceП1!AM25+SourceП1!AO25 -> 175.63 | H35: =ROUND(SourceП1!AC25*SourceП1!I25, 2)+ROUND(SourceП1!AD25*SourceП1!I25, 2)+ROUND(SourceП1!AF25*SourceП1!I25, 2) -> 175.63 | J35: =IF(SourceП1!BC25<> 0, SourceП1!BC25, 1) -> 7.61 | K35: =SourceП1!O25 -> 1336.54 | S35: =ROUND((SourceП1!FX25/100)*((ROUND(SourceП1!AF25*SourceП1!I25, 2)+ROUND(SourceП1!AE25*SourceП1!I25, 2))), 2) -> 0 | T35: =SourceП1!X25 -> 0 | U35: =ROUND((SourceП1!FY25/100)*((ROUND(SourceП1!AF25*SourceП1!I25, 2)+ROUND(SourceП1!AE25*SourceП1!I25, 2))), 2) -> 0 | V35: =SourceП1!Y25 -> 0 | W35: =IF(SourceП1!BI25<=1,H35, 0) -> 0 | X35: =IF(SourceП1!BI25=2,H35, 0) -> 175.63 | Y35: =IF(SourceП1!BI25=3,H35, 0) -> 0 | Z35: =IF(SourceП1!BI25=4,H35, 0) -> 0
A36: =SourceП1!E26 -> 1,2 | B36: =SourceП1!F26 -> 61.2.07.02-0034 | C36: =SourceП1!G26 -> Блок контрольно-пусковой, марка "С2000-КПБ" | D36: =SourceП1!H26 -> шт. | E36: =SourceП1!I26 -> 1 | F36: =SourceП1!AL26+SourceП1!AM26+SourceП1!AO26 -> 243.85 | H36: =ROUND(SourceП1!AC26*SourceП1!I26, 2)+ROUND(SourceП1!AD26*SourceП1!I26, 2)+ROUND(SourceП1!AF26*SourceП1!I26, 2) -> 243.85 | J36: =IF(SourceП1!BC26<> 0, SourceП1!BC26, 1) -> 7.61 | K36: =SourceП1!O26 -> 1855.7 | S36: =ROUND((SourceП1!FX26/100)*((ROUND(SourceП1!AF26*SourceП1!I26, 2)+ROUND(SourceП1!AE26*SourceП1!I26, 2))), 2) -> 0 | T36: =SourceП1!X26 -> 0 | U36: =ROUND((SourceП1!FY26/100)*((ROUND(SourceП1!AF26*SourceП1!I26, 2)+ROUND(SourceП1!AE26*SourceП1!I26, 2))), 2) -> 0 | V36: =SourceП1!Y26 -> 0 | W36: =IF(SourceП1!BI26<=1,H36, 0) -> 0 | X36: =IF(SourceП1!BI26=2,H36, 0) -> 243.85 | Y36: =IF(SourceП1!BI26=3,H36, 0) -> 0 | Z36: =IF(SourceП1!BI26=4,H36, 0) -> 0
A37: =SourceП1!E27 -> 1,3 | B37: =SourceП1!F27 -> Прайс-лист ВижнПро | C37: Источник вторичного электропитания резервирования СКАТ-1200МDIN Базисная стоимость: 189,31 = [1 700 / 1,18 / 7,61] | D37: =SourceП1!H27 -> ШТ | E37: =SourceП1!I27 -> 1 | F37: =SourceП1!AL27+SourceП1!AM27+SourceП1!AO27 -> 189.31 | H37: =ROUND(SourceП1!AC27*SourceП1!I27, 2)+ROUND(SourceП1!AD27*SourceП1!I27, 2)+ROUND(SourceП1!AF27*SourceП1!I27, 2) -> 189.31 | J37: =IF(SourceП1!BC27<> 0, SourceП1!BC27, 1) -> 7.61 | K37: =SourceП1!O27 -> 1440.65 | S37: =ROUND((SourceП1!FX27/100)*((ROUND(SourceП1!AF27*SourceП1!I27, 2)+ROUND(SourceП1!AE27*SourceП1!I27, 2))), 2) -> 0 | T37: =SourceП1!X27 -> 0 | U37: =ROUND((SourceП1!FY27/100)*((ROUND(SourceП1!AF27*SourceП1!I27, 2)+ROUND(SourceП1!AE27*SourceП1!I27, 2))), 2) -> 0 | V37: =SourceП1!Y27 -> 0 | W37: =IF(SourceП1!BI27<=1,H37, 0) -> 0 | X37: =IF(SourceП1!BI27=2,H37, 0) -> 189.31 | Y37: =IF(SourceП1!BI27=3,H37, 0) -> 0 | Z37: =IF(SourceП1!BI27=4,H37, 0) -> 0
G38: =H28+H29+H31+H32+H33+SUM(H35:H37) -> 1697.69 | J38: =K28+K29+K31+K32+K33+SUM(K35:K37) -> 12919.41 | L38: =SourceП1!U24 -> 30.3 | O38: =G38 -> 1697.69 | P38: =J38 -> 12919.41 | Q38: =L38 -> 30.3 | W38: =IF(SourceП1!BI24<=1,H28+H29+H31+H32+H33, 0) -> 0 | X38: =IF(SourceП1!BI24=2,H28+H29+H31+H32+H33, 0) -> 1088.9 | Y38: =IF(SourceП1!BI24=3,H28+H29+H31+H32+H33, 0) -> 0 | Z38: =IF(SourceП1!BI24=4,H28+H29+H31+H32+H33, 0) -> 0
A39: =SourceП1!E28 -> 2 | B39: =SourceП1!F28 -> м10-08-002-03 | C39: =SourceП1!G28 -> Извещатель ПС автоматический тепловой, дымовой, световой во взрывозащищенном исполнении | D39: =SourceП1!H28 -> ШТ | E39: =SourceП1!I28 -> 48 | F39: =SourceП1!AL28+SourceП1!AM28+SourceП1!AO28 -> 23.03 | I39: =SourceП1!BO28 | S39: =ROUND((SourceП1!FX28/100)*((ROUND(SourceП1!AF28*SourceП1!I28, 2)+ROUND(SourceП1!AE28*SourceП1!I28, 2))), 2) -> 762.62 | T39: =SourceП1!X28 -> 5803.57 | U39: =ROUND((SourceП1!FY28/100)*((ROUND(SourceП1!AF28*SourceП1!I28, 2)+ROUND(SourceП1!AE28*SourceП1!I28, 2))), 2) -> 571.97 | V39: =SourceП1!Y28 -> 4352.68
C40: Зарплата | F40: =SourceП1!AO28 -> 19.86 | G40: =SourceП1!DG28 | H40: =ROUND(SourceП1!AF28*SourceП1!I28, 2) -> 953.28 | J40: =IF(SourceП1!BA28<> 0, SourceП1!BA28, 1) -> 7.61 | K40: =SourceП1!S28 -> 7254.46 | R40: =H40 -> 953.28
C41: Материальные ресурсы | F41: =SourceП1!AL28 -> 3.17 | G41: =SourceП1!DD28 | H41: =ROUND(SourceП1!AC28*SourceП1!I28, 2) -> 152.16 | J41: =IF(SourceП1!BC28<> 0, SourceП1!BC28, 1) -> 7.61 | K41: =SourceП1!P28 -> 1157.94
C42: НР от ФОТ | D42: % | E42: =SourceП1!BZ28 -> 80 | H42: =SUM(S39:S45) -> 762.62 | J42: =SourceП1!AT28 -> 80 | K42: =SUM(T39:T45) -> 5803.57
C43: СП от ФОТ | D43: % | E43: =SourceП1!CA28 -> 60 | H43: =SUM(U39:U45) -> 571.97 | J43: =SourceП1!AU28 -> 60 | K43: =SUM(V39:V45) -> 4352.68
C44: Затраты труда | D44: чел-ч | E44: =SourceП1!AQ28 -> 1.68 | G44: =SourceП1!DI28 | L44: =SourceП1!U28 -> 80.64
A45: =SourceП1!E29 -> 2,1 | B45: =SourceП1!F29 -> 61.2.02.01-0019 | C45: =SourceП1!G29 -> Извещатель пожарный дымовой ДИП-34А-03 | D45: =SourceП1!H29 -> 10 шт. | E45: =SourceП1!I29 -> 4.8 | F45: =SourceП1!AL29+SourceП1!AM29+SourceП1!AO29 -> 1165.22 | H45: =ROUND(SourceП1!AC29*SourceП1!I29, 2)+ROUND(SourceП1!AD29*SourceП1!I29, 2)+ROUND(SourceП1!AF29*SourceП1!I29, 2) -> 5593.06 | J45: =IF(SourceП1!BC29<> 0, SourceП1!BC29, 1) -> 7.61 | K45: =SourceП1!O29 -> 42563.16 | S45: =ROUND((SourceП1!FX29/100)*((ROUND(SourceП1!AF29*SourceП1!I29, 2)+ROUND(SourceП1!AE29*SourceП1!I29, 2))), 2) -> 0 | T45: =SourceП1!X29 -> 0 | U45: =ROUND((SourceП1!FY29/100)*((ROUND(SourceП1!AF29*SourceП1!I29, 2)+ROUND(SourceП1!AE29*SourceП1!I29, 2))), 2) -> 0 | V45: =SourceП1!Y29 -> 0 | W45: =IF(SourceП1!BI29<=1,H45, 0) -> 0 | X45: =IF(SourceП1!BI29=2,H45, 0) -> 5593.06 | Y45: =IF(SourceП1!BI29=3,H45, 0) -> 0 | Z45: =IF(SourceП1!BI29=4,H45, 0) -> 0
G46: =H40+H41+H42+H43+SUM(H45:H45) -> 8033.09 | J46: =K40+K41+K42+K43+SUM(K45:K45) -> 61131.81 | L46: =SourceП1!U28 -> 80.64 | O46: =G46 -> 8033.09 | P46: =J46 -> 61131.81 | Q46: =L46 -> 80.64 | W46: =IF(SourceП1!BI28<=1,H40+H41+H42+H43, 0) -> 0 | X46: =IF(SourceП1!BI28=2,H40+H41+H42+H43, 0) -> 2440.03 | Y46: =IF(SourceП1!BI28=3,H40+H41+H42+H43, 0) -> 0 | Z46: =IF(SourceП1!BI28=4,H40+H41+H42+H43, 0) -> 0
A47: =SourceП1!E30 -> 3 | B47: =SourceП1!F30 -> м10-01-039-06 | C47: =SourceП1!G30 -> Извещатель пожарный ручной адресный | D47: =SourceП1!H30 -> ШТ | E47: =SourceП1!I30 -> 5 | F47: =SourceП1!AL30+SourceП1!AM30+SourceП1!AO30 -> 17.4 | I47: =SourceП1!BO30 | S47: =ROUND((SourceП1!FX30/100)*((ROUND(SourceП1!AF30*SourceП1!I30, 2)+ROUND(SourceП1!AE30*SourceП1!I30, 2))), 2) -> 68.24 | T47: =SourceП1!X30 -> 519.3 | U47: =ROUND((SourceП1!FY30/100)*((ROUND(SourceП1!AF30*SourceП1!I30, 2)+ROUND(SourceП1!AE30*SourceП1!I30, 2))), 2) -> 51.18 | V47: =SourceП1!Y30 -> 389.48
C48: Зарплата | F48: =SourceП1!AO30 -> 17.06 | G48: =SourceП1!DG30 | H48: =ROUND(SourceП1!AF30*SourceП1!I30, 2) -> 85.3 | J48: =IF(SourceП1!BA30<> 0, SourceП1!BA30, 1) -> 7.61 | K48: =SourceП1!S30 -> 649.13 | R48: =H48 -> 85.3
C49: Материальные ресурсы | F49: =SourceП1!AL30 -> 0.34 | G49: =SourceП1!DD30 | H49: =ROUND(SourceП1!AC30*SourceП1!I30, 2) -> 1.7 | J49: =IF(SourceП1!BC30<> 0, SourceП1!BC30, 1) -> 7.61 | K49: =SourceП1!P30 -> 12.94
C50: НР от ФОТ | D50: % | E50: =SourceП1!BZ30 -> 80 | H50: =SUM(S47:S53) -> 68.24 | J50: =SourceП1!AT30 -> 80 | K50: =SUM(T47:T53) -> 519.3
C51: СП от ФОТ | D51: % | E51: =SourceП1!CA30 -> 60 | H51: =SUM(U47:U53) -> 51.18 | J51: =SourceП1!AU30 -> 60 | K51: =SUM(V47:V53) -> 389.48
C52: Затраты труда | D52: чел-ч | E52: =SourceП1!AQ30 -> 2 | G52: =SourceП1!DI30 | L52: =SourceП1!U30 -> 10
A53: =SourceП1!E31 -> 3,1 | B53: =SourceП1!F31 -> 61.2.02.03-0023 | C53: =SourceП1!G31 -> Извещатель пожарный ручной ИПР-513-АМ | D53: =SourceП1!H31 -> 10 шт. | E53: =SourceП1!I31 -> 0.5 | F53: =SourceП1!AL31+SourceП1!AM31+SourceП1!AO31 -> 289.65 | H53: =ROUND(SourceП1!AC31*SourceП1!I31, 2)+ROUND(SourceП1!AD31*SourceП1!I31, 2)+ROUND(SourceП1!AF31*SourceП1!I31, 2) -> 144.83 | J53: =IF(SourceП1!BC31<> 0, SourceП1!BC31, 1) -> 7.61 | K53: =SourceП1!O31 -> 1102.12 | S53: =ROUND((SourceП1!FX31/100)*((ROUND(SourceП1!AF31*SourceП1!I31, 2)+ROUND(SourceП1!AE31*SourceП1!I31, 2))), 2) -> 0 | T53: =SourceП1!X31 -> 0 | U53: =ROUND((SourceП1!FY31/100)*((ROUND(SourceП1!AF31*SourceП1!I31, 2)+ROUND(SourceП1!AE31*SourceП1!I31, 2))), 2) -> 0 | V53: =SourceП1!Y31 -> 0 | W53: =IF(SourceП1!BI31<=1,H53, 0) -> 0 | X53: =IF(SourceП1!BI31=2,H53, 0) -> 144.83 | Y53: =IF(SourceП1!BI31=3,H53, 0) -> 0 | Z53: =IF(SourceП1!BI31=4,H53, 0) -> 0
G54: =H48+H49+H50+H51+SUM(H53:H53) -> 351.25 | J54: =K48+K49+K50+K51+SUM(K53:K53) -> 2672.97 | L54: =SourceП1!U30 -> 10 | O54: =G54 -> 351.25 | P54: =J54 -> 2672.97 | Q54: =L54 -> 10 | W54: =IF(SourceП1!BI30<=1,H48+H49+H50+H51, 0) -> 0 | X54: =IF(SourceП1!BI30=2,H48+H49+H50+H51, 0) -> 206.42 | Y54: =IF(SourceП1!BI30=3,H48+H49+H50+H51, 0) -> 0 | Z54: =IF(SourceП1!BI30=4,H48+H49+H50+H51, 0) -> 0
A55: =SourceП1!E32 -> 4 | B55: =SourceП1!F32 -> м08-03-593-10 | C55: =SourceП1!G32 -> Световые настенные указатели | D55: =SourceП1!H32 -> 100 ШТ | E55: =SourceП1!I32 -> 0.04 | F55: =SourceП1!AL32+SourceП1!AM32+SourceП1!AO32 -> 1335.26 | I55: =SourceП1!BO32 | S55: =ROUND((SourceП1!FX32/100)*((ROUND(SourceП1!AF32*SourceП1!I32, 2)+ROUND(SourceП1!AE32*SourceП1!I32, 2))), 2) -> 29.8 | T55: =SourceП1!X32 -> 226.82 | U55: =ROUND((SourceП1!FY32/100)*((ROUND(SourceП1!AF32*SourceП1!I32, 2)+ROUND(SourceП1!AE32*SourceП1!I32, 2))), 2) -> 20.39 | V55: =SourceП1!Y32 -> 155.19
C56: Зарплата | F56: =SourceП1!AO32 -> 779.32 | G56: =SourceП1!DG32 | H56: =ROUND(SourceП1!AF32*SourceП1!I32, 2) -> 31.17 | J56: =IF(SourceП1!BA32<> 0, SourceП1!BA32, 1) -> 7.61 | K56: =SourceП1!S32 -> 237.23 | R56: =H56 -> 31.17
C57: Эксплуатация машин | F57: =SourceП1!AM32 -> 35.54 | G57: =SourceП1!DE32 | H57: =ROUND(SourceП1!AD32*SourceП1!I32, 2) -> 1.42 | J57: =IF(SourceП1!BB32<> 0, SourceП1!BB32, 1) -> 7.61 | K57: =SourceП1!Q32 -> 10.82
C58: в т.ч. зарплата машинистов | F58: =SourceП1!AN32 -> 5.02 | G58: =SourceП1!DF32 | H58: =ROUND(SourceП1!AE32*SourceП1!I32, 2) -> 0.2 | J58: =IF(SourceП1!BS32<> 0, SourceП1!BS32, 1) -> 7.61 | K58: =SourceП1!R32 -> 1.53 | R58: =H58 -> 0.2
C59: Материальные ресурсы | F59: =SourceП1!AL32 -> 520.4 | G59: =SourceП1!DD32 | H59: =ROUND(SourceП1!AC32*SourceП1!I32, 2) -> 20.82 | J59: =IF(SourceП1!BC32<> 0, SourceП1!BC32, 1) -> 7.61 | K59: =SourceП1!P32 -> 158.41
C60: НР от ФОТ | D60: % | E60: =SourceП1!BZ32 -> 95 | H60: =SUM(S55:S63) -> 29.8 | J60: =SourceП1!AT32 -> 95 | K60: =SUM(T55:T63) -> 226.82
C61: СП от ФОТ | D61: % | E61: =SourceП1!CA32 -> 65 | H61: =SUM(U55:U63) -> 20.39 | J61: =SourceП1!AU32 -> 65 | K61: =SUM(V55:V63) -> 155.19
C62: Затраты труда | D62: чел-ч | E62: =SourceП1!AQ32 -> 78.56 | G62: =SourceП1!DI32 | L62: =SourceП1!U32 -> 3.1424
A63: =SourceП1!E33 -> 4,1 | B63: =SourceП1!F33 -> 61.2.04.07-0008 | C63: =SourceП1!G33 -> Оповещатель световой МОЛНИЯ-12 ВЫХОД | D63: =SourceП1!H33 -> шт. | E63: =SourceП1!I33 -> 4 | F63: =SourceП1!AL33+SourceП1!AM33+SourceП1!AO33 -> 38.38 | H63: =ROUND(SourceП1!AC33*SourceП1!I33, 2)+ROUND(SourceП1!AD33*SourceП1!I33, 2)+ROUND(SourceП1!AF33*SourceП1!I33, 2) -> 153.52 | J63: =IF(SourceП1!BC33<> 0, SourceП1!BC33, 1) -> 7.61 | K63: =SourceП1!O33 -> 1168.29 | S63: =ROUND((SourceП1!FX33/100)*((ROUND(SourceП1!AF33*SourceП1!I33, 2)+ROUND(SourceП1!AE33*SourceП1!I33, 2))), 2) -> 0 | T63: =SourceП1!X33 -> 0 | U63: =ROUND((SourceП1!FY33/100)*((ROUND(SourceП1!AF33*SourceП1!I33, 2)+ROUND(SourceП1!AE33*SourceП1!I33, 2))), 2) -> 0 | V63: =SourceП1!Y33 -> 0 | W63: =IF(SourceП1!BI33<=1,H63, 0) -> 0 | X63: =IF(SourceП1!BI33=2,H63, 0) -> 153.52 | Y63: =IF(SourceП1!BI33=3,H63, 0) -> 0 | Z63: =IF(SourceП1!BI33=4,H63, 0) -> 0
G64: =H56+H57+H59+H60+H61+SUM(H63:H63) -> 257.12 | J64: =K56+K57+K59+K60+K61+SUM(K63:K63) -> 1956.76 | L64: =SourceП1!U32 -> 3.1424 | O64: =G64 -> 257.12 | P64: =J64 -> 1956.76 | Q64: =L64 -> 3.1424 | W64: =IF(SourceП1!BI32<=1,H56+H57+H59+H60+H61, 0) -> 0 | X64: =IF(SourceП1!BI32=2,H56+H57+H59+H60+H61, 0) -> 103.6 | Y64: =IF(SourceП1!BI32=3,H56+H57+H59+H60+H61, 0) -> 0 | Z64: =IF(SourceП1!BI32=4,H56+H57+H59+H60+H61, 0) -> 0
A65: =SourceП1!E34 -> 5 | B65: =SourceП1!F34 -> м08-03-572-05 | C65: =SourceП1!G34 -> Блок управления шкафного исполнения или распределительный пункт (шкаф), устанавливаемый на стене, высота и ширина до 1700х1100 мм | D65: =SourceП1!H34 -> ШТ | E65: =SourceП1!I34 -> 1 | F65: =SourceП1!AL34+SourceП1!AM34+SourceП1!AO34 -> 455.82 | I65: =SourceП1!BO34 | S65: =ROUND((SourceП1!FX34/100)*((ROUND(SourceП1!AF34*SourceП1!I34, 2)+ROUND(SourceП1!AE34*SourceП1!I34, 2))), 2) -> 40.76 | T65: =SourceП1!X34 -> 310.22 | U65: =ROUND((SourceП1!FY34/100)*((ROUND(SourceП1!AF34*SourceП1!I34, 2)+ROUND(SourceП1!AE34*SourceП1!I34, 2))), 2) -> 27.89 | V65: =SourceП1!Y34 -> 212.26
C66: Зарплата | F66: =SourceП1!AO34 -> 34.62 | G66: =SourceП1!DG34 | H66: =ROUND(SourceП1!AF34*SourceП1!I34, 2) -> 34.62 | J66: =IF(SourceП1!BA34<> 0, SourceП1!BA34, 1) -> 7.61 | K66: =SourceП1!S34 -> 263.46 | R66: =H66 -> 34.62
C67: Эксплуатация машин | F67: =SourceП1!AM34 -> 69.09 | G67: =SourceП1!DE34 | H67: =ROUND(SourceП1!AD34*SourceП1!I34, 2) -> 69.09 | J67: =IF(SourceП1!BB34<> 0, SourceП1!BB34, 1) -> 7.61 | K67: =SourceП1!Q34 -> 525.77
C68: в т.ч. зарплата машинистов | F68: =SourceП1!AN34 -> 8.29 | G68: =SourceП1!DF34 | H68: =ROUND(SourceП1!AE34*SourceП1!I34, 2) -> 8.29 | J68: =IF(SourceП1!BS34<> 0, SourceП1!BS34, 1) -> 7.61 | K68: =SourceП1!R34 -> 63.09 | R68: =H68 -> 8.29
C69: Материальные ресурсы | F69: =SourceП1!AL34 -> 352.11 | G69: =SourceП1!DD34 | H69: =ROUND(SourceП1!AC34*SourceП1!I34, 2) -> 352.11 | J69: =IF(SourceП1!BC34<> 0, SourceП1!BC34, 1) -> 7.61 | K69: =SourceП1!P34 -> 2679.56
C70: НР от ФОТ | D70: % | E70: =SourceП1!BZ34 -> 95 | H70: =SUM(S65:S73) -> 40.76 | J70: =SourceП1!AT34 -> 95 | K70: =SUM(T65:T73) -> 310.22
C71: СП от ФОТ | D71: % | E71: =SourceП1!CA34 -> 65 | H71: =SUM(U65:U73) -> 27.89 | J71: =SourceП1!AU34 -> 65 | K71: =SUM(V65:V73) -> 212.26
C72: Затраты труда | D72: чел-ч | E72: =SourceП1!AQ34 -> 3.49 | G72: =SourceП1!DI34 | L72: =SourceП1!U34 -> 3.49
A73: =SourceП1!E35 -> 5,1 | B73: =SourceП1!F35 -> Прайс-лист ООО ТРИОН | C73: Шкаф электромонтажный ШЭМ-004 Базисная стоимость: 149,22 = [1 340 / 1,18 / 7,61] | D73: =SourceП1!H35 -> ШТ | E73: =SourceП1!I35 -> 1 | F73: =SourceП1!AL35+SourceП1!AM35+SourceП1!AO35 -> 149.22 | H73: =ROUND(SourceП1!AC35*SourceП1!I35, 2)+ROUND(SourceП1!AD35*SourceП1!I35, 2)+ROUND(SourceП1!AF35*SourceП1!I35, 2) -> 149.22 | J73: =IF(SourceП1!BC35<> 0, SourceП1!BC35, 1) -> 7.61 | K73: =SourceП1!O35 -> 1135.56 | S73: =ROUND((SourceП1!FX35/100)*((ROUND(SourceП1!AF35*SourceП1!I35, 2)+ROUND(SourceП1!AE35*SourceП1!I35, 2))), 2) -> 0 | T73: =SourceП1!X35 -> 0 | U73: =ROUND((SourceП1!FY35/100)*((ROUND(SourceП1!AF35*SourceП1!I35, 2)+ROUND(SourceП1!AE35*SourceП1!I35, 2))), 2) -> 0 | V73: =SourceП1!Y35 -> 0 | W73: =IF(SourceП1!BI35<=1,H73, 0) -> 0 | X73: =IF(SourceП1!BI35=2,H73, 0) -> 149.22 | Y73: =IF(SourceП1!BI35=3,H73, 0) -> 0 | Z73: =IF(SourceП1!BI35=4,H73, 0) -> 0
G74: =H66+H67+H69+H70+H71+SUM(H73:H73) -> 673.69 | J74: =K66+K67+K69+K70+K71+SUM(K73:K73) -> 5126.83 | L74: =SourceП1!U34 -> 3.49 | O74: =G74 -> 673.69 | P74: =J74 -> 5126.83 | Q74: =L74 -> 3.49 | W74: =IF(SourceП1!BI34<=1,H66+H67+H69+H70+H71, 0) -> 0 | X74: =IF(SourceП1!BI34=2,H66+H67+H69+H70+H71, 0) -> 524.47 | Y74: =IF(SourceП1!BI34=3,H66+H67+H69+H70+H71, 0) -> 0 | Z74: =IF(SourceП1!BI34=4,H66+H67+H69+H70+H71, 0) -> 0
A75: =SourceП1!E36 -> 6 | B75: =SourceП1!F36 -> м10-04-101-07 | C75: =SourceП1!G36 -> Громкоговоритель или звуковая колонка в помещении | D75: =SourceП1!H36 -> ШТ | E75: =SourceП1!I36 -> 37 | F75: =SourceП1!AL36+SourceП1!AM36+SourceП1!AO36 -> 30.77 | I75: =SourceП1!BO36 | S75: =ROUND((SourceП1!FX36/100)*((ROUND(SourceП1!AF36*SourceП1!I36, 2)+ROUND(SourceП1!AE36*SourceП1!I36, 2))), 2) -> 617.49 | T75: =SourceП1!X36 -> 4699.07 | U75: =ROUND((SourceП1!FY36/100)*((ROUND(SourceП1!AF36*SourceП1!I36, 2)+ROUND(SourceП1!AE36*SourceП1!I36, 2))), 2) -> 436.27 | V75: =SourceП1!Y36 -> 3319.99
C76: Зарплата | F76: =SourceП1!AO36 -> 18.14 | G76: =SourceП1!DG36 | H76: =ROUND(SourceП1!AF36*SourceП1!I36, 2) -> 671.18 | J76: =IF(SourceП1!BA36<> 0, SourceП1!BA36, 1) -> 7.61 | K76: =SourceП1!S36 -> 5107.68 | R76: =H76 -> 671.18
C77: Материальные ресурсы | F77: =SourceП1!AL36 -> 12.63 | G77: =SourceП1!DD36 | H77: =ROUND(SourceП1!AC36*SourceП1!I36, 2) -> 467.31 | J77: =IF(SourceП1!BC36<> 0, SourceП1!BC36, 1) -> 7.61 | K77: =SourceП1!P36 -> 3556.23
C78: НР от ФОТ | D78: % | E78: =SourceП1!BZ36 -> 92 | H78: =SUM(S75:S81) -> 617.49 | J78: =SourceП1!AT36 -> 92 | K78: =SUM(T75:T81) -> 4699.07
C79: СП от ФОТ | D79: % | E79: =SourceП1!CA36 -> 65 | H79: =SUM(U75:U81) -> 436.27 | J79: =SourceП1!AU36 -> 65 | K79: =SUM(V75:V81) -> 3319.99
C80: Затраты труда | D80: чел-ч | E80: =SourceП1!AQ36 -> 2 | G80: =SourceП1!DI36 | L80: =SourceП1!U36 -> 74
A81: =SourceП1!E37 -> 6,1 | B81: =SourceП1!F37 -> Прайс-лист ТД Видеоглаз | C81: Громкоговоритель настенный белый,80-20.000Гц,93дб,100В,6/3/1,5 LPA-6W Базисная стоимость: 146,55 = [1 316 / 1,18 / 7,61] | D81: =SourceП1!H37 -> ШТ | E81: =SourceП1!I37 -> 37 | F81: =SourceП1!AL37+SourceП1!AM37+SourceП1!AO37 -> 146.55 | H81: =ROUND(SourceП1!AC37*SourceП1!I37, 2)+ROUND(SourceП1!AD37*SourceП1!I37, 2)+ROUND(SourceП1!AF37*SourceП1!I37, 2) -> 5422.35 | J81: =IF(SourceП1!BC37<> 0, SourceП1!BC37, 1) -> 7.61 | K81: =SourceП1!O37 -> 41264.08 | S81: =ROUND((SourceП1!FX37/100)*((ROUND(SourceП1!AF37*SourceП1!I37, 2)+ROUND(SourceП1!AE37*SourceП1!I37, 2))), 2) -> 0 | T81: =SourceП1!X37 -> 0 | U81: =ROUND((SourceП1!FY37/100)*((ROUND(SourceП1!AF37*SourceП1!I37, 2)+ROUND(SourceП1!AE37*SourceП1!I37, 2))), 2) -> 0 | V81: =SourceП1!Y37 -> 0 | W81: =IF(SourceП1!BI37<=1,H81, 0) -> 0 | X81: =IF(SourceП1!BI37=2,H81, 0) -> 5422.35 | Y81: =IF(SourceП1!BI37=3,H81, 0) -> 0 | Z81: =IF(SourceП1!BI37=4,H81, 0) -> 0
G82: =H76+H77+H78+H79+SUM(H81:H81) -> 7614.6 | J82: =K76+K77+K78+K79+SUM(K81:K81) -> 57947.05 | L82: =SourceП1!U36 -> 74 | O82: =G82 -> 7614.6 | P82: =J82 -> 57947.05 | Q82: =L82 -> 74 | W82: =IF(SourceП1!BI36<=1,H76+H77+H78+H79, 0) -> 0 | X82: =IF(SourceП1!BI36=2,H76+H77+H78+H79, 0) -> 2192.25 | Y82: =IF(SourceП1!BI36=3,H76+H77+H78+H79, 0) -> 0 | Z82: =IF(SourceП1!BI36=4,H76+H77+H78+H79, 0) -> 0
A83: =SourceП1!E38 -> 7 | B83: =SourceП1!F38 -> м08-01-121-01 | C83: =SourceП1!G38 -> Аккумулятор стационарный | D83: =SourceП1!H38 -> ШТ | E83: =SourceП1!I38 -> 5 | F83: =SourceП1!AL38+SourceП1!AM38+SourceП1!AO38 -> 40.47 | I83: =SourceП1!BO38 | S83: =ROUND((SourceП1!FX38/100)*((ROUND(SourceП1!AF38*SourceП1!I38, 2)+ROUND(SourceП1!AE38*SourceП1!I38, 2))), 2) -> 94.15 | T83: =SourceП1!X38 -> 716.44 | U83: =ROUND((SourceП1!FY38/100)*((ROUND(SourceП1!AF38*SourceП1!I38, 2)+ROUND(SourceП1!AE38*SourceП1!I38, 2))), 2) -> 64.42 | V83: =SourceП1!Y38 -> 490.2
C84: Зарплата | F84: =SourceП1!AO38 -> 19.82 | G84: =SourceП1!DG38 | H84: =ROUND(SourceП1!AF38*SourceП1!I38, 2) -> 99.1 | J84: =IF(SourceП1!BA38<> 0, SourceП1!BA38, 1) -> 7.61 | K84: =SourceП1!S38 -> 754.15 | R84: =H84 -> 99.1
C85: Материальные ресурсы | F85: =SourceП1!AL38 -> 20.65 | G85: =SourceП1!DD38 | H85: =ROUND(SourceП1!AC38*SourceП1!I38, 2) -> 103.25 | J85: =IF(SourceП1!BC38<> 0, SourceП1!BC38, 1) -> 7.61 | K85: =SourceП1!P38 -> 785.73
C86: НР от ФОТ | D86: % | E86: =SourceП1!BZ38 -> 95 | H86: =SUM(S83:S89) -> 94.15 | J86: =SourceП1!AT38 -> 95 | K86: =SUM(T83:T89) -> 716.44
C87: СП от ФОТ | D87: % | E87: =SourceП1!CA38 -> 65 | H87: =SUM(U83:U89) -> 64.42 | J87: =SourceП1!AU38 -> 65 | K87: =SUM(V83:V89) -> 490.2
C88: Затраты труда | D88: чел-ч | E88: =SourceП1!AQ38 -> 2.06 | G88: =SourceП1!DI38 | L88: =SourceП1!U38 -> 10.3
A89: =SourceП1!E39 -> 7,1 | B89: =SourceП1!F39 -> 62.4.01.01-0004 | C89: =SourceП1!G39 -> Батарея аккумуляторная АКБ-7 12В/7 А/ч | D89: =SourceП1!H39 -> шт. | E89: =SourceП1!I39 -> 5 | F89: =SourceП1!AL39+SourceП1!AM39+SourceП1!AO39 -> 77.5 | H89: =ROUND(SourceП1!AC39*SourceП1!I39, 2)+ROUND(SourceП1!AD39*SourceП1!I39, 2)+ROUND(SourceП1!AF39*SourceП1!I39, 2) -> 387.5 | J89: =IF(SourceП1!BC39<> 0, SourceП1!BC39, 1) -> 7.61 | K89: =SourceП1!O39 -> 2948.88 | S89: =ROUND((SourceП1!FX39/100)*((ROUND(SourceП1!AF39*SourceП1!I39, 2)+ROUND(SourceП1!AE39*SourceП1!I39, 2))), 2) -> 0 | T89: =SourceП1!X39 -> 0 | U89: =ROUND((SourceП1!FY39/100)*((ROUND(SourceП1!AF39*SourceП1!I39, 2)+ROUND(SourceП1!AE39*SourceП1!I39, 2))), 2) -> 0 | V89: =SourceП1!Y39 -> 0 | W89: =IF(SourceП1!BI39<=1,H89, 0) -> 0 | X89: =IF(SourceП1!BI39=2,H89, 0) -> 387.5 | Y89: =IF(SourceП1!BI39=3,H89, 0) -> 0 | Z89: =IF(SourceП1!BI39=4,H89, 0) -> 0
G90: =H84+H85+H86+H87+SUM(H89:H89) -> 748.42 | J90: =K84+K85+K86+K87+SUM(K89:K89) -> 5695.4 | L90: =SourceП1!U38 -> 10.3 | O90: =G90 -> 748.42 | P90: =J90 -> 5695.4 | Q90: =L90 -> 10.3 | W90: =IF(SourceП1!BI38<=1,H84+H85+H86+H87, 0) -> 0 | X90: =IF(SourceП1!BI38=2,H84+H85+H86+H87, 0) -> 360.92 | Y90: =IF(SourceП1!BI38=3,H84+H85+H86+H87, 0) -> 0 | Z90: =IF(SourceП1!BI38=4,H84+H85+H86+H87, 0) -> 0
A91: =SourceП1!E40 -> 8 | B91: =SourceП1!F40 -> м08-02-370-02 | C91: =SourceП1!G40 -> Щиток до трех групп, устанавливаемый в нише цоколя | D91: =SourceП1!H40 -> ШТ | E91: =SourceП1!I40 -> 1 | F91: =SourceП1!AL40+SourceП1!AM40+SourceП1!AO40 -> 33.42 | I91: =SourceП1!BO40 | S91: =ROUND((SourceП1!FX40/100)*((ROUND(SourceП1!AF40*SourceП1!I40, 2)+ROUND(SourceП1!AE40*SourceП1!I40, 2))), 2) -> 11.36 | T91: =SourceП1!X40 -> 86.46 | U91: =ROUND((SourceП1!FY40/100)*((ROUND(SourceП1!AF40*SourceП1!I40, 2)+ROUND(SourceП1!AE40*SourceП1!I40, 2))), 2) -> 7.77 | V91: =SourceП1!Y40 -> 59.16
C92: Зарплата | F92: =SourceП1!AO40 -> 9.45 | G92: =SourceП1!DG40 | H92: =ROUND(SourceП1!AF40*SourceП1!I40, 2) -> 9.45 | J92: =IF(SourceП1!BA40<> 0, SourceП1!BA40, 1) -> 7.61 | K92: =SourceП1!S40 -> 71.91 | R92: =H92 -> 9.45
C93: Эксплуатация машин | F93: =SourceП1!AM40 -> 17.77 | G93: =SourceП1!DE40 | H93: =ROUND(SourceП1!AD40*SourceП1!I40, 2) -> 17.77 | J93: =IF(SourceП1!BB40<> 0, SourceП1!BB40, 1) -> 7.61 | K93: =SourceП1!Q40 -> 135.23
C94: в т.ч. зарплата машинистов | F94: =SourceП1!AN40 -> 2.51 | G94: =SourceП1!DF40 | H94: =ROUND(SourceП1!AE40*SourceП1!I40, 2) -> 2.51 | J94: =IF(SourceП1!BS40<> 0, SourceП1!BS40, 1) -> 7.61 | K94: =SourceП1!R40 -> 19.1 | R94: =H94 -> 2.51
C95: Материальные ресурсы | F95: =SourceП1!AL40 -> 6.2 | G95: =SourceП1!DD40 | H95: =ROUND(SourceП1!AC40*SourceП1!I40, 2) -> 6.2 | J95: =IF(SourceП1!BC40<> 0, SourceП1!BC40, 1) -> 7.61 | K95: =SourceП1!P40 -> 47.18
C96: НР от ФОТ | D96: % | E96: =SourceП1!BZ40 -> 95 | H96: =SUM(S91:S99) -> 11.36 | J96: =SourceП1!AT40 -> 95 | K96: =SUM(T91:T99) -> 86.46
C97: СП от ФОТ | D97: % | E97: =SourceП1!CA40 -> 65 | H97: =SUM(U91:U99) -> 7.77 | J97: =SourceП1!AU40 -> 65 | K97: =SUM(V91:V99) -> 59.16
C98: Затраты труда | D98: чел-ч | E98: =SourceП1!AQ40 -> 0.9 | G98: =SourceП1!DI40 | L98: =SourceП1!U40 -> 0.9
A99: =SourceП1!E41 -> 8,1 | B99: =SourceП1!F41 -> 62.1.02.03-0003 | C99: =SourceП1!G41 -> Боксы модульные для автоматических выключателей наружной установки КМПн 2/2 | D99: =SourceП1!H41 -> 10 шт. | E99: =SourceП1!I41 -> 0.1 | F99: =SourceП1!AL41+SourceП1!AM41+SourceП1!AO41 -> 188.5 | H99: =ROUND(SourceП1!AC41*SourceП1!I41, 2)+ROUND(SourceП1!AD41*SourceП1!I41, 2)+ROUND(SourceП1!AF41*SourceП1!I41, 2) -> 18.85 | J99: =IF(SourceП1!BC41<> 0, SourceП1!BC41, 1) -> 7.61 | K99: =SourceП1!O41 -> 143.45 | S99: =ROUND((SourceП1!FX41/100)*((ROUND(SourceП1!AF41*SourceП1!I41, 2)+ROUND(SourceП1!AE41*SourceП1!I41, 2))), 2) -> 0 | T99: =SourceП1!X41 -> 0 | U99: =ROUND((SourceП1!FY41/100)*((ROUND(SourceП1!AF41*SourceП1!I41, 2)+ROUND(SourceП1!AE41*SourceП1!I41, 2))), 2) -> 0 | V99: =SourceП1!Y41 -> 0 | W99: =IF(SourceП1!BI41<=1,H99, 0) -> 0 | X99: =IF(SourceП1!BI41=2,H99, 0) -> 18.85 | Y99: =IF(SourceП1!BI41=3,H99, 0) -> 0 | Z99: =IF(SourceП1!BI41=4,H99, 0) -> 0
G100: =H92+H93+H95+H96+H97+SUM(H99:H99) -> 71.4 | J100: =K92+K93+K95+K96+K97+SUM(K99:K99) -> 543.39 | L100: =SourceП1!U40 -> 0.9 | O100: =G100 -> 71.4 | P100: =J100 -> 543.39 | Q100: =L100 -> 0.9 | W100: =IF(SourceП1!BI40<=1,H92+H93+H95+H96+H97, 0) -> 0 | X100: =IF(SourceП1!BI40=2,H92+H93+H95+H96+H97, 0) -> 52.55 | Y100: =IF(SourceП1!BI40=3,H92+H93+H95+H96+H97, 0) -> 0 | Z100: =IF(SourceП1!BI40=4,H92+H93+H95+H96+H97, 0) -> 0
A101: =SourceП1!E42 -> 9 | B101: =SourceП1!F42 -> м08-03-526-01 | C101: =SourceП1!G42 -> Автомат одно-, двух-, трехполюсный, устанавливаемый на конструкции на стене или колонне, на ток до 25 А | D101: =SourceП1!H42 -> ШТ | E101: =SourceП1!I42 -> 1 | F101: =SourceП1!AL42+SourceП1!AM42+SourceП1!AO42 -> 35.98 | I101: =SourceП1!BO42 | S101: =ROUND((SourceП1!FX42/100)*((ROUND(SourceП1!AF42*SourceП1!I42, 2)+ROUND(SourceП1!AE42*SourceП1!I42, 2))), 2) -> 14.1 | T101: =SourceП1!X42 -> 107.28 | U101: =ROUND((SourceП1!FY42/100)*((ROUND(SourceП1!AF42*SourceП1!I42, 2)+ROUND(SourceП1!AE42*SourceП1!I42, 2))), 2) -> 9.65 | V101: =SourceП1!Y42 -> 73.4
C102: Зарплата | F102: =SourceП1!AO42 -> 14.84 | G102: =SourceП1!DG42 | H102: =ROUND(SourceП1!AF42*SourceП1!I42, 2) -> 14.84 | J102: =IF(SourceП1!BA42<> 0, SourceП1!BA42, 1) -> 7.61 | K102: =SourceП1!S42 -> 112.93 | R102: =H102 -> 14.84
C103: Эксплуатация машин | F103: =SourceП1!AM42 -> 1.05 | G103: =SourceП1!DE42 | H103: =ROUND(SourceП1!AD42*SourceП1!I42, 2) -> 1.05 | J103: =IF(SourceП1!BB42<> 0, SourceП1!BB42, 1) -> 7.61 | K103: =SourceП1!Q42 -> 7.99
C104: Материальные ресурсы | F104: =SourceП1!AL42 -> 20.09 | G104: =SourceП1!DD42 | H104: =ROUND(SourceП1!AC42*SourceП1!I42, 2) -> 20.09 | J104: =IF(SourceП1!BC42<> 0, SourceП1!BC42, 1) -> 7.61 | K104: =SourceП1!P42 -> 152.88
C105: НР от ФОТ | D105: % | E105: =SourceП1!BZ42 -> 95 | H105: =SUM(S101:S108) -> 14.1 | J105: =SourceП1!AT42 -> 95 | K105: =SUM(T101:T108) -> 107.28
C106: СП от ФОТ | D106: % | E106: =SourceП1!CA42 -> 65 | H106: =SUM(U101:U108) -> 9.65 | J106: =SourceП1!AU42 -> 65 | K106: =SUM(V101:V108) -> 73.4
C107: Затраты труда | D107: чел-ч | E107: =SourceП1!AQ42 -> 1.56 | G107: =SourceП1!DI42 | L107: =SourceП1!U42 -> 1.56
A108: =SourceП1!E43 -> 9,1 | B108: =SourceП1!F43 -> 62.1.01.09-0004 | C108: =SourceП1!G43 -> Выключатели автоматические «IEK» ВА47-29 1Р 10А, характеристика С | D108: =SourceП1!H43 -> шт. | E108: =SourceП1!I43 -> 1 | F108: =SourceП1!AL43+SourceП1!AM43+SourceП1!AO43 -> 13.12 | H108: =ROUND(SourceП1!AC43*SourceП1!I43, 2)+ROUND(SourceП1!AD43*SourceП1!I43, 2)+ROUND(SourceП1!AF43*SourceП1!I43, 2) -> 13.12 | J108: =IF(SourceП1!BC43<> 0, SourceП1!BC43, 1) -> 7.61 | K108: =SourceП1!O43 -> 99.84 | S108: =ROUND((SourceП1!FX43/100)*((ROUND(SourceП1!AF43*SourceП1!I43, 2)+ROUND(SourceП1!AE43*SourceП1!I43, 2))), 2) -> 0 | T108: =SourceП1!X43 -> 0 | U108: =ROUND((SourceП1!FY43/100)*((ROUND(SourceП1!AF43*SourceП1!I43, 2)+ROUND(SourceП1!AE43*SourceП1!I43, 2))), 2) -> 0 | V108: =SourceП1!Y43 -> 0 | W108: =IF(SourceП1!BI43<=1,H108, 0) -> 0 | X108: =IF(SourceП1!BI43=2,H108, 0) -> 13.12 | Y108: =IF(SourceП1!BI43=3,H108, 0) -> 0 | Z108: =IF(SourceП1!BI43=4,H108, 0) -> 0
G109: =H102+H103+H104+H105+H106+SUM(H108:H108) -> 72.85 | J109: =K102+K103+K104+K105+K106+SUM(K108:K108) -> 554.32 | L109: =SourceП1!U42 -> 1.56 | O109: =G109 -> 72.85 | P109: =J109 -> 554.32 | Q109: =L109 -> 1.56 | W109: =IF(SourceП1!BI42<=1,H102+H103+H104+H105+H106, 0) -> 0 | X109: =IF(SourceП1!BI42=2,H102+H103+H104+H105+H106, 0) -> 59.73 | Y109: =IF(SourceП1!BI42=3,H102+H103+H104+H105+H106, 0) -> 0 | Z109: =IF(SourceП1!BI42=4,H102+H103+H104+H105+H106, 0) -> 0
A110: =SourceП1!E44 -> 10 | B110: =SourceП1!F44 -> м08-10-010-01 | C110: =SourceП1!G44 -> Прокладка труб гофрированных ПВХ для защиты проводов и кабелей | D110: =SourceП1!H44 -> 100 м | E110: =SourceП1!I44 -> 0.2 | F110: =SourceП1!AL44+SourceП1!AM44+SourceП1!AO44 -> 156.33 | I110: =SourceП1!BO44 | S110: =ROUND((SourceП1!FX44/100)*((ROUND(SourceП1!AF44*SourceП1!I44, 2)+ROUND(SourceП1!AE44*SourceП1!I44, 2))), 2) -> 26.51 | T110: =SourceП1!X44 -> 169.68 | U110: =ROUND((SourceП1!FY44/100)*((ROUND(SourceП1!AF44*SourceП1!I44, 2)+ROUND(SourceП1!AE44*SourceП1!I44, 2))), 2) -> 18.14 | V110: =SourceП1!Y44 -> 116.1
C111: Зарплата | F111: =SourceП1!AO44 -> 139.54 | G111: =SourceП1!DG44 | H111: =ROUND(SourceП1!AF44*SourceП1!I44, 2) -> 27.91 | J111: =IF(SourceП1!BA44<> 0, SourceП1!BA44, 1) -> 6.4 | K111: =SourceП1!S44 -> 178.61 | R111: =H111 -> 27.91
...

Sheet П2
H3: Приложение 2 к Форме 7
B10: СМЕТА
B11: =IF(SourceП2!G20<>"Новая локальная смета", SourceП2!G20, "")
B13: выполнение работ по монтажу комплекса систем пожарно безопасности в квартире № 3 в здании общежития НИЯУ МИФИ по адресу: 109263, г. Москва, ул. Шкулева, д. 27, стр. 2
G15: базовая цена | I15: текущая цена
C16: Сметная стоимость | G16: =SUM(O27:O213)/1000 -> 140.66178 | I16: =(SourceП2!F106/1000) -> 1263.1146 | K16: тыс. руб.
C17: Строительные работы | G17: =SUM(W27:W213)/1000 -> 0 | I17: =(SourceП2!F93)/1000 -> 0 | K17: тыс. руб.
C18: Монтажные работы | G18: =SUM(X27:X213)/1000 -> 140.66178 | I18: =(SourceП2!F94)/1000 -> 1070.4361 | K18: тыс. руб.
C19: Оборудование | G19: =SUM(Y27:Y213)/1000 -> 0 | I19: =(SourceП2!F85)/1000 -> 0 | K19: тыс. руб.
C20: Прочие работы | G20: =SUM(Z27:Z213)/1000 -> 0 | I20: =(SourceП2!F95+SourceП2!F96)/1000 -> 0 | K20: тыс. руб.
C21: Нормативная трудоемкость | G21: =I21 -> 1072.1201 | I21: =(SourceП2!F98+SourceП2!F99) -> 1072.1201 | K21: чел. -ч.
C22: Средства на оплату труда | G22: =SUM(R27:R213)/1000 -> 12.22597 | I22: =(SourceП2!F91+ SourceП2!F90)/1000 -> 93.03964 | K22: тыс. руб.
A24: Составлена в ценах III квартал 2017 года
A25: № п/п | B25: Шифр расценки и коды ресурсов | C25: Наименование работ и затрат | D25: Ед. изм. | E25: Кол-во единиц | F25: Цена на ед. изм. | G25: Попра-вочные коэфф. | H25: Стоимость в ценах 2001г. | I25: Пункт коэфф. пересчета | J25: Коэфф. пересчета | K25: Стоимость в текущих ценах | L25: ЗТР всего чел.-час
A26: 1 | B26: 2 | C26: 3 | D26: 4 | E26: 5 | F26: 6 | G26: 7 | H26: 8 | I26: 9 | J26: 10 | K26: 11 | L26: 12
A27: =SourceП2!E24 -> 1 | B27: =SourceП2!F24 -> м10-04-077-15 | C27: =SourceП2!G24 -> Монтаж пульта контроля и управления | D27: =SourceП2!H24 -> ШТ | E27: =SourceП2!I24 -> 1 | F27: =SourceП2!AL24+SourceП2!AM24+SourceП2!AO24 -> 1170.69 | I27: =SourceП2!BO24 | S27: =ROUND((SourceП2!FX24/100)*((ROUND(SourceП2!AF24*SourceП2!I24, 2)+ROUND(SourceП2!AE24*SourceП2!I24, 2))), 2) -> 690.15 | T27: =SourceП2!X24 -> 5252.02 | U27: =ROUND((SourceП2!FY24/100)*((ROUND(SourceП2!AF24*SourceП2!I24, 2)+ROUND(SourceП2!AE24*SourceП2!I24, 2))), 2) -> 487.6 | V27: =SourceП2!Y24 -> 3710.67
C28: Зарплата | F28: =SourceП2!AO24 -> 712.84 | G28: =SourceП2!DG24 | H28: =ROUND(SourceП2!AF24*SourceП2!I24, 2) -> 712.84 | J28: =IF(SourceП2!BA24<> 0, SourceП2!BA24, 1) -> 7.61 | K28: =SourceП2!S24 -> 5424.71 | R28: =H28 -> 712.84
C29: Эксплуатация машин | F29: =SourceП2!AM24 -> 333.86 | G29: =SourceП2!DE24 | H29: =ROUND(SourceП2!AD24*SourceП2!I24, 2) -> 333.86 | J29: =IF(SourceП2!BB24<> 0, SourceП2!BB24, 1) -> 7.61 | K29: =SourceП2!Q24 -> 2540.67
C30: в т.ч. зарплата машинистов | F30: =SourceП2!AN24 -> 37.32 | G30: =SourceП2!DF24 | H30: =ROUND(SourceП2!AE24*SourceП2!I24, 2) -> 37.32 | J30: =IF(SourceП2!BS24<> 0, SourceП2!BS24, 1) -> 7.61 | K30: =SourceП2!R24 -> 284.01 | R30: =H30 -> 37.32
C31: Материальные ресурсы | F31: =SourceП2!AL24 -> 123.99 | G31: =SourceП2!DD24 | H31: =ROUND(SourceП2!AC24*SourceП2!I24, 2) -> 123.99 | J31: =IF(SourceП2!BC24<> 0, SourceП2!BC24, 1) -> 7.61 | K31: =SourceП2!P24 -> 943.56
C32: НР от ФОТ | D32: % | E32: =SourceП2!BZ24 -> 92 | H32: =SUM(S27:S35) -> 690.15 | J32: =SourceП2!AT24 -> 92 | K32: =SUM(T27:T35) -> 5252.02
C33: СП от ФОТ | D33: % | E33: =SourceП2!CA24 -> 65 | H33: =SUM(U27:U35) -> 487.6 | J33: =SourceП2!AU24 -> 65 | K33: =SUM(V27:V35) -> 3710.67
C34: Затраты труда | D34: чел-ч | E34: =SourceП2!AQ24 -> 74.1 | G34: =SourceП2!DI24 | L34: =SourceП2!U24 -> 74.1
A35: =SourceП2!E25 -> 1,1 | B35: =SourceП2!F25 -> 61.2.04.10-0004 | C35: =SourceП2!G25 -> Пульт контроля и управления охранно-пожарный, марка "С2000- М" | D35: =SourceП2!H25 -> шт. | E35: =SourceП2!I25 -> 1 | F35: =SourceП2!AL25+SourceП2!AM25+SourceП2!AO25 -> 627.51 | H35: =ROUND(SourceП2!AC25*SourceП2!I25, 2)+ROUND(SourceП2!AD25*SourceП2!I25, 2)+ROUND(SourceП2!AF25*SourceП2!I25, 2) -> 627.51 | J35: =IF(SourceП2!BC25<> 0, SourceП2!BC25, 1) -> 7.61 | K35: =SourceП2!O25 -> 4775.35 | S35: =ROUND((SourceП2!FX25/100)*((ROUND(SourceП2!AF25*SourceП2!I25, 2)+ROUND(SourceП2!AE25*SourceП2!I25, 2))), 2) -> 0 | T35: =SourceП2!X25 -> 0 | U35: =ROUND((SourceП2!FY25/100)*((ROUND(SourceП2!AF25*SourceП2!I25, 2)+ROUND(SourceП2!AE25*SourceП2!I25, 2))), 2) -> 0 | V35: =SourceП2!Y25 -> 0 | W35: =IF(SourceП2!BI25<=1,H35, 0) -> 0 | X35: =IF(SourceП2!BI25=2,H35, 0) -> 627.51 | Y35: =IF(SourceП2!BI25=3,H35, 0) -> 0 | Z35: =IF(SourceП2!BI25=4,H35, 0) -> 0
G36: =H28+H29+H31+H32+H33+SUM(H35:H35) -> 2975.95 | J36: =K28+K29+K31+K32+K33+SUM(K35:K35) -> 22646.98 | L36: =SourceП2!U24 -> 74.1 | O36: =G36 -> 2975.95 | P36: =J36 -> 22646.98 | Q36: =L36 -> 74.1 | W36: =IF(SourceП2!BI24<=1,H28+H29+H31+H32+H33, 0) -> 0 | X36: =IF(SourceП2!BI24=2,H28+H29+H31+H32+H33, 0) -> 2348.44 | Y36: =IF(SourceП2!BI24=3,H28+H29+H31+H32+H33, 0) -> 0 | Z36: =IF(SourceП2!BI24=4,H28+H29+H31+H32+H33, 0) -> 0
A37: =SourceП2!E26 -> 2 | B37: =SourceП2!F26 -> м10-02-016-06 | C37: =SourceП2!G26 -> Установка контролера, блока сигнально-пускового,контрольно-пускового,блок индикации,блоки питания | D37: =SourceП2!H26 -> ШТ | E37: =SourceП2!I26 -> 8 | F37: =SourceП2!AL26+SourceП2!AM26+SourceП2!AO26 -> 199.95 | I37: =SourceП2!BO26 | S37: =ROUND((SourceП2!FX26/100)*((ROUND(SourceП2!AF26*SourceП2!I26, 2)+ROUND(SourceП2!AE26*SourceП2!I26, 2))), 2) -> 745.22 | T37: =SourceП2!X26 -> 5671.1 | U37: =ROUND((SourceП2!FY26/100)*((ROUND(SourceП2!AF26*SourceП2!I26, 2)+ROUND(SourceП2!AE26*SourceП2!I26, 2))), 2) -> 558.91 | V37: =SourceП2!Y26 -> 4253.32
C38: Зарплата | F38: =SourceП2!AO26 -> 112.01 | G38: =SourceП2!DG26 | H38: =ROUND(SourceП2!AF26*SourceП2!I26, 2) -> 896.08 | J38: =IF(SourceП2!BA26<> 0, SourceП2!BA26, 1) -> 7.61 | K38: =SourceП2!S26 -> 6819.17 | R38: =H38 -> 896.08
C39: Эксплуатация машин | F39: =SourceП2!AM26 -> 39.6 | G39: =SourceП2!DE26 | H39: =ROUND(SourceП2!AD26*SourceП2!I26, 2) -> 316.8 | J39: =IF(SourceП2!BB26<> 0, SourceП2!BB26, 1) -> 7.61 | K39: =SourceП2!Q26 -> 2410.85
C40: в т.ч. зарплата машинистов | F40: =SourceП2!AN26 -> 4.43 | G40: =SourceП2!DF26 | H40: =ROUND(SourceП2!AE26*SourceП2!I26, 2) -> 35.44 | J40: =IF(SourceП2!BS26<> 0, SourceП2!BS26, 1) -> 7.61 | K40: =SourceП2!R26 -> 269.7 | R40: =H40 -> 35.44
C41: Материальные ресурсы | F41: =SourceП2!AL26 -> 48.34 | G41: =SourceП2!DD26 | H41: =ROUND(SourceП2!AC26*SourceП2!I26, 2) -> 386.72 | J41: =IF(SourceП2!BC26<> 0, SourceП2!BC26, 1) -> 7.61 | K41: =SourceП2!P26 -> 2942.94
C42: НР от ФОТ | D42: % | E42: =SourceП2!BZ26 -> 80 | H42: =SUM(S37:S49) -> 745.22 | J42: =SourceП2!AT26 -> 80 | K42: =SUM(T37:T49) -> 5671.1
C43: СП от ФОТ | D43: % | E43: =SourceП2!CA26 -> 60 | H43: =SUM(U37:U49) -> 558.91 | J43: =SourceП2!AU26 -> 60 | K43: =SUM(V37:V49) -> 4253.32
C44: Затраты труда | D44: чел-ч | E44: =SourceП2!AQ26 -> 10.1 | G44: =SourceП2!DI26 | L44: =SourceП2!U26 -> 80.8
A45: =SourceП2!E27 -> 2,1 | B45: =SourceП2!F27 -> 61.2.07.04-0002 | C45: =SourceП2!G27 -> Контроллер двухпроводной линии связи, марка "С2000-КДЛ" | D45: =SourceП2!H27 -> шт. | E45: =SourceП2!I27 -> 1 | F45: =SourceП2!AL27+SourceП2!AM27+SourceП2!AO27 -> 175.63 | H45: =ROUND(SourceП2!AC27*SourceП2!I27, 2)+ROUND(SourceП2!AD27*SourceП2!I27, 2)+ROUND(SourceП2!AF27*SourceП2!I27, 2) -> 175.63 | J45: =IF(SourceП2!BC27<> 0, SourceП2!BC27, 1) -> 7.61 | K45: =SourceП2!O27 -> 1336.54 | S45: =ROUND((SourceП2!FX27/100)*((ROUND(SourceП2!AF27*SourceП2!I27, 2)+ROUND(SourceП2!AE27*SourceП2!I27, 2))), 2) -> 0 | T45: =SourceП2!X27 -> 0 | U45: =ROUND((SourceП2!FY27/100)*((ROUND(SourceП2!AF27*SourceП2!I27, 2)+ROUND(SourceП2!AE27*SourceП2!I27, 2))), 2) -> 0 | V45: =SourceП2!Y27 -> 0 | W45: =IF(SourceП2!BI27<=1,H45, 0) -> 0 | X45: =IF(SourceП2!BI27=2,H45, 0) -> 175.63 | Y45: =IF(SourceП2!BI27=3,H45, 0) -> 0 | Z45: =IF(SourceП2!BI27=4,H45, 0) -> 0
A46: =SourceП2!E28 -> 2,2 | B46: =SourceП2!F28 -> 61.2.07.02-0079 | C46: =SourceП2!G28 -> Блок сигнально-пусковой (релейный блок), марка "С2000-СП1" | D46: =SourceП2!H28 -> шт. | E46: =SourceП2!I28 -> 1 | F46: =SourceП2!AL28+SourceП2!AM28+SourceП2!AO28 -> 153.02 | H46: =ROUND(SourceП2!AC28*SourceП2!I28, 2)+ROUND(SourceП2!AD28*SourceП2!I28, 2)+ROUND(SourceП2!AF28*SourceП2!I28, 2) -> 153.02 | J46: =IF(SourceП2!BC28<> 0, SourceП2!BC28, 1) -> 7.61 | K46: =SourceП2!O28 -> 1164.48 | S46: =ROUND((SourceП2!FX28/100)*((ROUND(SourceП2!AF28*SourceП2!I28, 2)+ROUND(SourceП2!AE28*SourceП2!I28, 2))), 2) -> 0 | T46: =SourceП2!X28 -> 0 | U46: =ROUND((SourceП2!FY28/100)*((ROUND(SourceП2!AF28*SourceП2!I28, 2)+ROUND(SourceП2!AE28*SourceП2!I28, 2))), 2) -> 0 | V46: =SourceП2!Y28 -> 0 | W46: =IF(SourceП2!BI28<=1,H46, 0) -> 0 | X46: =IF(SourceП2!BI28=2,H46, 0) -> 153.02 | Y46: =IF(SourceП2!BI28=3,H46, 0) -> 0 | Z46: =IF(SourceП2!BI28=4,H46, 0) -> 0
A47: =SourceП2!E29 -> 2,3 | B47: =SourceП2!F29 -> 61.2.07.02-0034 | C47: =SourceП2!G29 -> Блок контрольно-пусковой, марка "С2000-КПБ" | D47: =SourceП2!H29 -> шт. | E47: =SourceП2!I29 -> 1 | F47: =SourceП2!AL29+SourceП2!AM29+SourceП2!AO29 -> 243.85 | H47: =ROUND(SourceП2!AC29*SourceП2!I29, 2)+ROUND(SourceП2!AD29*SourceП2!I29, 2)+ROUND(SourceП2!AF29*SourceП2!I29, 2) -> 243.85 | J47: =IF(SourceП2!BC29<> 0, SourceП2!BC29, 1) -> 7.61 | K47: =SourceП2!O29 -> 1855.7 | S47: =ROUND((SourceП2!FX29/100)*((ROUND(SourceП2!AF29*SourceП2!I29, 2)+ROUND(SourceП2!AE29*SourceП2!I29, 2))), 2) -> 0 | T47: =SourceП2!X29 -> 0 | U47: =ROUND((SourceП2!FY29/100)*((ROUND(SourceП2!AF29*SourceП2!I29, 2)+ROUND(SourceП2!AE29*SourceП2!I29, 2))), 2) -> 0 | V47: =SourceП2!Y29 -> 0 | W47: =IF(SourceП2!BI29<=1,H47, 0) -> 0 | X47: =IF(SourceП2!BI29=2,H47, 0) -> 243.85 | Y47: =IF(SourceП2!BI29=3,H47, 0) -> 0 | Z47: =IF(SourceП2!BI29=4,H47, 0) -> 0
A48: =SourceП2!E30 -> 2,4 | B48: =SourceП2!F30 -> 61.2.07.02-0030 | C48: =SourceП2!G30 -> Блок индикации, марка "С2000-БИ" | D48: =SourceП2!H30 -> шт. | E48: =SourceП2!I30 -> 4 | F48: =SourceП2!AL30+SourceП2!AM30+SourceП2!AO30 -> 473.91 | H48: =ROUND(SourceП2!AC30*SourceП2!I30, 2)+ROUND(SourceП2!AD30*SourceП2!I30, 2)+ROUND(SourceП2!AF30*SourceП2!I30, 2) -> 1895.64 | J48: =IF(SourceП2!BC30<> 0, SourceП2!BC30, 1) -> 7.61 | K48: =SourceП2!O30 -> 14425.82 | S48: =ROUND((SourceП2!FX30/100)*((ROUND(SourceП2!AF30*SourceП2!I30, 2)+ROUND(SourceП2!AE30*SourceП2!I30, 2))), 2) -> 0 | T48: =SourceП2!X30 -> 0 | U48: =ROUND((SourceП2!FY30/100)*((ROUND(SourceП2!AF30*SourceП2!I30, 2)+ROUND(SourceП2!AE30*SourceП2!I30, 2))), 2) -> 0 | V48: =SourceП2!Y30 -> 0 | W48: =IF(SourceП2!BI30<=1,H48, 0) -> 0 | X48: =IF(SourceП2!BI30=2,H48, 0) -> 1895.64 | Y48: =IF(SourceП2!BI30=3,H48, 0) -> 0 | Z48: =IF(SourceП2!BI30=4,H48, 0) -> 0
A49: =SourceП2!E31 -> 2,5 | B49: =SourceП2!F31 -> Прайс-лист Видеоглаз | C49: Блок основного и резервного питания системы LPA-EVA-BC Базисная стоимость: 6 494,58 = [58 320 / 1,18 / 7,61] | D49: =SourceП2!H31 -> ШТ | E49: =SourceП2!I31 -> 1 | F49: =SourceП2!AL31+SourceП2!AM31+SourceП2!AO31 -> 6494.58 | H49: =ROUND(SourceП2!AC31*SourceП2!I31, 2)+ROUND(SourceП2!AD31*SourceП2!I31, 2)+ROUND(SourceП2!AF31*SourceП2!I31, 2) -> 6494.58 | J49: =IF(SourceП2!BC31<> 0, SourceП2!BC31, 1) -> 7.61 | K49: =SourceП2!O31 -> 49423.75 | S49: =ROUND((SourceП2!FX31/100)*((ROUND(SourceП2!AF31*SourceП2!I31, 2)+ROUND(SourceП2!AE31*SourceП2!I31, 2))), 2) -> 0 | T49: =SourceП2!X31 -> 0 | U49: =ROUND((SourceП2!FY31/100)*((ROUND(SourceП2!AF31*SourceП2!I31, 2)+ROUND(SourceП2!AE31*SourceП2!I31, 2))), 2) -> 0 | V49: =SourceП2!Y31 -> 0 | W49: =IF(SourceП2!BI31<=1,H49, 0) -> 0 | X49: =IF(SourceП2!BI31=2,H49, 0) -> 6494.58 | Y49: =IF(SourceП2!BI31=3,H49, 0) -> 0 | Z49: =IF(SourceП2!BI31=4,H49, 0) -> 0
G50: =H38+H39+H41+H42+H43+SUM(H45:H49) -> 11866.45 | J50: =K38+K39+K41+K42+K43+SUM(K45:K49) -> 90303.67 | L50: =SourceП2!U26 -> 80.8 | O50: =G50 -> 11866.45 | P50: =J50 -> 90303.67 | Q50: =L50 -> 80.8 | W50: =IF(SourceП2!BI26<=1,H38+H39+H41+H42+H43, 0) -> 0 | X50: =IF(SourceП2!BI26=2,H38+H39+H41+H42+H43, 0) -> 2903.73 | Y50: =IF(SourceП2!BI26=3,H38+H39+H41+H42+H43, 0) -> 0 | Z50: =IF(SourceП2!BI26=4,H38+H39+H41+H42+H43, 0) -> 0
A51: =SourceП2!E32 -> 3 | B51: =SourceП2!F32 -> м10-08-002-03 | C51: =SourceП2!G32 -> Извещатель ПС автоматический тепловой, дымовой, световой во взрывозащищенном исполнении | D51: =SourceП2!H32 -> ШТ | E51: =SourceП2!I32 -> 54 | F51: =SourceП2!AL32+SourceП2!AM32+SourceП2!AO32 -> 23.03 | I51: =SourceП2!BO32 | S51: =ROUND((SourceП2!FX32/100)*((ROUND(SourceП2!AF32*SourceП2!I32, 2)+ROUND(SourceП2!AE32*SourceП2!I32, 2))), 2) -> 857.95 | T51: =SourceП2!X32 -> 6529.02 | U51: =ROUND((SourceП2!FY32/100)*((ROUND(SourceП2!AF32*SourceП2!I32, 2)+ROUND(SourceП2!AE32*SourceП2!I32, 2))), 2) -> 643.46 | V51: =SourceП2!Y32 -> 4896.76
C52: Зарплата | F52: =SourceП2!AO32 -> 19.86 | G52: =SourceП2!DG32 | H52: =ROUND(SourceП2!AF32*SourceП2!I32, 2) -> 1072.44 | J52: =IF(SourceП2!BA32<> 0, SourceП2!BA32, 1) -> 7.61 | K52: =SourceП2!S32 -> 8161.27 | R52: =H52 -> 1072.44
C53: Материальные ресурсы | F53: =SourceП2!AL32 -> 3.17 | G53: =SourceП2!DD32 | H53: =ROUND(SourceП2!AC32*SourceП2!I32, 2) -> 171.18 | J53: =IF(SourceП2!BC32<> 0, SourceП2!BC32, 1) -> 7.61 | K53: =SourceП2!P32 -> 1302.68
C54: НР от ФОТ | D54: % | E54: =SourceП2!BZ32 -> 80 | H54: =SUM(S51:S58) -> 857.95 | J54: =SourceП2!AT32 -> 80 | K54: =SUM(T51:T58) -> 6529.02
C55: СП от ФОТ | D55: % | E55: =SourceП2!CA32 -> 60 | H55: =SUM(U51:U58) -> 643.46 | J55: =SourceП2!AU32 -> 60 | K55: =SUM(V51:V58) -> 4896.76
C56: Затраты труда | D56: чел-ч | E56: =SourceП2!AQ32 -> 1.68 | G56: =SourceП2!DI32 | L56: =SourceП2!U32 -> 90.72
A57: =SourceП2!E33 -> 3,1 | B57: =SourceП2!F33 -> 61.2.02.01-0019 | C57: =SourceП2!G33 -> Извещатель пожарный дымовой ДИП-34А-03 | D57: =SourceП2!H33 -> 10 шт. | E57: =SourceП2!I33 -> 5.3 | F57: =SourceП2!AL33+SourceП2!AM33+SourceП2!AO33 -> 1165.22 | H57: =ROUND(SourceП2!AC33*SourceП2!I33, 2)+ROUND(SourceП2!AD33*SourceП2!I33, 2)+ROUND(SourceП2!AF33*SourceП2!I33, 2) -> 6175.67 | J57: =IF(SourceП2!BC33<> 0, SourceП2!BC33, 1) -> 7.61 | K57: =SourceП2!O33 -> 46996.82 | S57: =ROUND((SourceП2!FX33/100)*((ROUND(SourceП2!AF33*SourceП2!I33, 2)+ROUND(SourceП2!AE33*SourceП2!I33, 2))), 2) -> 0 | T57: =SourceП2!X33 -> 0 | U57: =ROUND((SourceП2!FY33/100)*((ROUND(SourceП2!AF33*SourceП2!I33, 2)+ROUND(SourceП2!AE33*SourceП2!I33, 2))), 2) -> 0 | V57: =SourceП2!Y33 -> 0 | W57: =IF(SourceП2!BI33<=1,H57, 0) -> 0 | X57: =IF(SourceП2!BI33=2,H57, 0) -> 6175.67 | Y57: =IF(SourceП2!BI33=3,H57, 0) -> 0 | Z57: =IF(SourceП2!BI33=4,H57, 0) -> 0
A58: =SourceП2!E34 -> 3,2 | B58: =SourceП2!F34 -> 61.2.02.02-0051 | C58: =SourceП2!G34 -> Извещатель пожарный тепловой максимально- дифференциальный адресно-аналоговый, марка "С2000-ИП-03" | D58: =SourceП2!H34 -> шт. | E58: =SourceП2!I34 -> 1 | F58: =SourceП2!AL34+SourceП2!AM34+SourceП2!AO34 -> 137.34 | H58: =ROUND(SourceП2!AC34*SourceП2!I34, 2)+ROUND(SourceП2!AD34*SourceП2!I34, 2)+ROUND(SourceП2!AF34*SourceП2!I34, 2) -> 137.34 | J58: =IF(SourceП2!BC34<> 0, SourceП2!BC34, 1) -> 7.61 | K58: =SourceП2!O34 -> 1045.16 | S58: =ROUND((SourceП2!FX34/100)*((ROUND(SourceП2!AF34*SourceП2!I34, 2)+ROUND(SourceП2!AE34*SourceП2!I34, 2))), 2) -> 0 | T58: =SourceП2!X34 -> 0 | U58: =ROUND((SourceП2!FY34/100)*((ROUND(SourceП2!AF34*SourceП2!I34, 2)+ROUND(SourceП2!AE34*SourceП2!I34, 2))), 2) -> 0 | V58: =SourceП2!Y34 -> 0 | W58: =IF(SourceП2!BI34<=1,H58, 0) -> 0 | X58: =IF(SourceП2!BI34=2,H58, 0) -> 137.34 | Y58: =IF(SourceП2!BI34=3,H58, 0) -> 0 | Z58: =IF(SourceП2!BI34=4,H58, 0) -> 0
G59: =H52+H53+H54+H55+SUM(H57:H58) -> 9058.04 | J59: =K52+K53+K54+K55+SUM(K57:K58) -> 68931.71 | L59: =SourceП2!U32 -> 90.72 | O59: =G59 -> 9058.04 | P59: =J59 -> 68931.71 | Q59: =L59 -> 90.72 | W59: =IF(SourceП2!BI32<=1,H52+H53+H54+H55, 0) -> 0 | X59: =IF(SourceП2!BI32=2,H52+H53+H54+H55, 0) -> 2745.03 | Y59: =IF(SourceП2!BI32=3,H52+H53+H54+H55, 0) -> 0 | Z59: =IF(SourceП2!BI32=4,H52+H53+H54+H55, 0) -> 0
A60: =SourceП2!E35 -> 4 | B60: =SourceП2!F35 -> м10-01-039-06 | C60: =SourceП2!G35 -> Извещатель пожарный ручной адресный | D60: =SourceП2!H35 -> ШТ | E60: =SourceП2!I35 -> 7 | F60: =SourceП2!AL35+SourceП2!AM35+SourceП2!AO35 -> 17.4 | I60: =SourceП2!BO35 | S60: =ROUND((SourceП2!FX35/100)*((ROUND(SourceП2!AF35*SourceП2!I35, 2)+ROUND(SourceП2!AE35*SourceП2!I35, 2))), 2) -> 95.54 | T60: =SourceП2!X35 -> 727.03 | U60: =ROUND((SourceП2!FY35/100)*((ROUND(SourceП2!AF35*SourceП2!I35, 2)+ROUND(SourceП2!AE35*SourceП2!I35, 2))), 2) -> 71.65 | V60: =SourceП2!Y35 -> 545.27
C61: Зарплата | F61: =SourceП2!AO35 -> 17.06 | G61: =SourceП2!DG35 | H61: =ROUND(SourceП2!AF35*SourceП2!I35, 2) -> 119.42 | J61: =IF(SourceП2!BA35<> 0, SourceП2!BA35, 1) -> 7.61 | K61: =SourceП2!S35 -> 908.79 | R61: =H61 -> 119.42
C62: Материальные ресурсы | F62: =SourceП2!AL35 -> 0.34 | G62: =SourceП2!DD35 | H62: =ROUND(SourceП2!AC35*SourceП2!I35, 2) -> 2.38 | J62: =IF(SourceП2!BC35<> 0, SourceП2!BC35, 1) -> 7.61 | K62: =SourceП2!P35 -> 18.11
C63: НР от ФОТ | D63: % | E63: =SourceП2!BZ35 -> 80 | H63: =SUM(S60:S66) -> 95.54 | J63: =SourceП2!AT35 -> 80 | K63: =SUM(T60:T66) -> 727.03
C64: СП от ФОТ | D64: % | E64: =SourceП2!CA35 -> 60 | H64: =SUM(U60:U66) -> 71.65 | J64: =SourceП2!AU35 -> 60 | K64: =SUM(V60:V66) -> 545.27
C65: Затраты труда | D65: чел-ч | E65: =SourceП2!AQ35 -> 2 | G65: =SourceП2!DI35 | L65: =SourceП2!U35 -> 14
A66: =SourceП2!E36 -> 4,1 | B66: =SourceП2!F36 -> 61.2.02.03-0023 | C66: =SourceП2!G36 -> Извещатель пожарный ручной ИПР-513-АМ | D66: =SourceП2!H36 -> 10 шт. | E66: =SourceП2!I36 -> 7 | F66: =SourceП2!AL36+SourceП2!AM36+SourceП2!AO36 -> 289.65 | H66: =ROUND(SourceП2!AC36*SourceП2!I36, 2)+ROUND(SourceП2!AD36*SourceП2!I36, 2)+ROUND(SourceП2!AF36*SourceП2!I36, 2) -> 2027.55 | J66: =IF(SourceП2!BC36<> 0, SourceП2!BC36, 1) -> 7.61 | K66: =SourceП2!O36 -> 15429.66 | S66: =ROUND((SourceП2!FX36/100)*((ROUND(SourceП2!AF36*SourceП2!I36, 2)+ROUND(SourceП2!AE36*SourceП2!I36, 2))), 2) -> 0 | T66: =SourceП2!X36 -> 0 | U66: =ROUND((SourceП2!FY36/100)*((ROUND(SourceП2!AF36*SourceП2!I36, 2)+ROUND(SourceП2!AE36*SourceП2!I36, 2))), 2) -> 0 | V66: =SourceП2!Y36 -> 0 | W66: =IF(SourceП2!BI36<=1,H66, 0) -> 0 | X66: =IF(SourceП2!BI36=2,H66, 0) -> 2027.55 | Y66: =IF(SourceП2!BI36=3,H66, 0) -> 0 | Z66: =IF(SourceП2!BI36=4,H66, 0) -> 0
G67: =H61+H62+H63+H64+SUM(H66:H66) -> 2316.54 | J67: =K61+K62+K63+K64+SUM(K66:K66) -> 17628.86 | L67: =SourceП2!U35 -> 14 | O67: =G67 -> 2316.54 | P67: =J67 -> 17628.86 | Q67: =L67 -> 14 | W67: =IF(SourceП2!BI35<=1,H61+H62+H63+H64, 0) -> 0 | X67: =IF(SourceП2!BI35=2,H61+H62+H63+H64, 0) -> 288.99 | Y67: =IF(SourceП2!BI35=3,H61+H62+H63+H64, 0) -> 0 | Z67: =IF(SourceП2!BI35=4,H61+H62+H63+H64, 0) -> 0
A68: =SourceП2!E37 -> 5 | B68: =SourceП2!F37 -> м08-03-593-10 | C68: =SourceП2!G37 -> Световые настенные указатели | D68: =SourceП2!H37 -> 100 ШТ | E68: =SourceП2!I37 -> 0.06 | F68: =SourceП2!AL37+SourceП2!AM37+SourceП2!AO37 -> 1335.26 | I68: =SourceП2!BO37 | S68: =ROUND((SourceП2!FX37/100)*((ROUND(SourceП2!AF37*SourceП2!I37, 2)+ROUND(SourceП2!AE37*SourceП2!I37, 2))), 2) -> 44.71 | T68: =SourceП2!X37 -> 340.22 | U68: =ROUND((SourceП2!FY37/100)*((ROUND(SourceП2!AF37*SourceП2!I37, 2)+ROUND(SourceП2!AE37*SourceП2!I37, 2))), 2) -> 30.59 | V68: =SourceП2!Y37 -> 232.78
C69: Зарплата | F69: =SourceП2!AO37 -> 779.32 | G69: =SourceП2!DG37 | H69: =ROUND(SourceП2!AF37*SourceП2!I37, 2) -> 46.76 | J69: =IF(SourceП2!BA37<> 0, SourceП2!BA37, 1) -> 7.61 | K69: =SourceП2!S37 -> 355.84 | R69: =H69 -> 46.76
C70: Эксплуатация машин | F70: =SourceП2!AM37 -> 35.54 | G70: =SourceП2!DE37 | H70: =ROUND(SourceП2!AD37*SourceП2!I37, 2) -> 2.13 | J70: =IF(SourceП2!BB37<> 0, SourceП2!BB37, 1) -> 7.61 | K70: =SourceП2!Q37 -> 16.23
C71: в т.ч. зарплата машинистов | F71: =SourceП2!AN37 -> 5.02 | G71: =SourceП2!DF37 | H71: =ROUND(SourceП2!AE37*SourceП2!I37, 2) -> 0.3 | J71: =IF(SourceП2!BS37<> 0, SourceП2!BS37, 1) -> 7.61 | K71: =SourceП2!R37 -> 2.29 | R71: =H71 -> 0.3
C72: Материальные ресурсы | F72: =SourceП2!AL37 -> 520.4 | G72: =SourceП2!DD37 | H72: =ROUND(SourceП2!AC37*SourceП2!I37, 2) -> 31.22 | J72: =IF(SourceП2!BC37<> 0, SourceП2!BC37, 1) -> 7.61 | K72: =SourceП2!P37 -> 237.61
C73: НР от ФОТ | D73: % | E73: =SourceП2!BZ37 -> 95 | H73: =SUM(S68:S76) -> 44.71 | J73: =SourceП2!AT37 -> 95 | K73: =SUM(T68:T76) -> 340.22
C74: СП от ФОТ | D74: % | E74: =SourceП2!CA37 -> 65 | H74: =SUM(U68:U76) -> 30.59 | J74: =SourceП2!AU37 -> 65 | K74: =SUM(V68:V76) -> 232.78
C75: Затраты труда | D75: чел-ч | E75: =SourceП2!AQ37 -> 78.56 | G75: =SourceП2!DI37 | L75: =SourceП2!U37 -> 4.7136
A76: =SourceП2!E38 -> 5,1 | B76: =SourceП2!F38 -> 61.2.04.07-0008 | C76: =SourceП2!G38 -> Оповещатель световой МОЛНИЯ-12 ВЫХОД | D76: =SourceП2!H38 -> шт. | E76: =SourceП2!I38 -> 6 | F76: =SourceП2!AL38+SourceП2!AM38+SourceП2!AO38 -> 38.38 | H76: =ROUND(SourceП2!AC38*SourceП2!I38, 2)+ROUND(SourceП2!AD38*SourceП2!I38, 2)+ROUND(SourceП2!AF38*SourceП2!I38, 2) -> 230.28 | J76: =IF(SourceП2!BC38<> 0, SourceП2!BC38, 1) -> 7.61 | K76: =SourceП2!O38 -> 1752.43 | S76: =ROUND((SourceП2!FX38/100)*((ROUND(SourceП2!AF38*SourceП2!I38, 2)+ROUND(SourceП2!AE38*SourceП2!I38, 2))), 2) -> 0 | T76: =SourceП2!X38 -> 0 | U76: =ROUND((SourceП2!FY38/100)*((ROUND(SourceП2!AF38*SourceП2!I38, 2)+ROUND(SourceП2!AE38*SourceП2!I38, 2))), 2) -> 0 | V76: =SourceП2!Y38 -> 0 | W76: =IF(SourceП2!BI38<=1,H76, 0) -> 0 | X76: =IF(SourceП2!BI38=2,H76, 0) -> 230.28 | Y76: =IF(SourceП2!BI38=3,H76, 0) -> 0 | Z76: =IF(SourceП2!BI38=4,H76, 0) -> 0
G77: =H69+H70+H72+H73+H74+SUM(H76:H76) -> 385.69 | J77: =K69+K70+K72+K73+K74+SUM(K76:K76) -> 2935.11 | L77: =SourceП2!U37 -> 4.7136 | O77: =G77 -> 385.69 | P77: =J77 -> 2935.11 | Q77: =L77 -> 4.7136 | W77: =IF(SourceП2!BI37<=1,H69+H70+H72+H73+H74, 0) -> 0 | X77: =IF(SourceП2!BI37=2,H69+H70+H72+H73+H74, 0) -> 155.41 | Y77: =IF(SourceП2!BI37=3,H69+H70+H72+H73+H74, 0) -> 0 | Z77: =IF(SourceП2!BI37=4,H69+H70+H72+H73+H74, 0) -> 0
A78: =SourceП2!E39 -> 6 | B78: =SourceП2!F39 -> м10-04-112-01 | C78: =SourceП2!G39 -> Шкаф связи и сигнализации на стене или в нише | D78: =SourceП2!H39 -> ШТ | E78: =SourceП2!I39 -> 1 | F78: =SourceП2!AL39+SourceП2!AM39+SourceП2!AO39 -> 65.94 | I78: =SourceП2!BO39 | S78: =ROUND((SourceП2!FX39/100)*((ROUND(SourceП2!AF39*SourceП2!I39, 2)+ROUND(SourceП2!AE39*SourceП2!I39, 2))), 2) -> 44.25 | T78: =SourceП2!X39 -> 336.76 | U78: =ROUND((SourceП2!FY39/100)*((ROUND(SourceП2!AF39*SourceП2!I39, 2)+ROUND(SourceП2!AE39*SourceП2!I39, 2))), 2) -> 31.27 | V78: =SourceП2!Y39 -> 237.93
C79: Зарплата | F79: =SourceП2!AO39 -> 48.1 | G79: =SourceП2!DG39 | H79: =ROUND(SourceП2!AF39*SourceП2!I39, 2) -> 48.1 | J79: =IF(SourceП2!BA39<> 0, SourceП2!BA39, 1) -> 7.61 | K79: =SourceП2!S39 -> 366.04 | R79: =H79 -> 48.1
C80: Материальные ресурсы | F80: =SourceП2!AL39 -> 17.84 | G80: =SourceП2!DD39 | H80: =ROUND(SourceП2!AC39*SourceП2!I39, 2) -> 17.84 | J80: =IF(SourceП2!BC39<> 0, SourceП2!BC39, 1) -> 7.61 | K80: =SourceП2!P39 -> 135.76
C81: НР от ФОТ | D81: % | E81: =SourceП2!BZ39 -> 92 | H81: =SUM(S78:S84) -> 44.25 | J81: =SourceП2!AT39 -> 92 | K81: =SUM(T78:T84) -> 336.76
C82: СП от ФОТ | D82: % | E82: =SourceП2!CA39 -> 65 | H82: =SUM(U78:U84) -> 31.27 | J82: =SourceП2!AU39 -> 65 | K82: =SUM(V78:V84) -> 237.93
C83: Затраты труда | D83: чел-ч | E83: =SourceП2!AQ39 -> 5 | G83: =SourceП2!DI39 | L83: =SourceП2!U39 -> 5
A84: =SourceП2!E40 -> 6,1 | B84: =SourceП2!F40 -> Прайс-лист Торговый дом ТИНКО | C84: Шкаф с установленным блоком питания Базисная стоимость: 1 336,33 = [12 000 / 1,18 / 7,61] | D84: =SourceП2!H40 -> ШТ | E84: =SourceП2!I40 -> 1 | F84: =SourceП2!AL40+SourceП2!AM40+SourceП2!AO40 -> 1336.33 | H84: =ROUND(SourceП2!AC40*SourceП2!I40, 2)+ROUND(SourceП2!AD40*SourceП2!I40, 2)+ROUND(SourceП2!AF40*SourceП2!I40, 2) -> 1336.33 | J84: =IF(SourceП2!BC40<> 0, SourceП2!BC40, 1) -> 7.61 | K84: =SourceП2!O40 -> 10169.47 | S84: =ROUND((SourceП2!FX40/100)*((ROUND(SourceП2!AF40*SourceП2!I40, 2)+ROUND(SourceП2!AE40*SourceП2!I40, 2))), 2) -> 0 | T84: =SourceП2!X40 -> 0 | U84: =ROUND((SourceП2!FY40/100)*((ROUND(SourceП2!AF40*SourceП2!I40, 2)+ROUND(SourceП2!AE40*SourceП2!I40, 2))), 2) -> 0 | V84: =SourceП2!Y40 -> 0 | W84: =IF(SourceП2!BI40<=1,H84, 0) -> 0 | X84: =IF(SourceП2!BI40=2,H84, 0) -> 1336.33 | Y84: =IF(SourceП2!BI40=3,H84, 0) -> 0 | Z84: =IF(SourceП2!BI40=4,H84, 0) -> 0
G85: =H79+H80+H81+H82+SUM(H84:H84) -> 1477.79 | J85: =K79+K80+K81+K82+SUM(K84:K84) -> 11245.96 | L85: =SourceП2!U39 -> 5 | O85: =G85 -> 1477.79 | P85: =J85 -> 11245.96 | Q85: =L85 -> 5 | W85: =IF(SourceП2!BI39<=1,H79+H80+H81+H82, 0) -> 0 | X85: =IF(SourceП2!BI39=2,H79+H80+H81+H82, 0) -> 141.46 | Y85: =IF(SourceП2!BI39=3,H79+H80+H81+H82, 0) -> 0 | Z85: =IF(SourceП2!BI39=4,H79+H80+H81+H82, 0) -> 0
A86: =SourceП2!E41 -> 7 | B86: =SourceП2!F41 -> м10-08-003-05 | C86: =SourceП2!G41 -> Установка контролера в системы оповещения,коммутатора системы оповещения на 8 зон,4-х канального усилетеля мощности для системы оповещения, коммутатора 6 портов LTV NSF-0604 60 в одноблочном исполнении | D86: =SourceП2!H41 -> ШТ | E86: =SourceП2!I41 -> 5 | F86: =SourceП2!AL41+SourceП2!AM41+SourceП2!AO41 -> 59.84 | I86: =SourceП2!BO41 | S86: =ROUND((SourceП2!FX41/100)*((ROUND(SourceП2!AF41*SourceП2!I41, 2)+ROUND(SourceП2!AE41*SourceП2!I41, 2))), 2) -> 221.64 | T86: =SourceП2!X41 -> 1686.68 | U86: =ROUND((SourceП2!FY41/100)*((ROUND(SourceП2!AF41*SourceП2!I41, 2)+ROUND(SourceП2!AE41*SourceП2!I41, 2))), 2) -> 166.23 | V86: =SourceП2!Y41 -> 1265.01
C87: Зарплата | F87: =SourceП2!AO41 -> 55.41 | G87: =SourceП2!DG41 | H87: =ROUND(SourceП2!AF41*SourceП2!I41, 2) -> 277.05 | J87: =IF(SourceП2!BA41<> 0, SourceП2!BA41, 1) -> 7.61 | K87: =SourceП2!S41 -> 2108.35 | R87: =H87 -> 277.05
C88: Материальные ресурсы | F88: =SourceП2!AL41 -> 4.43 | G88: =SourceП2!DD41 | H88: =ROUND(SourceП2!AC41*SourceП2!I41, 2) -> 22.15 | J88: =IF(SourceП2!BC41<> 0, SourceП2!BC41, 1) -> 7.61 | K88: =SourceП2!P41 -> 168.56
C89: НР от ФОТ | D89: % | E89: =SourceП2!BZ41 -> 80 | H89: =SUM(S86:S95) -> 221.64 | J89: =SourceП2!AT41 -> 80 | K89: =SUM(T86:T95) -> 1686.68
C90: СП от ФОТ | D90: % | E90: =SourceП2!CA41 -> 60 | H90: =SUM(U86:U95) -> 166.23 | J90: =SourceП2!AU41 -> 60 | K90: =SUM(V86:V95) -> 1265.01
C91: Затраты труда | D91: чел-ч | E91: =SourceП2!AQ41 -> 5.76 | G91: =SourceП2!DI41 | L91: =SourceП2!U41 -> 28.8
A92: =SourceП2!E42 -> 7,1 | B92: =SourceП2!F42 -> Прайс лист ООО Видеоглаз | C92: Контролер системы оповещения LPA-EVA-MA Базисная стоимость: 17 318,87 = [155 520 / 1,18 / 7,61] | D92: =SourceП2!H42 -> ШТ | E92: =SourceП2!I42 -> 1 | F92: =SourceП2!AL42+SourceП2!AM42+SourceП2!AO42 -> 17318.87 | H92: =ROUND(SourceП2!AC42*SourceП2!I42, 2)+ROUND(SourceП2!AD42*SourceП2!I42, 2)+ROUND(SourceП2!AF42*SourceП2!I42, 2) -> 17318.87 | J92: =IF(SourceП2!BC42<> 0, SourceП2!BC42, 1) -> 7.61 | K92: =SourceП2!O42 -> 131796.6 | S92: =ROUND((SourceП2!FX42/100)*((ROUND(SourceП2!AF42*SourceП2!I42, 2)+ROUND(SourceП2!AE42*SourceП2!I42, 2))), 2) -> 0 | T92: =SourceП2!X42 -> 0 | U92: =ROUND((SourceП2!FY42/100)*((ROUND(SourceП2!AF42*SourceП2!I42, 2)+ROUND(SourceП2!AE42*SourceП2!I42, 2))), 2) -> 0 | V92: =SourceП2!Y42 -> 0 | W92: =IF(SourceП2!BI42<=1,H92, 0) -> 0 | X92: =IF(SourceП2!BI42=2,H92, 0) -> 17318.87 | Y92: =IF(SourceП2!BI42=3,H92, 0) -> 0 | Z92: =IF(SourceП2!BI42=4,H92, 0) -> 0
A93: =SourceП2!E43 -> 7,2 | B93: =SourceП2!F43 -> Прайс-лист ООО ПОЖАРНАЯ БЕЗОПАСНОСТЬ | C93: Коммутатор системы оповещения на 8 зон LPA-EVA-MS Базисная стоимость: 11 545,91 = [103 680 / 1,18 / 7,61] | D93: =SourceП2!H43 -> ШТ | E93: =SourceП2!I43 -> 1 | F93: =SourceП2!AL43+SourceП2!AM43+SourceП2!AO43 -> 11545.91 | H93: =ROUND(SourceП2!AC43*SourceП2!I43, 2)+ROUND(SourceП2!AD43*SourceП2!I43, 2)+ROUND(SourceП2!AF43*SourceП2!I43, 2) -> 11545.91 | J93: =IF(SourceП2!BC43<> 0, SourceП2!BC43, 1) -> 7.61 | K93: =SourceП2!O43 -> 87864.38 | S93: =ROUND((SourceП2!FX43/100)*((ROUND(SourceП2!AF43*SourceП2!I43, 2)+ROUND(SourceП2!AE43*SourceП2!I43, 2))), 2) -> 0 | T93: =SourceП2!X43 -> 0 | U93: =ROUND((SourceП2!FY43/100)*((ROUND(SourceП2!AF43*SourceП2!I43, 2)+ROUND(SourceП2!AE43*SourceП2!I43, 2))), 2) -> 0 | V93: =SourceП2!Y43 -> 0 | W93: =IF(SourceП2!BI43<=1,H93, 0) -> 0 | X93: =IF(SourceП2!BI43=2,H93, 0) -> 11545.91 | Y93: =IF(SourceП2!BI43=3,H93, 0) -> 0 | Z93: =IF(SourceП2!BI43=4,H93, 0) -> 0
A94: =SourceП2!E44 -> 7,3 | B94: =SourceП2!F44 -> Прайс-лист ТД Видеоглаз | C94: =SourceП2!G44 -> Коммутатор 6 портов LTV NSF-0604-60 | D94: =SourceП2!H44 -> ШТ | E94: =SourceП2!I44 -> 1 | F94: =SourceП2!AL44+SourceП2!AM44+SourceП2!AO44 -> 0 | H94: =ROUND(SourceП2!AC44*SourceП2!I44, 2)+ROUND(SourceП2!AD44*SourceП2!I44, 2)+ROUND(SourceП2!AF44*SourceП2!I44, 2) -> 0 | J94: =IF(SourceП2!BC44<> 0, SourceП2!BC44, 1) -> 7.61 | K94: =SourceП2!O44 -> 0 | S94: =ROUND((SourceП2!FX44/100)*((ROUND(SourceП2!AF44*SourceП2!I44, 2)+ROUND(SourceП2!AE44*SourceП2!I44, 2))), 2) -> 0 | T94: =SourceП2!X44 -> 0 | U94: =ROUND((SourceП2!FY44/100)*((ROUND(SourceП2!AF44*SourceП2!I44, 2)+ROUND(SourceП2!AE44*SourceП2!I44, 2))), 2) -> 0 | V94: =SourceП2!Y44 -> 0 | W94: =IF(SourceП2!BI44<=1,H94, 0) -> 0 | X94: =IF(SourceП2!BI44=2,H94, 0) -> 0 | Y94: =IF(SourceП2!BI44=3,H94, 0) -> 0 | Z94: =IF(SourceП2!BI44=4,H94, 0) -> 0
A95: =SourceП2!E45 -> 7,4 | B95: =SourceП2!F45 -> Прайс-лист ООО Видеоглаз | C95: 4-х канальный усилитель мощности для системы оповещения LPA-EVA-4120 Базисная стоимость: 11 545,91 = [103 680 / 1,18 / 7,61] | D95: =SourceП2!H45 -> ШТ | E95: =SourceП2!I45 -> 2 | F95: =SourceП2!AL45+SourceП2!AM45+SourceП2!AO45 -> 11545.91 | H95: =ROUND(SourceП2!AC45*SourceП2!I45, 2)+ROUND(SourceП2!AD45*SourceП2!I45, 2)+ROUND(SourceП2!AF45*SourceП2!I45, 2) -> 23091.82 | J95: =IF(SourceП2!BC45<> 0, SourceП2!BC45, 1) -> 7.61 | K95: =SourceП2!O45 -> 175728.75 | S95: =ROUND((SourceП2!FX45/100)*((ROUND(SourceП2!AF45*SourceП2!I45, 2)+ROUND(SourceП2!AE45*SourceП2!I45, 2))), 2) -> 0 | T95: =SourceП2!X45 -> 0 | U95: =ROUND((SourceП2!FY45/100)*((ROUND(SourceП2!AF45*SourceП2!I45, 2)+ROUND(SourceП2!AE45*SourceП2!I45, 2))), 2) -> 0 | V95: =SourceП2!Y45 -> 0 | W95: =IF(SourceП2!BI45<=1,H95, 0) -> 0 | X95: =IF(SourceП2!BI45=2,H95, 0) -> 23091.82 | Y95: =IF(SourceП2!BI45=3,H95, 0) -> 0 | Z95: =IF(SourceП2!BI45=4,H95, 0) -> 0
G96: =H87+H88+H89+H90+SUM(H92:H95) -> 52643.67 | J96: =K87+K88+K89+K90+SUM(K92:K95) -> 400618.33 | L96: =SourceП2!U41 -> 28.8 | O96: =G96 -> 52643.67 | P96: =J96 -> 400618.33 | Q96: =L96 -> 28.8 | W96: =IF(SourceП2!BI41<=1,H87+H88+H89+H90, 0) -> 0 | X96: =IF(SourceП2!BI41=2,H87+H88+H89+H90, 0) -> 687.07 | Y96: =IF(SourceП2!BI41=3,H87+H88+H89+H90, 0) -> 0 | Z96: =IF(SourceП2!BI41=4,H87+H88+H89+H90, 0) -> 0
A97: =SourceП2!E46 -> 8 | B97: =SourceП2!F46 -> м10-04-101-07 | C97: =SourceП2!G46 -> Громкоговоритель или звуковая колонка в помещении | D97: =SourceП2!H46 -> ШТ | E97: =SourceП2!I46 -> 43 | F97: =SourceП2!AL46+SourceП2!AM46+SourceП2!AO46 -> 30.77 | I97: =SourceП2!BO46 | S97: =ROUND((SourceП2!FX46/100)*((ROUND(SourceП2!AF46*SourceП2!I46, 2)+ROUND(SourceП2!AE46*SourceП2!I46, 2))), 2) -> 717.62 | T97: =SourceП2!X46 -> 5461.07 | U97: =ROUND((SourceП2!FY46/100)*((ROUND(SourceП2!AF46*SourceП2!I46, 2)+ROUND(SourceП2!AE46*SourceП2!I46, 2))), 2) -> 507.01 | V97: =SourceП2!Y46 -> 3858.37
C98: Зарплата | F98: =SourceП2!AO46 -> 18.14 | G98: =SourceП2!DG46 | H98: =ROUND(SourceП2!AF46*SourceП2!I46, 2) -> 780.02 | J98: =IF(SourceП2!BA46<> 0, SourceП2!BA46, 1) -> 7.61 | K98: =SourceП2!S46 -> 5935.95 | R98: =H98 -> 780.02
C99: Материальные ресурсы | F99: =SourceП2!AL46 -> 12.63 | G99: =SourceП2!DD46 | H99: =ROUND(SourceП2!AC46*SourceП2!I46, 2) -> 543.09 | J99: =IF(SourceП2!BC46<> 0, SourceП2!BC46, 1) -> 7.61 | K99: =SourceП2!P46 -> 4132.91
C100: НР от ФОТ | D100: % | E100: =SourceП2!BZ46 -> 92 | H100: =SUM(S97:S103) -> 717.62 | J100: =SourceП2!AT46 -> 92 | K100: =SUM(T97:T103) -> 5461.07
C101: СП от ФОТ | D101: % | E101: =SourceП2!CA46 -> 65 | H101: =SUM(U97:U103) -> 507.01 | J101: =SourceП2!AU46 -> 65 | K101: =SUM(V97:V103) -> 3858.37
C102: Затраты труда | D102: чел-ч | E102: =SourceП2!AQ46 -> 2 | G102: =SourceП2!DI46 | L102: =SourceП2!U46 -> 86
A103: =SourceП2!E47 -> 8,1 | B103: =SourceП2!F47 -> Прайс-лист ТД Видеоглаз | C103: Громкоговоритель настенный белый,80-20.000Гц,93дб,100В,6/3/1,5 LPA-6W Базисная стоимость: 146,55 = [1 316 / 1,18 / 7,61] | D103: =SourceП2!H47 -> ШТ | E103: =SourceП2!I47 -> 43 | F103: =SourceП2!AL47+SourceП2!AM47+SourceП2!AO47 -> 146.55 | H103: =ROUND(SourceП2!AC47*SourceП2!I47, 2)+ROUND(SourceП2!AD47*SourceП2!I47, 2)+ROUND(SourceП2!AF47*SourceП2!I47, 2) -> 6301.65 | J103: =IF(SourceП2!BC47<> 0, SourceП2!BC47, 1) -> 7.61 | K103: =SourceП2!O47 -> 47955.56 | S103: =ROUND((SourceП2!FX47/100)*((ROUND(SourceП2!AF47*SourceП2!I47, 2)+ROUND(SourceП2!AE47*SourceП2!I47, 2))), 2) -> 0 | T103: =SourceП2!X47 -> 0 | U103: =ROUND((SourceП2!FY47/100)*((ROUND(SourceП2!AF47*SourceП2!I47, 2)+ROUND(SourceП2!AE47*SourceП2!I47, 2))), 2) -> 0 | V103: =SourceП2!Y47 -> 0 | W103: =IF(SourceП2!BI47<=1,H103, 0) -> 0 | X103: =IF(SourceП2!BI47=2,H103, 0) -> 6301.65 | Y103: =IF(SourceП2!BI47=3,H103, 0) -> 0 | Z103: =IF(SourceП2!BI47=4,H103, 0) -> 0
G104: =H98+H99+H100+H101+SUM(H103:H103) -> 8849.39 | J104: =K98+K99+K100+K101+SUM(K103:K103) -> 67343.86 | L104: =SourceП2!U46 -> 86 | O104: =G104 -> 8849.39 | P104: =J104 -> 67343.86 | Q104: =L104 -> 86 | W104: =IF(SourceП2!BI46<=1,H98+H99+H100+H101, 0) -> 0 | X104: =IF(SourceП2!BI46=2,H98+H99+H100+H101, 0) -> 2547.74 | Y104: =IF(SourceП2!BI46=3,H98+H99+H100+H101, 0) -> 0 | Z104: =IF(SourceП2!BI46=4,H98+H99+H100+H101, 0) -> 0
A105: =SourceП2!E48 -> 9 | B105: =SourceП2!F48 -> м08-03-605-01 | C105: =SourceП2!G48 -> Модуль вентиляторный потолочный | D105: =SourceП2!H48 -> ШТ | E105: =SourceП2!I48 -> 1 | F105: =SourceП2!AL48+SourceП2!AM48+SourceП2!AO48 -> 19.52 | I105: =SourceП2!BO48 | S105: =ROUND((SourceП2!FX48/100)*((ROUND(SourceП2!AF48*SourceП2!I48, 2)+ROUND(SourceП2!AE48*SourceП2!I48, 2))), 2) -> 10.53 | T105: =SourceП2!X48 -> 80.1 | U105: =ROUND((SourceП2!FY48/100)*((ROUND(SourceП2!AF48*SourceП2!I48, 2)+ROUND(SourceП2!AE48*SourceП2!I48, 2))), 2) -> 7.2 | V105: =SourceП2!Y48 -> 54.81
C106: Зарплата | F106: =SourceП2!AO48 -> 9.82 | G106: =SourceП2!DG48 | H106: =ROUND(SourceП2!AF48*SourceП2!I48, 2) -> 9.82 | J106: =IF(SourceП2!BA48<> 0, SourceП2!BA48, 1) -> 7.61 | K106: =SourceП2!S48 -> 74.73 | R106: =H106 -> 9.82
C107: Эксплуатация машин | F107: =SourceП2!AM48 -> 8.89 | G107: =SourceП2!DE48 | H107: =ROUND(SourceП2!AD48*SourceП2!I48, 2) -> 8.89 | J107: =IF(SourceП2!BB48<> 0, SourceП2!BB48, 1) -> 7.61 | K107: =SourceП2!Q48 -> 67.65
C108: в т.ч. зарплата машинистов | F108: =SourceП2!AN48 -> 1.26 | G108: =SourceП2!DF48 | H108: =ROUND(SourceП2!AE48*SourceП2!I48, 2) -> 1.26 | J108: =IF(SourceП2!BS48<> 0, SourceП2!BS48, 1) -> 7.61 | K108: =SourceП2!R48 -> 9.59 | R108: =H108 -> 1.26
C109: Материальные ресурсы | F109: =SourceП2!AL48 -> 0.81 | G109: =SourceП2!DD48 | H109: =ROUND(SourceП2!AC48*SourceП2!I48, 2) -> 0.81 | J109: =IF(SourceП2!BC48<> 0, SourceП2!BC48, 1) -> 7.61 | K109: =SourceП2!P48 -> 6.16
C110: НР от ФОТ | D110: % | E110: =SourceП2!BZ48 -> 95 | H110: =SUM(S105:S113) -> 10.53 | J110: =SourceП2!AT48 -> 95 | K110: =SUM(T105:T113) -> 80.1
C111: СП от ФОТ | D111: % | E111: =SourceП2!CA48 -> 65 | H111: =SUM(U105:U113) -> 7.2 | J111: =SourceП2!AU48 -> 65 | K111: =SUM(V105:V113) -> 54.81
...

Sheet П3
H3: Приложение 3 к Форме 7
B10: СМЕТА
B11: =IF(SourceП3!G20<>"Новая локальная смета", SourceП3!G20, "")
B13: выполнение работ по монтажу комплекса систем пожарной безопасности в квартире № 4 в здании общежития НИЯУ МИФИ по адресу: 109263, г. Москва, ул. Шкулева, д. 27, стр. 2
G15: базовая цена | I15: текущая цена
C16: Сметная стоимость | G16: =SUM(O27:O132)/1000 -> 27.37456 | I16: =(SourceП3!F81/1000) -> 245.81786 | K16: тыс. руб.
C17: Строительные работы | G17: =SUM(W27:W132)/1000 -> 0 | I17: =(SourceП3!F68)/1000 -> 0 | K17: тыс. руб.
C18: Монтажные работы | G18: =SUM(X27:X132)/1000 -> 27.37456 | I18: =(SourceП3!F69)/1000 -> 208.32022 | K18: тыс. руб.
C19: Оборудование | G19: =SUM(Y27:Y132)/1000 -> 0 | I19: =(SourceП3!F60)/1000 -> 0 | K19: тыс. руб.
C20: Прочие работы | G20: =SUM(Z27:Z132)/1000 -> 0 | I20: =(SourceП3!F70+SourceП3!F71)/1000 -> 0 | K20: тыс. руб.
C21: Нормативная трудоемкость | G21: =I21 -> 299.7452 | I21: =(SourceП3!F73+SourceП3!F74) -> 299.7452 | K21: чел. -ч.
C22: Средства на оплату труда | G22: =SUM(R27:R132)/1000 -> 2.88024 | I22: =(SourceП3!F66+ SourceП3!F65)/1000 -> 21.91856 | K22: тыс. руб.
A24: Составлена в ценах III квартал 2017 года
A25: № п/п | B25: Шифр расценки и коды ресурсов | C25: Наименование работ и затрат | D25: Ед. изм. | E25: Кол-во единиц | F25: Цена на ед. изм. | G25: Попра-вочные коэфф. | H25: Стоимость в ценах 2001г. | I25: Пункт коэфф. пересчета | J25: Коэфф. пересчета | K25: Стоимость в текущих ценах | L25: ЗТР всего чел.-час
A26: 1 | B26: 2 | C26: 3 | D26: 4 | E26: 5 | F26: 6 | G26: 7 | H26: 8 | I26: 9 | J26: 10 | K26: 11 | L26: 12
A27: =SourceП3!E24 -> 1 | B27: =SourceП3!F24 -> м10-02-016-06 | C27: =SourceП3!G24 -> Установка контролера, блока сигнально-пускового,контрольно-пускового,блок индикации,блоки питания | D27: =SourceП3!H24 -> ШТ | E27: =SourceП3!I24 -> 3 | F27: =SourceП3!AL24+SourceП3!AM24+SourceП3!AO24 -> 199.95 | I27: =SourceП3!BO24 | S27: =ROUND((SourceП3!FX24/100)*((ROUND(SourceП3!AF24*SourceП3!I24, 2)+ROUND(SourceП3!AE24*SourceП3!I24, 2))), 2) -> 279.46 | T27: =SourceП3!X24 -> 2126.66 | U27: =ROUND((SourceП3!FY24/100)*((ROUND(SourceП3!AF24*SourceП3!I24, 2)+ROUND(SourceП3!AE24*SourceП3!I24, 2))), 2) -> 209.59 | V27: =SourceП3!Y24 -> 1595
C28: Зарплата | F28: =SourceП3!AO24 -> 112.01 | G28: =SourceП3!DG24 | H28: =ROUND(SourceП3!AF24*SourceП3!I24, 2) -> 336.03 | J28: =IF(SourceП3!BA24<> 0, SourceП3!BA24, 1) -> 7.61 | K28: =SourceП3!S24 -> 2557.19 | R28: =H28 -> 336.03
C29: Эксплуатация машин | F29: =SourceП3!AM24 -> 39.6 | G29: =SourceП3!DE24 | H29: =ROUND(SourceП3!AD24*SourceП3!I24, 2) -> 118.8 | J29: =IF(SourceП3!BB24<> 0, SourceП3!BB24, 1) -> 7.61 | K29: =SourceП3!Q24 -> 904.07
C30: в т.ч. зарплата машинистов | F30: =SourceП3!AN24 -> 4.43 | G30: =SourceП3!DF24 | H30: =ROUND(SourceП3!AE24*SourceП3!I24, 2) -> 13.29 | J30: =IF(SourceП3!BS24<> 0, SourceП3!BS24, 1) -> 7.61 | K30: =SourceП3!R24 -> 101.14 | R30: =H30 -> 13.29
C31: Материальные ресурсы | F31: =SourceП3!AL24 -> 48.34 | G31: =SourceП3!DD24 | H31: =ROUND(SourceП3!AC24*SourceП3!I24, 2) -> 145.02 | J31: =IF(SourceП3!BC24<> 0, SourceП3!BC24, 1) -> 7.61 | K31: =SourceП3!P24 -> 1103.6
C32: НР от ФОТ | D32: % | E32: =SourceП3!BZ24 -> 80 | H32: =SUM(S27:S37) -> 279.46 | J32: =SourceП3!AT24 -> 80 | K32: =SUM(T27:T37) -> 2126.66
C33: СП от ФОТ | D33: % | E33: =SourceП3!CA24 -> 60 | H33: =SUM(U27:U37) -> 209.59 | J33: =SourceП3!AU24 -> 60 | K33: =SUM(V27:V37) -> 1595
C34: Затраты труда | D34: чел-ч | E34: =SourceП3!AQ24 -> 10.1 | G34: =SourceП3!DI24 | L34: =SourceП3!U24 -> 30.3
A35: =SourceП3!E25 -> 1,1 | B35: =SourceП3!F25 -> 61.2.07.04-0002 | C35: =SourceП3!G25 -> Контроллер двухпроводной линии связи, марка "С2000-КДЛ" | D35: =SourceП3!H25 -> шт. | E35: =SourceП3!I25 -> 1 | F35: =SourceП3!AL25+SourceП3!AM25+SourceП3!AO25 -> 175.63 | H35: =ROUND(SourceП3!AC25*SourceП3!I25, 2)+ROUND(SourceП3!AD25*SourceП3!I25, 2)+ROUND(SourceП3!AF25*SourceП3!I25, 2) -> 175.63 | J35: =IF(SourceП3!BC25<> 0, SourceП3!BC25, 1) -> 7.61 | K35: =SourceП3!O25 -> 1336.54 | S35: =ROUND((SourceП3!FX25/100)*((ROUND(SourceП3!AF25*SourceП3!I25, 2)+ROUND(SourceП3!AE25*SourceП3!I25, 2))), 2) -> 0 | T35: =SourceП3!X25 -> 0 | U35: =ROUND((SourceП3!FY25/100)*((ROUND(SourceП3!AF25*SourceП3!I25, 2)+ROUND(SourceП3!AE25*SourceП3!I25, 2))), 2) -> 0 | V35: =SourceП3!Y25 -> 0 | W35: =IF(SourceП3!BI25<=1,H35, 0) -> 0 | X35: =IF(SourceП3!BI25=2,H35, 0) -> 175.63 | Y35: =IF(SourceП3!BI25=3,H35, 0) -> 0 | Z35: =IF(SourceП3!BI25=4,H35, 0) -> 0
A36: =SourceП3!E26 -> 1,2 | B36: =SourceП3!F26 -> 61.2.07.02-0034 | C36: =SourceП3!G26 -> Блок контрольно-пусковой, марка "С2000-КПБ" | D36: =SourceП3!H26 -> шт. | E36: =SourceП3!I26 -> 1 | F36: =SourceП3!AL26+SourceП3!AM26+SourceП3!AO26 -> 243.85 | H36: =ROUND(SourceП3!AC26*SourceП3!I26, 2)+ROUND(SourceП3!AD26*SourceП3!I26, 2)+ROUND(SourceП3!AF26*SourceП3!I26, 2) -> 243.85 | J36: =IF(SourceП3!BC26<> 0, SourceП3!BC26, 1) -> 7.61 | K36: =SourceП3!O26 -> 1855.7 | S36: =ROUND((SourceП3!FX26/100)*((ROUND(SourceП3!AF26*SourceП3!I26, 2)+ROUND(SourceП3!AE26*SourceП3!I26, 2))), 2) -> 0 | T36: =SourceП3!X26 -> 0 | U36: =ROUND((SourceП3!FY26/100)*((ROUND(SourceП3!AF26*SourceП3!I26, 2)+ROUND(SourceП3!AE26*SourceП3!I26, 2))), 2) -> 0 | V36: =SourceП3!Y26 -> 0 | W36: =IF(SourceП3!BI26<=1,H36, 0) -> 0 | X36: =IF(SourceП3!BI26=2,H36, 0) -> 243.85 | Y36: =IF(SourceП3!BI26=3,H36, 0) -> 0 | Z36: =IF(SourceП3!BI26=4,H36, 0) -> 0
A37: =SourceП3!E27 -> 1,3 | B37: =SourceП3!F27 -> Прайс-лист ВижнПро | C37: Источник вторичного электропитания резервирования СКАТ-1200МDIN Базисная стоимость: 189,31 = [1 700 / 1,18 / 7,61] | D37: =SourceП3!H27 -> ШТ | E37: =SourceП3!I27 -> 1 | F37: =SourceП3!AL27+SourceП3!AM27+SourceП3!AO27 -> 189.31 | H37: =ROUND(SourceП3!AC27*SourceП3!I27, 2)+ROUND(SourceП3!AD27*SourceП3!I27, 2)+ROUND(SourceП3!AF27*SourceП3!I27, 2) -> 189.31 | J37: =IF(SourceП3!BC27<> 0, SourceП3!BC27, 1) -> 7.61 | K37: =SourceП3!O27 -> 1440.65 | S37: =ROUND((SourceП3!FX27/100)*((ROUND(SourceП3!AF27*SourceП3!I27, 2)+ROUND(SourceП3!AE27*SourceП3!I27, 2))), 2) -> 0 | T37: =SourceП3!X27 -> 0 | U37: =ROUND((SourceП3!FY27/100)*((ROUND(SourceП3!AF27*SourceП3!I27, 2)+ROUND(SourceП3!AE27*SourceП3!I27, 2))), 2) -> 0 | V37: =SourceП3!Y27 -> 0 | W37: =IF(SourceП3!BI27<=1,H37, 0) -> 0 | X37: =IF(SourceП3!BI27=2,H37, 0) -> 189.31 | Y37: =IF(SourceП3!BI27=3,H37, 0) -> 0 | Z37: =IF(SourceП3!BI27=4,H37, 0) -> 0
G38: =H28+H29+H31+H32+H33+SUM(H35:H37) -> 1697.69 | J38: =K28+K29+K31+K32+K33+SUM(K35:K37) -> 12919.41 | L38: =SourceП3!U24 -> 30.3 | O38: =G38 -> 1697.69 | P38: =J38 -> 12919.41 | Q38: =L38 -> 30.3 | W38: =IF(SourceП3!BI24<=1,H28+H29+H31+H32+H33, 0) -> 0 | X38: =IF(SourceП3!BI24=2,H28+H29+H31+H32+H33, 0) -> 1088.9 | Y38: =IF(SourceП3!BI24=3,H28+H29+H31+H32+H33, 0) -> 0 | Z38: =IF(SourceП3!BI24=4,H28+H29+H31+H32+H33, 0) -> 0
A39: =SourceП3!E28 -> 2 | B39: =SourceП3!F28 -> м08-03-593-10 | C39: =SourceП3!G28 -> Световые настенные указатели | D39: =SourceП3!H28 -> 100 ШТ | E39: =SourceП3!I28 -> 0.02 | F39: =SourceП3!AL28+SourceП3!AM28+SourceП3!AO28 -> 1335.26 | I39: =SourceП3!BO28 | S39: =ROUND((SourceП3!FX28/100)*((ROUND(SourceП3!AF28*SourceП3!I28, 2)+ROUND(SourceП3!AE28*SourceП3!I28, 2))), 2) -> 14.91 | T39: =SourceП3!X28 -> 113.4 | U39: =ROUND((SourceП3!FY28/100)*((ROUND(SourceП3!AF28*SourceП3!I28, 2)+ROUND(SourceП3!AE28*SourceП3!I28, 2))), 2) -> 10.2 | V39: =SourceП3!Y28 -> 77.59
C40: Зарплата | F40: =SourceП3!AO28 -> 779.32 | G40: =SourceП3!DG28 | H40: =ROUND(SourceП3!AF28*SourceП3!I28, 2) -> 15.59 | J40: =IF(SourceП3!BA28<> 0, SourceП3!BA28, 1) -> 7.61 | K40: =SourceП3!S28 -> 118.61 | R40: =H40 -> 15.59
C41: Эксплуатация машин | F41: =SourceП3!AM28 -> 35.54 | G41: =SourceП3!DE28 | H41: =ROUND(SourceП3!AD28*SourceП3!I28, 2) -> 0.71 | J41: =IF(SourceП3!BB28<> 0, SourceП3!BB28, 1) -> 7.61 | K41: =SourceП3!Q28 -> 5.41
C42: в т.ч. зарплата машинистов | F42: =SourceП3!AN28 -> 5.02 | G42: =SourceП3!DF28 | H42: =ROUND(SourceП3!AE28*SourceП3!I28, 2) -> 0.1 | J42: =IF(SourceП3!BS28<> 0, SourceП3!BS28, 1) -> 7.61 | K42: =SourceП3!R28 -> 0.76 | R42: =H42 -> 0.1
C43: Материальные ресурсы | F43: =SourceП3!AL28 -> 520.4 | G43: =SourceП3!DD28 | H43: =ROUND(SourceП3!AC28*SourceП3!I28, 2) -> 10.41 | J43: =IF(SourceП3!BC28<> 0, SourceП3!BC28, 1) -> 7.61 | K43: =SourceП3!P28 -> 79.2
C44: НР от ФОТ | D44: % | E44: =SourceП3!BZ28 -> 95 | H44: =SUM(S39:S47) -> 14.91 | J44: =SourceП3!AT28 -> 95 | K44: =SUM(T39:T47) -> 113.4
C45: СП от ФОТ | D45: % | E45: =SourceП3!CA28 -> 65 | H45: =SUM(U39:U47) -> 10.2 | J45: =SourceП3!AU28 -> 65 | K45: =SUM(V39:V47) -> 77.59
C46: Затраты труда | D46: чел-ч | E46: =SourceП3!AQ28 -> 78.56 | G46: =SourceП3!DI28 | L46: =SourceП3!U28 -> 1.5712
A47: =SourceП3!E29 -> 2,1 | B47: =SourceП3!F29 -> 61.2.04.07-0008 | C47: =SourceП3!G29 -> Оповещатель световой МОЛНИЯ-12 ВЫХОД | D47: =SourceП3!H29 -> шт. | E47: =SourceП3!I29 -> 2 | F47: =SourceП3!AL29+SourceП3!AM29+SourceП3!AO29 -> 38.38 | H47: =ROUND(SourceП3!AC29*SourceП3!I29, 2)+ROUND(SourceП3!AD29*SourceП3!I29, 2)+ROUND(SourceП3!AF29*SourceП3!I29, 2) -> 76.76 | J47: =IF(SourceП3!BC29<> 0, SourceП3!BC29, 1) -> 7.61 | K47: =SourceП3!O29 -> 584.14 | S47: =ROUND((SourceП3!FX29/100)*((ROUND(SourceП3!AF29*SourceП3!I29, 2)+ROUND(SourceП3!AE29*SourceП3!I29, 2))), 2) -> 0 | T47: =SourceП3!X29 -> 0 | U47: =ROUND((SourceП3!FY29/100)*((ROUND(SourceП3!AF29*SourceП3!I29, 2)+ROUND(SourceП3!AE29*SourceП3!I29, 2))), 2) -> 0 | V47: =SourceП3!Y29 -> 0 | W47: =IF(SourceП3!BI29<=1,H47, 0) -> 0 | X47: =IF(SourceП3!BI29=2,H47, 0) -> 76.76 | Y47: =IF(SourceП3!BI29=3,H47, 0) -> 0 | Z47: =IF(SourceП3!BI29=4,H47, 0) -> 0
G48: =H40+H41+H43+H44+H45+SUM(H47:H47) -> 128.58 | J48: =K40+K41+K43+K44+K45+SUM(K47:K47) -> 978.35 | L48: =SourceП3!U28 -> 1.5712 | O48: =G48 -> 128.58 | P48: =J48 -> 978.35 | Q48: =L48 -> 1.5712 | W48: =IF(SourceП3!BI28<=1,H40+H41+H43+H44+H45, 0) -> 0 | X48: =IF(SourceП3!BI28=2,H40+H41+H43+H44+H45, 0) -> 51.82 | Y48: =IF(SourceП3!BI28=3,H40+H41+H43+H44+H45, 0) -> 0 | Z48: =IF(SourceП3!BI28=4,H40+H41+H43+H44+H45, 0) -> 0
A49: =SourceП3!E30 -> 3 | B49: =SourceП3!F30 -> м08-03-572-05 | C49: =SourceП3!G30 -> Блок управления шкафного исполнения или распределительный пункт (шкаф), устанавливаемый на стене, высота и ширина до 1700х1100 мм | D49: =SourceП3!H30 -> ШТ | E49: =SourceП3!I30 -> 1 | F49: =SourceП3!AL30+SourceП3!AM30+SourceП3!AO30 -> 455.82 | I49: =SourceП3!BO30 | S49: =ROUND((SourceП3!FX30/100)*((ROUND(SourceП3!AF30*SourceП3!I30, 2)+ROUND(SourceП3!AE30*SourceП3!I30, 2))), 2) -> 40.76 | T49: =SourceП3!X30 -> 310.22 | U49: =ROUND((SourceП3!FY30/100)*((ROUND(SourceП3!AF30*SourceП3!I30, 2)+ROUND(SourceП3!AE30*SourceП3!I30, 2))), 2) -> 27.89 | V49: =SourceП3!Y30 -> 212.26
C50: Зарплата | F50: =SourceП3!AO30 -> 34.62 | G50: =SourceП3!DG30 | H50: =ROUND(SourceП3!AF30*SourceП3!I30, 2) -> 34.62 | J50: =IF(SourceП3!BA30<> 0, SourceП3!BA30, 1) -> 7.61 | K50: =SourceП3!S30 -> 263.46 | R50: =H50 -> 34.62
C51: Эксплуатация машин | F51: =SourceП3!AM30 -> 69.09 | G51: =SourceП3!DE30 | H51: =ROUND(SourceП3!AD30*SourceП3!I30, 2) -> 69.09 | J51: =IF(SourceП3!BB30<> 0, SourceП3!BB30, 1) -> 7.61 | K51: =SourceП3!Q30 -> 525.77
C52: в т.ч. зарплата машинистов | F52: =SourceП3!AN30 -> 8.29 | G52: =SourceП3!DF30 | H52: =ROUND(SourceП3!AE30*SourceП3!I30, 2) -> 8.29 | J52: =IF(SourceП3!BS30<> 0, SourceП3!BS30, 1) -> 7.61 | K52: =SourceП3!R30 -> 63.09 | R52: =H52 -> 8.29
C53: Материальные ресурсы | F53: =SourceП3!AL30 -> 352.11 | G53: =SourceП3!DD30 | H53: =ROUND(SourceП3!AC30*SourceП3!I30, 2) -> 352.11 | J53: =IF(SourceП3!BC30<> 0, SourceП3!BC30, 1) -> 7.61 | K53: =SourceП3!P30 -> 2679.56
C54: НР от ФОТ | D54: % | E54: =SourceП3!BZ30 -> 95 | H54: =SUM(S49:S57) -> 40.76 | J54: =SourceП3!AT30 -> 95 | K54: =SUM(T49:T57) -> 310.22
C55: СП от ФОТ | D55: % | E55: =SourceП3!CA30 -> 65 | H55: =SUM(U49:U57) -> 27.89 | J55: =SourceП3!AU30 -> 65 | K55: =SUM(V49:V57) -> 212.26
C56: Затраты труда | D56: чел-ч | E56: =SourceП3!AQ30 -> 3.49 | G56: =SourceП3!DI30 | L56: =SourceП3!U30 -> 3.49
A57: =SourceП3!E31 -> 3,1 | B57: =SourceП3!F31 -> Прайс-лист ООО ТРИОН | C57: Шкаф электромонтажный ШЭМ-004 Базисная стоимость: 149,22 = [1 340 / 1,18 / 7,61] | D57: =SourceП3!H31 -> ШТ | E57: =SourceП3!I31 -> 1 | F57: =SourceП3!AL31+SourceП3!AM31+SourceП3!AO31 -> 149.22 | H57: =ROUND(SourceП3!AC31*SourceП3!I31, 2)+ROUND(SourceП3!AD31*SourceП3!I31, 2)+ROUND(SourceП3!AF31*SourceП3!I31, 2) -> 149.22 | J57: =IF(SourceП3!BC31<> 0, SourceП3!BC31, 1) -> 7.61 | K57: =SourceП3!O31 -> 1135.56 | S57: =ROUND((SourceП3!FX31/100)*((ROUND(SourceП3!AF31*SourceП3!I31, 2)+ROUND(SourceП3!AE31*SourceП3!I31, 2))), 2) -> 0 | T57: =SourceП3!X31 -> 0 | U57: =ROUND((SourceП3!FY31/100)*((ROUND(SourceП3!AF31*SourceП3!I31, 2)+ROUND(SourceП3!AE31*SourceП3!I31, 2))), 2) -> 0 | V57: =SourceП3!Y31 -> 0 | W57: =IF(SourceП3!BI31<=1,H57, 0) -> 0 | X57: =IF(SourceП3!BI31=2,H57, 0) -> 149.22 | Y57: =IF(SourceП3!BI31=3,H57, 0) -> 0 | Z57: =IF(SourceП3!BI31=4,H57, 0) -> 0
G58: =H50+H51+H53+H54+H55+SUM(H57:H57) -> 673.69 | J58: =K50+K51+K53+K54+K55+SUM(K57:K57) -> 5126.83 | L58: =SourceП3!U30 -> 3.49 | O58: =G58 -> 673.69 | P58: =J58 -> 5126.83 | Q58: =L58 -> 3.49 | W58: =IF(SourceП3!BI30<=1,H50+H51+H53+H54+H55, 0) -> 0 | X58: =IF(SourceП3!BI30=2,H50+H51+H53+H54+H55, 0) -> 524.47 | Y58: =IF(SourceП3!BI30=3,H50+H51+H53+H54+H55, 0) -> 0 | Z58: =IF(SourceП3!BI30=4,H50+H51+H53+H54+H55, 0) -> 0
A59: =SourceП3!E32 -> 4 | B59: =SourceП3!F32 -> м10-04-101-07 | C59: =SourceП3!G32 -> Громкоговоритель или звуковая колонка в помещении | D59: =SourceП3!H32 -> ШТ | E59: =SourceП3!I32 -> 52 | F59: =SourceП3!AL32+SourceП3!AM32+SourceП3!AO32 -> 30.77 | I59: =SourceП3!BO32 | S59: =ROUND((SourceП3!FX32/100)*((ROUND(SourceП3!AF32*SourceП3!I32, 2)+ROUND(SourceП3!AE32*SourceП3!I32, 2))), 2) -> 867.82 | T59: =SourceП3!X32 -> 6604.09 | U59: =ROUND((SourceП3!FY32/100)*((ROUND(SourceП3!AF32*SourceП3!I32, 2)+ROUND(SourceП3!AE32*SourceП3!I32, 2))), 2) -> 613.13 | V59: =SourceП3!Y32 -> 4665.93
C60: Зарплата | F60: =SourceП3!AO32 -> 18.14 | G60: =SourceП3!DG32 | H60: =ROUND(SourceП3!AF32*SourceП3!I32, 2) -> 943.28 | J60: =IF(SourceП3!BA32<> 0, SourceП3!BA32, 1) -> 7.61 | K60: =SourceП3!S32 -> 7178.36 | R60: =H60 -> 943.28
C61: Материальные ресурсы | F61: =SourceП3!AL32 -> 12.63 | G61: =SourceП3!DD32 | H61: =ROUND(SourceП3!AC32*SourceП3!I32, 2) -> 656.76 | J61: =IF(SourceП3!BC32<> 0, SourceП3!BC32, 1) -> 7.61 | K61: =SourceП3!P32 -> 4997.94
C62: НР от ФОТ | D62: % | E62: =SourceП3!BZ32 -> 92 | H62: =SUM(S59:S65) -> 867.82 | J62: =SourceП3!AT32 -> 92 | K62: =SUM(T59:T65) -> 6604.09
C63: СП от ФОТ | D63: % | E63: =SourceП3!CA32 -> 65 | H63: =SUM(U59:U65) -> 613.13 | J63: =SourceП3!AU32 -> 65 | K63: =SUM(V59:V65) -> 4665.93
C64: Затраты труда | D64: чел-ч | E64: =SourceП3!AQ32 -> 2 | G64: =SourceП3!DI32 | L64: =SourceП3!U32 -> 104
A65: =SourceП3!E33 -> 4,1 | B65: =SourceП3!F33 -> Прайс-лист ТД Видеоглаз | C65: Громкоговоритель настенный белый,80-20.000Гц,93дб,100В,6/3/1,5 LPA-6W Базисная стоимость: 146,55 = [1 316 / 1,18 / 7,61] | D65: =SourceП3!H33 -> ШТ | E65: =SourceП3!I33 -> 52 | F65: =SourceП3!AL33+SourceП3!AM33+SourceП3!AO33 -> 146.55 | H65: =ROUND(SourceП3!AC33*SourceП3!I33, 2)+ROUND(SourceП3!AD33*SourceП3!I33, 2)+ROUND(SourceП3!AF33*SourceП3!I33, 2) -> 7620.6 | J65: =IF(SourceП3!BC33<> 0, SourceП3!BC33, 1) -> 7.61 | K65: =SourceП3!O33 -> 57992.77 | S65: =ROUND((SourceП3!FX33/100)*((ROUND(SourceП3!AF33*SourceП3!I33, 2)+ROUND(SourceП3!AE33*SourceП3!I33, 2))), 2) -> 0 | T65: =SourceП3!X33 -> 0 | U65: =ROUND((SourceП3!FY33/100)*((ROUND(SourceП3!AF33*SourceП3!I33, 2)+ROUND(SourceП3!AE33*SourceП3!I33, 2))), 2) -> 0 | V65: =SourceП3!Y33 -> 0 | W65: =IF(SourceП3!BI33<=1,H65, 0) -> 0 | X65: =IF(SourceП3!BI33=2,H65, 0) -> 7620.6 | Y65: =IF(SourceП3!BI33=3,H65, 0) -> 0 | Z65: =IF(SourceП3!BI33=4,H65, 0) -> 0
G66: =H60+H61+H62+H63+SUM(H65:H65) -> 10701.59 | J66: =K60+K61+K62+K63+SUM(K65:K65) -> 81439.09 | L66: =SourceП3!U32 -> 104 | O66: =G66 -> 10701.59 | P66: =J66 -> 81439.09 | Q66: =L66 -> 104 | W66: =IF(SourceП3!BI32<=1,H60+H61+H62+H63, 0) -> 0 | X66: =IF(SourceП3!BI32=2,H60+H61+H62+H63, 0) -> 3080.99 | Y66: =IF(SourceП3!BI32=3,H60+H61+H62+H63, 0) -> 0 | Z66: =IF(SourceП3!BI32=4,H60+H61+H62+H63, 0) -> 0
A67: =SourceП3!E34 -> 5 | B67: =SourceП3!F34 -> м08-01-121-01 | C67: =SourceП3!G34 -> Аккумулятор стационарный | D67: =SourceП3!H34 -> ШТ | E67: =SourceП3!I34 -> 1 | F67: =SourceП3!AL34+SourceП3!AM34+SourceП3!AO34 -> 40.47 | I67: =SourceП3!BO34 | S67: =ROUND((SourceП3!FX34/100)*((ROUND(SourceП3!AF34*SourceП3!I34, 2)+ROUND(SourceП3!AE34*SourceП3!I34, 2))), 2) -> 18.83 | T67: =SourceП3!X34 -> 143.29 | U67: =ROUND((SourceП3!FY34/100)*((ROUND(SourceП3!AF34*SourceП3!I34, 2)+ROUND(SourceП3!AE34*SourceП3!I34, 2))), 2) -> 12.88 | V67: =SourceП3!Y34 -> 98.04
C68: Зарплата | F68: =SourceП3!AO34 -> 19.82 | G68: =SourceП3!DG34 | H68: =ROUND(SourceП3!AF34*SourceП3!I34, 2) -> 19.82 | J68: =IF(SourceП3!BA34<> 0, SourceП3!BA34, 1) -> 7.61 | K68: =SourceП3!S34 -> 150.83 | R68: =H68 -> 19.82
C69: Материальные ресурсы | F69: =SourceП3!AL34 -> 20.65 | G69: =SourceП3!DD34 | H69: =ROUND(SourceП3!AC34*SourceП3!I34, 2) -> 20.65 | J69: =IF(SourceП3!BC34<> 0, SourceП3!BC34, 1) -> 7.61 | K69: =SourceП3!P34 -> 157.15
C70: НР от ФОТ | D70: % | E70: =SourceП3!BZ34 -> 95 | H70: =SUM(S67:S73) -> 18.83 | J70: =SourceП3!AT34 -> 95 | K70: =SUM(T67:T73) -> 143.29
C71: СП от ФОТ | D71: % | E71: =SourceП3!CA34 -> 65 | H71: =SUM(U67:U73) -> 12.88 | J71: =SourceП3!AU34 -> 65 | K71: =SUM(V67:V73) -> 98.04
C72: Затраты труда | D72: чел-ч | E72: =SourceП3!AQ34 -> 2.06 | G72: =SourceП3!DI34 | L72: =SourceП3!U34 -> 2.06
A73: =SourceП3!E35 -> 5,1 | B73: =SourceП3!F35 -> 62.4.01.01-0004 | C73: =SourceП3!G35 -> Батарея аккумуляторная АКБ-7 12В/7 А/ч | D73: =SourceП3!H35 -> шт. | E73: =SourceП3!I35 -> 1 | F73: =SourceП3!AL35+SourceП3!AM35+SourceП3!AO35 -> 77.5 | H73: =ROUND(SourceП3!AC35*SourceП3!I35, 2)+ROUND(SourceП3!AD35*SourceП3!I35, 2)+ROUND(SourceП3!AF35*SourceП3!I35, 2) -> 77.5 | J73: =IF(SourceП3!BC35<> 0, SourceП3!BC35, 1) -> 7.61 | K73: =SourceП3!O35 -> 589.78 | S73: =ROUND((SourceП3!FX35/100)*((ROUND(SourceП3!AF35*SourceП3!I35, 2)+ROUND(SourceП3!AE35*SourceП3!I35, 2))), 2) -> 0 | T73: =SourceП3!X35 -> 0 | U73: =ROUND((SourceП3!FY35/100)*((ROUND(SourceП3!AF35*SourceП3!I35, 2)+ROUND(SourceП3!AE35*SourceП3!I35, 2))), 2) -> 0 | V73: =SourceП3!Y35 -> 0 | W73: =IF(SourceП3!BI35<=1,H73, 0) -> 0 | X73: =IF(SourceП3!BI35=2,H73, 0) -> 77.5 | Y73: =IF(SourceП3!BI35=3,H73, 0) -> 0 | Z73: =IF(SourceП3!BI35=4,H73, 0) -> 0
G74: =H68+H69+H70+H71+SUM(H73:H73) -> 149.68 | J74: =K68+K69+K70+K71+SUM(K73:K73) -> 1139.09 | L74: =SourceП3!U34 -> 2.06 | O74: =G74 -> 149.68 | P74: =J74 -> 1139.09 | Q74: =L74 -> 2.06 | W74: =IF(SourceП3!BI34<=1,H68+H69+H70+H71, 0) -> 0 | X74: =IF(SourceП3!BI34=2,H68+H69+H70+H71, 0) -> 72.18 | Y74: =IF(SourceП3!BI34=3,H68+H69+H70+H71, 0) -> 0 | Z74: =IF(SourceП3!BI34=4,H68+H69+H70+H71, 0) -> 0
A75: =SourceП3!E36 -> 6 | B75: =SourceП3!F36 -> м08-02-370-02 | C75: =SourceП3!G36 -> Щиток до трех групп, устанавливаемый в нише цоколя | D75: =SourceП3!H36 -> ШТ | E75: =SourceП3!I36 -> 1 | F75: =SourceП3!AL36+SourceП3!AM36+SourceП3!AO36 -> 33.42 | I75: =SourceП3!BO36 | S75: =ROUND((SourceП3!FX36/100)*((ROUND(SourceП3!AF36*SourceП3!I36, 2)+ROUND(SourceП3!AE36*SourceП3!I36, 2))), 2) -> 11.36 | T75: =SourceП3!X36 -> 86.46 | U75: =ROUND((SourceП3!FY36/100)*((ROUND(SourceП3!AF36*SourceП3!I36, 2)+ROUND(SourceП3!AE36*SourceП3!I36, 2))), 2) -> 7.77 | V75: =SourceП3!Y36 -> 59.16
C76: Зарплата | F76: =SourceП3!AO36 -> 9.45 | G76: =SourceП3!DG36 | H76: =ROUND(SourceП3!AF36*SourceП3!I36, 2) -> 9.45 | J76: =IF(SourceП3!BA36<> 0, SourceП3!BA36, 1) -> 7.61 | K76: =SourceП3!S36 -> 71.91 | R76: =H76 -> 9.45
C77: Эксплуатация машин | F77: =SourceП3!AM36 -> 17.77 | G77: =SourceП3!DE36 | H77: =ROUND(SourceП3!AD36*SourceП3!I36, 2) -> 17.77 | J77: =IF(SourceП3!BB36<> 0, SourceП3!BB36, 1) -> 7.61 | K77: =SourceП3!Q36 -> 135.23
C78: в т.ч. зарплата машинистов | F78: =SourceП3!AN36 -> 2.51 | G78: =SourceП3!DF36 | H78: =ROUND(SourceП3!AE36*SourceП3!I36, 2) -> 2.51 | J78: =IF(SourceП3!BS36<> 0, SourceП3!BS36, 1) -> 7.61 | K78: =SourceП3!R36 -> 19.1 | R78: =H78 -> 2.51
C79: Материальные ресурсы | F79: =SourceП3!AL36 -> 6.2 | G79: =SourceП3!DD36 | H79: =ROUND(SourceП3!AC36*SourceП3!I36, 2) -> 6.2 | J79: =IF(SourceП3!BC36<> 0, SourceП3!BC36, 1) -> 7.61 | K79: =SourceП3!P36 -> 47.18
C80: НР от ФОТ | D80: % | E80: =SourceП3!BZ36 -> 95 | H80: =SUM(S75:S83) -> 11.36 | J80: =SourceП3!AT36 -> 95 | K80: =SUM(T75:T83) -> 86.46
C81: СП от ФОТ | D81: % | E81: =SourceП3!CA36 -> 65 | H81: =SUM(U75:U83) -> 7.77 | J81: =SourceП3!AU36 -> 65 | K81: =SUM(V75:V83) -> 59.16
C82: Затраты труда | D82: чел-ч | E82: =SourceП3!AQ36 -> 0.9 | G82: =SourceП3!DI36 | L82: =SourceП3!U36 -> 0.9
A83: =SourceП3!E37 -> 6,1 | B83: =SourceП3!F37 -> 62.1.02.03-0003 | C83: =SourceП3!G37 -> Боксы модульные для автоматических выключателей наружной установки КМПн 2/2 | D83: =SourceП3!H37 -> 10 шт. | E83: =SourceП3!I37 -> 0.1 | F83: =SourceП3!AL37+SourceП3!AM37+SourceП3!AO37 -> 188.5 | H83: =ROUND(SourceП3!AC37*SourceП3!I37, 2)+ROUND(SourceП3!AD37*SourceП3!I37, 2)+ROUND(SourceП3!AF37*SourceП3!I37, 2) -> 18.85 | J83: =IF(SourceП3!BC37<> 0, SourceП3!BC37, 1) -> 7.61 | K83: =SourceП3!O37 -> 143.45 | S83: =ROUND((SourceП3!FX37/100)*((ROUND(SourceП3!AF37*SourceП3!I37, 2)+ROUND(SourceП3!AE37*SourceП3!I37, 2))), 2) -> 0 | T83: =SourceП3!X37 -> 0 | U83: =ROUND((SourceП3!FY37/100)*((ROUND(SourceП3!AF37*SourceП3!I37, 2)+ROUND(SourceП3!AE37*SourceП3!I37, 2))), 2) -> 0 | V83: =SourceП3!Y37 -> 0 | W83: =IF(SourceП3!BI37<=1,H83, 0) -> 0 | X83: =IF(SourceП3!BI37=2,H83, 0) -> 18.85 | Y83: =IF(SourceП3!BI37=3,H83, 0) -> 0 | Z83: =IF(SourceП3!BI37=4,H83, 0) -> 0
G84: =H76+H77+H79+H80+H81+SUM(H83:H83) -> 71.4 | J84: =K76+K77+K79+K80+K81+SUM(K83:K83) -> 543.39 | L84: =SourceП3!U36 -> 0.9 | O84: =G84 -> 71.4 | P84: =J84 -> 543.39 | Q84: =L84 -> 0.9 | W84: =IF(SourceП3!BI36<=1,H76+H77+H79+H80+H81, 0) -> 0 | X84: =IF(SourceП3!BI36=2,H76+H77+H79+H80+H81, 0) -> 52.55 | Y84: =IF(SourceП3!BI36=3,H76+H77+H79+H80+H81, 0) -> 0 | Z84: =IF(SourceП3!BI36=4,H76+H77+H79+H80+H81, 0) -> 0
A85: =SourceП3!E38 -> 7 | B85: =SourceП3!F38 -> м08-03-526-01 | C85: =SourceП3!G38 -> Автомат одно-, двух-, трехполюсный, устанавливаемый на конструкции на стене или колонне, на ток до 25 А | D85: =SourceП3!H38 -> ШТ | E85: =SourceП3!I38 -> 1 | F85: =SourceП3!AL38+SourceП3!AM38+SourceП3!AO38 -> 35.98 | I85: =SourceП3!BO38 | S85: =ROUND((SourceП3!FX38/100)*((ROUND(SourceП3!AF38*SourceП3!I38, 2)+ROUND(SourceП3!AE38*SourceП3!I38, 2))), 2) -> 14.1 | T85: =SourceП3!X38 -> 107.28 | U85: =ROUND((SourceП3!FY38/100)*((ROUND(SourceП3!AF38*SourceП3!I38, 2)+ROUND(SourceП3!AE38*SourceП3!I38, 2))), 2) -> 9.65 | V85: =SourceП3!Y38 -> 73.4
C86: Зарплата | F86: =SourceП3!AO38 -> 14.84 | G86: =SourceП3!DG38 | H86: =ROUND(SourceП3!AF38*SourceП3!I38, 2) -> 14.84 | J86: =IF(SourceП3!BA38<> 0, SourceП3!BA38, 1) -> 7.61 | K86: =SourceП3!S38 -> 112.93 | R86: =H86 -> 14.84
C87: Эксплуатация машин | F87: =SourceП3!AM38 -> 1.05 | G87: =SourceП3!DE38 | H87: =ROUND(SourceП3!AD38*SourceП3!I38, 2) -> 1.05 | J87: =IF(SourceП3!BB38<> 0, SourceП3!BB38, 1) -> 7.61 | K87: =SourceП3!Q38 -> 7.99
C88: Материальные ресурсы | F88: =SourceП3!AL38 -> 20.09 | G88: =SourceП3!DD38 | H88: =ROUND(SourceП3!AC38*SourceП3!I38, 2) -> 20.09 | J88: =IF(SourceП3!BC38<> 0, SourceП3!BC38, 1) -> 7.61 | K88: =SourceП3!P38 -> 152.88
C89: НР от ФОТ | D89: % | E89: =SourceП3!BZ38 -> 95 | H89: =SUM(S85:S92) -> 14.1 | J89: =SourceП3!AT38 -> 95 | K89: =SUM(T85:T92) -> 107.28
C90: СП от ФОТ | D90: % | E90: =SourceП3!CA38 -> 65 | H90: =SUM(U85:U92) -> 9.65 | J90: =SourceП3!AU38 -> 65 | K90: =SUM(V85:V92) -> 73.4
C91: Затраты труда | D91: чел-ч | E91: =SourceП3!AQ38 -> 1.56 | G91: =SourceП3!DI38 | L91: =SourceП3!U38 -> 1.56
A92: =SourceП3!E39 -> 7,1 | B92: =SourceП3!F39 -> 62.1.01.09-0004 | C92: =SourceП3!G39 -> Выключатели автоматические «IEK» ВА47-29 1Р 10А, характеристика С | D92: =SourceП3!H39 -> шт. | E92: =SourceП3!I39 -> 1 | F92: =SourceП3!AL39+SourceП3!AM39+SourceП3!AO39 -> 13.12 | H92: =ROUND(SourceП3!AC39*SourceП3!I39, 2)+ROUND(SourceП3!AD39*SourceП3!I39, 2)+ROUND(SourceП3!AF39*SourceП3!I39, 2) -> 13.12 | J92: =IF(SourceП3!BC39<> 0, SourceП3!BC39, 1) -> 7.61 | K92: =SourceП3!O39 -> 99.84 | S92: =ROUND((SourceП3!FX39/100)*((ROUND(SourceП3!AF39*SourceП3!I39, 2)+ROUND(SourceП3!AE39*SourceП3!I39, 2))), 2) -> 0 | T92: =SourceП3!X39 -> 0 | U92: =ROUND((SourceП3!FY39/100)*((ROUND(SourceП3!AF39*SourceП3!I39, 2)+ROUND(SourceП3!AE39*SourceП3!I39, 2))), 2) -> 0 | V92: =SourceП3!Y39 -> 0 | W92: =IF(SourceП3!BI39<=1,H92, 0) -> 0 | X92: =IF(SourceП3!BI39=2,H92, 0) -> 13.12 | Y92: =IF(SourceП3!BI39=3,H92, 0) -> 0 | Z92: =IF(SourceП3!BI39=4,H92, 0) -> 0
G93: =H86+H87+H88+H89+H90+SUM(H92:H92) -> 72.85 | J93: =K86+K87+K88+K89+K90+SUM(K92:K92) -> 554.32 | L93: =SourceП3!U38 -> 1.56 | O93: =G93 -> 72.85 | P93: =J93 -> 554.32 | Q93: =L93 -> 1.56 | W93: =IF(SourceП3!BI38<=1,H86+H87+H88+H89+H90, 0) -> 0 | X93: =IF(SourceП3!BI38=2,H86+H87+H88+H89+H90, 0) -> 59.73 | Y93: =IF(SourceП3!BI38=3,H86+H87+H88+H89+H90, 0) -> 0 | Z93: =IF(SourceП3!BI38=4,H86+H87+H88+H89+H90, 0) -> 0
A94: =SourceП3!E40 -> 8 | B94: =SourceП3!F40 -> м08-10-010-01 | C94: =SourceП3!G40 -> Прокладка труб гофрированных ПВХ для защиты проводов и кабелей | D94: =SourceП3!H40 -> 100 м | E94: =SourceП3!I40 -> 0.15 | F94: =SourceП3!AL40+SourceП3!AM40+SourceП3!AO40 -> 156.33 | I94: =SourceП3!BO40 | S94: =ROUND((SourceП3!FX40/100)*((ROUND(SourceП3!AF40*SourceП3!I40, 2)+ROUND(SourceП3!AE40*SourceП3!I40, 2))), 2) -> 19.88 | T94: =SourceП3!X40 -> 151.32 | U94: =ROUND((SourceП3!FY40/100)*((ROUND(SourceП3!AF40*SourceП3!I40, 2)+ROUND(SourceП3!AE40*SourceП3!I40, 2))), 2) -> 13.6 | V94: =SourceП3!Y40 -> 103.53
C95: Зарплата | F95: =SourceП3!AO40 -> 139.54 | G95: =SourceП3!DG40 | H95: =ROUND(SourceП3!AF40*SourceП3!I40, 2) -> 20.93 | J95: =IF(SourceП3!BA40<> 0, SourceП3!BA40, 1) -> 7.61 | K95: =SourceП3!S40 -> 159.28 | R95: =H95 -> 20.93
C96: Материальные ресурсы | F96: =SourceП3!AL40 -> 16.79 | G96: =SourceП3!DD40 | H96: =ROUND(SourceП3!AC40*SourceП3!I40, 2) -> 2.52 | J96: =IF(SourceП3!BC40<> 0, SourceП3!BC40, 1) -> 7.61 | K96: =SourceП3!P40 -> 19.17
C97: НР от ФОТ | D97: % | E97: =SourceП3!BZ40 -> 95 | H97: =SUM(S94:S100) -> 19.88 | J97: =SourceП3!AT40 -> 95 | K97: =SUM(T94:T100) -> 151.32
C98: СП от ФОТ | D98: % | E98: =SourceП3!CA40 -> 65 | H98: =SUM(U94:U100) -> 13.6 | J98: =SourceП3!AU40 -> 65 | K98: =SUM(V94:V100) -> 103.53
C99: Затраты труда | D99: чел-ч | E99: =SourceП3!AQ40 -> 15.2 | G99: =SourceП3!DI40 | L99: =SourceП3!U40 -> 2.28
A100: =SourceП3!E41 -> 8,1 | B100: =SourceП3!F41 -> 24.3.01.02-0022 | C100: =SourceП3!G41 -> Трубы гибкие гофрированные легкие из самозатухающего ПВХ (IP55) серии FL, с зондом, диаметром 20 мм | D100: =SourceП3!H41 -> 10 м | E100: =SourceП3!I41 -> 1.5 | F100: =SourceП3!AL41+SourceП3!AM41+SourceП3!AO41 -> 21.2 | H100: =ROUND(SourceП3!AC41*SourceП3!I41, 2)+ROUND(SourceП3!AD41*SourceП3!I41, 2)+ROUND(SourceП3!AF41*SourceП3!I41, 2) -> 31.8 | J100: =IF(SourceП3!BC41<> 0, SourceП3!BC41, 1) -> 7.61 | K100: =SourceП3!O41 -> 242 | S100: =ROUND((SourceП3!FX41/100)*((ROUND(SourceП3!AF41*SourceП3!I41, 2)+ROUND(SourceП3!AE41*SourceП3!I41, 2))), 2) -> 0 | T100: =SourceП3!X41 -> 0 | U100: =ROUND((SourceП3!FY41/100)*((ROUND(SourceП3!AF41*SourceП3!I41, 2)+ROUND(SourceП3!AE41*SourceП3!I41, 2))), 2) -> 0 | V100: =SourceП3!Y41 -> 0 | W100: =IF(SourceП3!BI41<=1,H100, 0) -> 0 | X100: =IF(SourceП3!BI41=2,H100, 0) -> 31.8 | Y100: =IF(SourceП3!BI41=3,H100, 0) -> 0 | Z100: =IF(SourceП3!BI41=4,H100, 0) -> 0
G101: =H95+H96+H97+H98+SUM(H100:H100) -> 88.73 | J101: =K95+K96+K97+K98+SUM(K100:K100) -> 675.3 | L101: =SourceП3!U40 -> 2.28 | O101: =G101 -> 88.73 | P101: =J101 -> 675.3 | Q101: =L101 -> 2.28 | W101: =IF(SourceП3!BI40<=1,H95+H96+H97+H98, 0) -> 0 | X101: =IF(SourceП3!BI40=2,H95+H96+H97+H98, 0) -> 56.93 | Y101: =IF(SourceП3!BI40=3,H95+H96+H97+H98, 0) -> 0 | Z101: =IF(SourceП3!BI40=4,H95+H96+H97+H98, 0) -> 0
A102: =SourceП3!E42 -> 9 | B102: =SourceП3!F42 -> м08-02-390-01 | C102: =SourceП3!G42 -> Короба пластмассовые шириной до 40 мм | D102: =SourceП3!H42 -> 100 м | E102: =SourceП3!I42 -> 3.56 | F102: =SourceП3!AL42+SourceП3!AM42+SourceП3!AO42 -> 206.76 | I102: =SourceП3!BO42 | S102: =ROUND((SourceП3!FX42/100)*((ROUND(SourceП3!AF42*SourceП3!I42, 2)+ROUND(SourceП3!AE42*SourceП3!I42, 2))), 2) -> 524.42 | T102: =SourceП3!X42 -> 3990.78 | U102: =ROUND((SourceП3!FY42/100)*((ROUND(SourceП3!AF42*SourceП3!I42, 2)+ROUND(SourceП3!AE42*SourceП3!I42, 2))), 2) -> 358.81 | V102: =SourceП3!Y42 -> 2730.53
C103: Зарплата | F103: =SourceП3!AO42 -> 154.92 | G103: =SourceП3!DG42 | H103: =ROUND(SourceП3!AF42*SourceП3!I42, 2) -> 551.52 | J103: =IF(SourceП3!BA42<> 0, SourceП3!BA42, 1) -> 7.61 | K103: =SourceП3!S42 -> 4197.03 | R103: =H103 -> 551.52
C104: Эксплуатация машин | F104: =SourceП3!AM42 -> 0.31 | G104: =SourceП3!DE42 | H104: =ROUND(SourceП3!AD42*SourceП3!I42, 2) -> 1.1 | J104: =IF(SourceП3!BB42<> 0, SourceП3!BB42, 1) -> 7.61 | K104: =SourceП3!Q42 -> 8.4
C105: в т.ч. зарплата машинистов | F105: =SourceП3!AN42 -> 0.14 | G105: =SourceП3!DF42 | H105: =ROUND(SourceП3!AE42*SourceП3!I42, 2) -> 0.5 | J105: =IF(SourceП3!BS42<> 0, SourceП3!BS42, 1) -> 7.61 | K105: =SourceП3!R42 -> 3.79 | R105: =H105 -> 0.5
C106: Материальные ресурсы | F106: =SourceП3!AL42 -> 51.53 | G106: =SourceП3!DD42 | H106: =ROUND(SourceП3!AC42*SourceП3!I42, 2) -> 183.45 | J106: =IF(SourceП3!BC42<> 0, SourceП3!BC42, 1) -> 7.61 | K106: =SourceП3!P42 -> 1396.03
C107: НР от ФОТ | D107: % | E107: =SourceП3!BZ42 -> 95 | H107: =SUM(S102:S110) -> 524.42 | J107: =SourceП3!AT42 -> 95 | K107: =SUM(T102:T110) -> 3990.78
C108: СП от ФОТ | D108: % | E108: =SourceП3!CA42 -> 65 | H108: =SUM(U102:U110) -> 358.81 | J108: =SourceП3!AU42 -> 65 | K108: =SUM(V102:V110) -> 2730.53
C109: Затраты труда | D109: чел-ч | E109: =SourceП3!AQ42 -> 16.29 | G109: =SourceП3!DI42 | L109: =SourceП3!U42 -> 57.9924
A110: =SourceП3!E43 -> 9,1 | B110: =SourceП3!F43 -> 20.2.05.04-0003 | C110: =SourceП3!G43 -> Кабель-канал 25х17 мм | D110: =SourceП3!H43 -> 100 м | E110: =SourceП3!I43 -> 3.56 | F110: =SourceП3!AL43+SourceП3!AM43+SourceП3!AO43 -> 730 | H110: =ROUND(SourceП3!AC43*SourceП3!I43, 2)+ROUND(SourceП3!AD43*SourceП3!I43, 2)+ROUND(SourceП3!AF43*SourceП3!I43, 2) -> 2598.8 | J110: =IF(SourceП3!BC43<> 0, SourceП3!BC43, 1) -> 7.61 | K110: =SourceП3!O43 -> 19776.87 | S110: =ROUND((SourceП3!FX43/100)*((ROUND(SourceП3!AF43*SourceП3!I43, 2)+ROUND(SourceП3!AE43*SourceП3!I43, 2))), 2) -> 0 | T110: =SourceП3!X43 -> 0 | U110: =ROUND((SourceП3!FY43/100)*((ROUND(SourceП3!AF43*SourceП3!I43, 2)+ROUND(SourceП3!AE43*SourceП3!I43, 2))), 2) -> 0 | V110: =SourceП3!Y43 -> 0 | W110: =IF(SourceП3!BI43<=1,H110, 0) -> 0 | X110: =IF(SourceП3!BI43=2,H110, 0) -> 2598.8 | Y110: =IF(SourceП3!BI43=3,H110, 0) -> 0 | Z110: =IF(SourceП3!BI43=4,H110, 0) -> 0
G111: =H103+H104+H106+H107+H108+SUM(H110:H110) -> 4218.1 | J111: =K103+K104+K106+K107+K108+SUM(K110:K110) -> 32099.64 | L111: =SourceП3!U42 -> 57.9924 | O111: =G111 -> 4218.1 | P111: =J111 -> 32099.64 | Q111: =L111 -> 57.9924 | W111: =IF(SourceП3!BI42<=1,H103+H104+H106+H107+H108, 0) -> 0 | X111: =IF(SourceП3!BI42=2,H103+H104+H106+H107+H108, 0) -> 1619.3 | Y111: =IF(SourceП3!BI42=3,H103+H104+H106+H107+H108, 0) -> 0 | Z111: =IF(SourceП3!BI42=4,H103+H104+H106+H107+H108, 0) -> 0
...

Sheet П4
H3: Приложение 4 к Форме 7
B10: СМЕТА
B11: =IF(SourceП4!G20<>"Новая локальная смета", SourceП4!G20, "")
B13: выполнение работ по монтажу комплекса систем пожарной безопасности в квартире № 5 в здании общежития НИЯУ МИФИ по адресу: 109263, г. Москва, ул. Шкулева, д. 27, стр. 2
G16: базовая цена | I16: текущая цена
C17: Сметная стоимость | G17: =SUM(O28:O150)/1000 -> 56.14415 | I17: =(SourceП4!F87/1000) -> 504.16308 | K17: тыс. руб.
C18: Строительные работы | G18: =SUM(W28:W150)/1000 -> 0 | I18: =(SourceП4!F74)/1000 -> 0 | K18: тыс. руб.
C19: Монтажные работы | G19: =SUM(X28:X150)/1000 -> 56.14415 | I19: =(SourceП4!F75)/1000 -> 427.25685 | K19: тыс. руб.
C20: Оборудование | G20: =SUM(Y28:Y150)/1000 -> 0 | I20: =(SourceП4!F66)/1000 -> 0 | K20: тыс. руб.
C21: Прочие работы | G21: =SUM(Z28:Z150)/1000 -> 0 | I21: =(SourceП4!F76+SourceП4!F77)/1000 -> 0 | K21: тыс. руб.
C22: Нормативная трудоемкость | G22: =I22 -> 696.9507 | I22: =(SourceП4!F79+SourceП4!F80) -> 696.9507 | K22: чел. -ч.
C23: Средства на оплату труда | G23: =SUM(R28:R150)/1000 -> 7.01997 | I23: =(SourceП4!F72+ SourceП4!F71)/1000 -> 53.42192 | K23: тыс. руб.
A25: Составлена в ценах III квартал 2017 года
A26: № п/п | B26: Шифр расценки и коды ресурсов | C26: Наименование работ и затрат | D26: Ед. изм. | E26: Кол-во единиц | F26: Цена на ед. изм. | G26: Попра-вочные коэфф. | H26: Стоимость в ценах 2001г. | I26: Пункт коэфф. пересчета | J26: Коэфф. пересчета | K26: Стоимость в текущих ценах | L26: ЗТР всего чел.-час
A27: 1 | B27: 2 | C27: 3 | D27: 4 | E27: 5 | F27: 6 | G27: 7 | H27: 8 | I27: 9 | J27: 10 | K27: 11 | L27: 12
A28: =SourceП4!E24 -> 1 | B28: =SourceП4!F24 -> м10-02-016-06 | C28: =SourceП4!G24 -> Установка контролера, блока сигнально-пускового,контрольно-пускового,блок индикации,блоки питания | D28: =SourceП4!H24 -> ШТ | E28: =SourceП4!I24 -> 3 | F28: =SourceП4!AL24+SourceП4!AM24+SourceП4!AO24 -> 199.95 | I28: =SourceП4!BO24 | S28: =ROUND((SourceП4!FX24/100)*((ROUND(SourceП4!AF24*SourceП4!I24, 2)+ROUND(SourceП4!AE24*SourceП4!I24, 2))), 2) -> 279.46 | T28: =SourceП4!X24 -> 2126.66 | U28: =ROUND((SourceП4!FY24/100)*((ROUND(SourceП4!AF24*SourceП4!I24, 2)+ROUND(SourceП4!AE24*SourceП4!I24, 2))), 2) -> 209.59 | V28: =SourceП4!Y24 -> 1595
C29: Зарплата | F29: =SourceП4!AO24 -> 112.01 | G29: =SourceП4!DG24 | H29: =ROUND(SourceП4!AF24*SourceП4!I24, 2) -> 336.03 | J29: =IF(SourceП4!BA24<> 0, SourceП4!BA24, 1) -> 7.61 | K29: =SourceП4!S24 -> 2557.19 | R29: =H29 -> 336.03
C30: Эксплуатация машин | F30: =SourceП4!AM24 -> 39.6 | G30: =SourceП4!DE24 | H30: =ROUND(SourceП4!AD24*SourceП4!I24, 2) -> 118.8 | J30: =IF(SourceП4!BB24<> 0, SourceП4!BB24, 1) -> 7.61 | K30: =SourceП4!Q24 -> 904.07
C31: в т.ч. зарплата машинистов | F31: =SourceП4!AN24 -> 4.43 | G31: =SourceП4!DF24 | H31: =ROUND(SourceП4!AE24*SourceП4!I24, 2) -> 13.29 | J31: =IF(SourceП4!BS24<> 0, SourceП4!BS24, 1) -> 7.61 | K31: =SourceП4!R24 -> 101.14 | R31: =H31 -> 13.29
C32: Материальные ресурсы | F32: =SourceП4!AL24 -> 48.34 | G32: =SourceП4!DD24 | H32: =ROUND(SourceП4!AC24*SourceП4!I24, 2) -> 145.02 | J32: =IF(SourceП4!BC24<> 0, SourceП4!BC24, 1) -> 7.61 | K32: =SourceП4!P24 -> 1103.6
C33: НР от ФОТ | D33: % | E33: =SourceП4!BZ24 -> 80 | H33: =SUM(S28:S38) -> 279.46 | J33: =SourceП4!AT24 -> 80 | K33: =SUM(T28:T38) -> 2126.66
C34: СП от ФОТ | D34: % | E34: =SourceП4!CA24 -> 60 | H34: =SUM(U28:U38) -> 209.59 | J34: =SourceП4!AU24 -> 60 | K34: =SUM(V28:V38) -> 1595
C35: Затраты труда | D35: чел-ч | E35: =SourceП4!AQ24 -> 10.1 | G35: =SourceП4!DI24 | L35: =SourceП4!U24 -> 30.3
A36: =SourceП4!E25 -> 1,1 | B36: =SourceП4!F25 -> 61.2.07.04-0002 | C36: =SourceП4!G25 -> Контроллер двухпроводной линии связи, марка "С2000-КДЛ" | D36: =SourceП4!H25 -> шт. | E36: =SourceП4!I25 -> 1 | F36: =SourceП4!AL25+SourceП4!AM25+SourceП4!AO25 -> 175.63 | H36: =ROUND(SourceП4!AC25*SourceП4!I25, 2)+ROUND(SourceП4!AD25*SourceП4!I25, 2)+ROUND(SourceП4!AF25*SourceП4!I25, 2) -> 175.63 | J36: =IF(SourceП4!BC25<> 0, SourceП4!BC25, 1) -> 7.61 | K36: =SourceП4!O25 -> 1336.54 | S36: =ROUND((SourceП4!FX25/100)*((ROUND(SourceП4!AF25*SourceП4!I25, 2)+ROUND(SourceП4!AE25*SourceП4!I25, 2))), 2) -> 0 | T36: =SourceП4!X25 -> 0 | U36: =ROUND((SourceП4!FY25/100)*((ROUND(SourceП4!AF25*SourceП4!I25, 2)+ROUND(SourceП4!AE25*SourceП4!I25, 2))), 2) -> 0 | V36: =SourceП4!Y25 -> 0 | W36: =IF(SourceП4!BI25<=1,H36, 0) -> 0 | X36: =IF(SourceП4!BI25=2,H36, 0) -> 175.63 | Y36: =IF(SourceП4!BI25=3,H36, 0) -> 0 | Z36: =IF(SourceП4!BI25=4,H36, 0) -> 0
A37: =SourceП4!E26 -> 1,2 | B37: =SourceП4!F26 -> 61.2.07.02-0034 | C37: =SourceП4!G26 -> Блок контрольно-пусковой, марка "С2000-КПБ" | D37: =SourceП4!H26 -> шт. | E37: =SourceП4!I26 -> 1 | F37: =SourceП4!AL26+SourceП4!AM26+SourceП4!AO26 -> 243.85 | H37: =ROUND(SourceП4!AC26*SourceП4!I26, 2)+ROUND(SourceП4!AD26*SourceП4!I26, 2)+ROUND(SourceП4!AF26*SourceП4!I26, 2) -> 243.85 | J37: =IF(SourceП4!BC26<> 0, SourceП4!BC26, 1) -> 7.61 | K37: =SourceП4!O26 -> 1855.7 | S37: =ROUND((SourceП4!FX26/100)*((ROUND(SourceП4!AF26*SourceП4!I26, 2)+ROUND(SourceП4!AE26*SourceП4!I26, 2))), 2) -> 0 | T37: =SourceП4!X26 -> 0 | U37: =ROUND((SourceП4!FY26/100)*((ROUND(SourceП4!AF26*SourceП4!I26, 2)+ROUND(SourceП4!AE26*SourceП4!I26, 2))), 2) -> 0 | V37: =SourceП4!Y26 -> 0 | W37: =IF(SourceП4!BI26<=1,H37, 0) -> 0 | X37: =IF(SourceП4!BI26=2,H37, 0) -> 243.85 | Y37: =IF(SourceП4!BI26=3,H37, 0) -> 0 | Z37: =IF(SourceП4!BI26=4,H37, 0) -> 0
A38: =SourceП4!E27 -> 1,3 | B38: =SourceП4!F27 -> Прайс-лист ВижнПро | C38: Источник вторичного электропитания резервирования СКАТ-1200МDIN Базисная стоимость: 189,31 = [1 700 / 1,18 / 7,61] | D38: =SourceП4!H27 -> ШТ | E38: =SourceП4!I27 -> 1 | F38: =SourceП4!AL27+SourceП4!AM27+SourceП4!AO27 -> 189.31 | H38: =ROUND(SourceП4!AC27*SourceП4!I27, 2)+ROUND(SourceП4!AD27*SourceП4!I27, 2)+ROUND(SourceП4!AF27*SourceП4!I27, 2) -> 189.31 | J38: =IF(SourceП4!BC27<> 0, SourceП4!BC27, 1) -> 7.61 | K38: =SourceП4!O27 -> 1440.65 | S38: =ROUND((SourceП4!FX27/100)*((ROUND(SourceП4!AF27*SourceП4!I27, 2)+ROUND(SourceП4!AE27*SourceП4!I27, 2))), 2) -> 0 | T38: =SourceП4!X27 -> 0 | U38: =ROUND((SourceП4!FY27/100)*((ROUND(SourceП4!AF27*SourceП4!I27, 2)+ROUND(SourceП4!AE27*SourceП4!I27, 2))), 2) -> 0 | V38: =SourceП4!Y27 -> 0 | W38: =IF(SourceП4!BI27<=1,H38, 0) -> 0 | X38: =IF(SourceП4!BI27=2,H38, 0) -> 189.31 | Y38: =IF(SourceП4!BI27=3,H38, 0) -> 0 | Z38: =IF(SourceП4!BI27=4,H38, 0) -> 0
G39: =H29+H30+H32+H33+H34+SUM(H36:H38) -> 1697.69 | J39: =K29+K30+K32+K33+K34+SUM(K36:K38) -> 12919.41 | L39: =SourceП4!U24 -> 30.3 | O39: =G39 -> 1697.69 | P39: =J39 -> 12919.41 | Q39: =L39 -> 30.3 | W39: =IF(SourceП4!BI24<=1,H29+H30+H32+H33+H34, 0) -> 0 | X39: =IF(SourceП4!BI24=2,H29+H30+H32+H33+H34, 0) -> 1088.9 | Y39: =IF(SourceП4!BI24=3,H29+H30+H32+H33+H34, 0) -> 0 | Z39: =IF(SourceП4!BI24=4,H29+H30+H32+H33+H34, 0) -> 0
A40: =SourceП4!E28 -> 2 | B40: =SourceП4!F28 -> м10-08-002-03 | C40: =SourceП4!G28 -> Извещатель ПС автоматический тепловой, дымовой, световой во взрывозащищенном исполнении | D40: =SourceП4!H28 -> ШТ | E40: =SourceП4!I28 -> 71 | F40: =SourceП4!AL28+SourceП4!AM28+SourceП4!AO28 -> 23.03 | I40: =SourceП4!BO28 | S40: =ROUND((SourceП4!FX28/100)*((ROUND(SourceП4!AF28*SourceП4!I28, 2)+ROUND(SourceП4!AE28*SourceП4!I28, 2))), 2) -> 1128.05 | T40: =SourceП4!X28 -> 8584.45 | U40: =ROUND((SourceП4!FY28/100)*((ROUND(SourceП4!AF28*SourceП4!I28, 2)+ROUND(SourceП4!AE28*SourceП4!I28, 2))), 2) -> 846.04 | V40: =SourceП4!Y28 -> 6438.34
C41: Зарплата | F41: =SourceП4!AO28 -> 19.86 | G41: =SourceП4!DG28 | H41: =ROUND(SourceП4!AF28*SourceП4!I28, 2) -> 1410.06 | J41: =IF(SourceП4!BA28<> 0, SourceП4!BA28, 1) -> 7.61 | K41: =SourceП4!S28 -> 10730.56 | R41: =H41 -> 1410.06
C42: Материальные ресурсы | F42: =SourceП4!AL28 -> 3.17 | G42: =SourceП4!DD28 | H42: =ROUND(SourceП4!AC28*SourceП4!I28, 2) -> 225.07 | J42: =IF(SourceП4!BC28<> 0, SourceП4!BC28, 1) -> 7.61 | K42: =SourceП4!P28 -> 1712.78
C43: НР от ФОТ | D43: % | E43: =SourceП4!BZ28 -> 80 | H43: =SUM(S40:S47) -> 1128.05 | J43: =SourceП4!AT28 -> 80 | K43: =SUM(T40:T47) -> 8584.45
C44: СП от ФОТ | D44: % | E44: =SourceП4!CA28 -> 60 | H44: =SUM(U40:U47) -> 846.04 | J44: =SourceП4!AU28 -> 60 | K44: =SUM(V40:V47) -> 6438.34
C45: Затраты труда | D45: чел-ч | E45: =SourceП4!AQ28 -> 1.68 | G45: =SourceП4!DI28 | L45: =SourceП4!U28 -> 119.28
A46: =SourceП4!E29 -> 2,1 | B46: =SourceП4!F29 -> 61.2.02.01-0019 | C46: =SourceП4!G29 -> Извещатель пожарный дымовой ДИП-34А-03 | D46: =SourceП4!H29 -> 10 шт. | E46: =SourceП4!I29 -> 6.7 | F46: =SourceП4!AL29+SourceП4!AM29+SourceП4!AO29 -> 1165.22 | H46: =ROUND(SourceП4!AC29*SourceП4!I29, 2)+ROUND(SourceП4!AD29*SourceП4!I29, 2)+ROUND(SourceП4!AF29*SourceП4!I29, 2) -> 7806.97 | J46: =IF(SourceП4!BC29<> 0, SourceП4!BC29, 1) -> 7.61 | K46: =SourceП4!O29 -> 59411.07 | S46: =ROUND((SourceП4!FX29/100)*((ROUND(SourceП4!AF29*SourceП4!I29, 2)+ROUND(SourceП4!AE29*SourceП4!I29, 2))), 2) -> 0 | T46: =SourceП4!X29 -> 0 | U46: =ROUND((SourceП4!FY29/100)*((ROUND(SourceП4!AF29*SourceП4!I29, 2)+ROUND(SourceП4!AE29*SourceП4!I29, 2))), 2) -> 0 | V46: =SourceП4!Y29 -> 0 | W46: =IF(SourceП4!BI29<=1,H46, 0) -> 0 | X46: =IF(SourceП4!BI29=2,H46, 0) -> 7806.97 | Y46: =IF(SourceП4!BI29=3,H46, 0) -> 0 | Z46: =IF(SourceП4!BI29=4,H46, 0) -> 0
A47: =SourceП4!E30 -> 2,2 | B47: =SourceП4!F30 -> 61.2.02.02-0051 | C47: =SourceП4!G30 -> Извещатель пожарный тепловой максимально- дифференциальный адресно-аналоговый, марка "С2000-ИП-03" | D47: =SourceП4!H30 -> шт. | E47: =SourceП4!I30 -> 4 | F47: =SourceП4!AL30+SourceП4!AM30+SourceП4!AO30 -> 137.34 | H47: =ROUND(SourceП4!AC30*SourceП4!I30, 2)+ROUND(SourceП4!AD30*SourceП4!I30, 2)+ROUND(SourceП4!AF30*SourceП4!I30, 2) -> 549.36 | J47: =IF(SourceП4!BC30<> 0, SourceП4!BC30, 1) -> 7.61 | K47: =SourceП4!O30 -> 4180.63 | S47: =ROUND((SourceП4!FX30/100)*((ROUND(SourceП4!AF30*SourceП4!I30, 2)+ROUND(SourceП4!AE30*SourceП4!I30, 2))), 2) -> 0 | T47: =SourceП4!X30 -> 0 | U47: =ROUND((SourceП4!FY30/100)*((ROUND(SourceП4!AF30*SourceП4!I30, 2)+ROUND(SourceП4!AE30*SourceП4!I30, 2))), 2) -> 0 | V47: =SourceП4!Y30 -> 0 | W47: =IF(SourceП4!BI30<=1,H47, 0) -> 0 | X47: =IF(SourceП4!BI30=2,H47, 0) -> 549.36 | Y47: =IF(SourceП4!BI30=3,H47, 0) -> 0 | Z47: =IF(SourceП4!BI30=4,H47, 0) -> 0
G48: =H41+H42+H43+H44+SUM(H46:H47) -> 11965.55 | J48: =K41+K42+K43+K44+SUM(K46:K47) -> 91057.83 | L48: =SourceП4!U28 -> 119.28 | O48: =G48 -> 11965.55 | P48: =J48 -> 91057.83 | Q48: =L48 -> 119.28 | W48: =IF(SourceП4!BI28<=1,H41+H42+H43+H44, 0) -> 0 | X48: =IF(SourceП4!BI28=2,H41+H42+H43+H44, 0) -> 3609.22 | Y48: =IF(SourceП4!BI28=3,H41+H42+H43+H44, 0) -> 0 | Z48: =IF(SourceП4!BI28=4,H41+H42+H43+H44, 0) -> 0
A49: =SourceП4!E31 -> 3 | B49: =SourceП4!F31 -> м10-01-039-06 | C49: =SourceП4!G31 -> Извещатель пожарный ручной адресный | D49: =SourceП4!H31 -> ШТ | E49: =SourceП4!I31 -> 2 | F49: =SourceП4!AL31+SourceП4!AM31+SourceП4!AO31 -> 17.4 | I49: =SourceП4!BO31 | S49: =ROUND((SourceП4!FX31/100)*((ROUND(SourceП4!AF31*SourceП4!I31, 2)+ROUND(SourceП4!AE31*SourceП4!I31, 2))), 2) -> 27.3 | T49: =SourceП4!X31 -> 207.72 | U49: =ROUND((SourceП4!FY31/100)*((ROUND(SourceП4!AF31*SourceП4!I31, 2)+ROUND(SourceП4!AE31*SourceП4!I31, 2))), 2) -> 20.47 | V49: =SourceП4!Y31 -> 155.79
C50: Зарплата | F50: =SourceП4!AO31 -> 17.06 | G50: =SourceП4!DG31 | H50: =ROUND(SourceП4!AF31*SourceП4!I31, 2) -> 34.12 | J50: =IF(SourceП4!BA31<> 0, SourceП4!BA31, 1) -> 7.61 | K50: =SourceП4!S31 -> 259.65 | R50: =H50 -> 34.12
C51: Материальные ресурсы | F51: =SourceП4!AL31 -> 0.34 | G51: =SourceП4!DD31 | H51: =ROUND(SourceП4!AC31*SourceП4!I31, 2) -> 0.68 | J51: =IF(SourceП4!BC31<> 0, SourceП4!BC31, 1) -> 7.61 | K51: =SourceП4!P31 -> 5.17
C52: НР от ФОТ | D52: % | E52: =SourceП4!BZ31 -> 80 | H52: =SUM(S49:S55) -> 27.3 | J52: =SourceП4!AT31 -> 80 | K52: =SUM(T49:T55) -> 207.72
C53: СП от ФОТ | D53: % | E53: =SourceП4!CA31 -> 60 | H53: =SUM(U49:U55) -> 20.47 | J53: =SourceП4!AU31 -> 60 | K53: =SUM(V49:V55) -> 155.79
C54: Затраты труда | D54: чел-ч | E54: =SourceП4!AQ31 -> 2 | G54: =SourceП4!DI31 | L54: =SourceП4!U31 -> 4
A55: =SourceП4!E32 -> 3,1 | B55: =SourceП4!F32 -> 61.2.02.03-0023 | C55: =SourceП4!G32 -> Извещатель пожарный ручной ИПР-513-АМ | D55: =SourceП4!H32 -> 10 шт. | E55: =SourceП4!I32 -> 2 | F55: =SourceП4!AL32+SourceП4!AM32+SourceП4!AO32 -> 289.65 | H55: =ROUND(SourceП4!AC32*SourceП4!I32, 2)+ROUND(SourceП4!AD32*SourceП4!I32, 2)+ROUND(SourceП4!AF32*SourceП4!I32, 2) -> 579.3 | J55: =IF(SourceП4!BC32<> 0, SourceП4!BC32, 1) -> 7.61 | K55: =SourceП4!O32 -> 4408.47 | S55: =ROUND((SourceП4!FX32/100)*((ROUND(SourceП4!AF32*SourceП4!I32, 2)+ROUND(SourceП4!AE32*SourceП4!I32, 2))), 2) -> 0 | T55: =SourceП4!X32 -> 0 | U55: =ROUND((SourceП4!FY32/100)*((ROUND(SourceП4!AF32*SourceП4!I32, 2)+ROUND(SourceП4!AE32*SourceП4!I32, 2))), 2) -> 0 | V55: =SourceП4!Y32 -> 0 | W55: =IF(SourceП4!BI32<=1,H55, 0) -> 0 | X55: =IF(SourceП4!BI32=2,H55, 0) -> 579.3 | Y55: =IF(SourceП4!BI32=3,H55, 0) -> 0 | Z55: =IF(SourceП4!BI32=4,H55, 0) -> 0
G56: =H50+H51+H52+H53+SUM(H55:H55) -> 661.87 | J56: =K50+K51+K52+K53+SUM(K55:K55) -> 5036.8 | L56: =SourceП4!U31 -> 4 | O56: =G56 -> 661.87 | P56: =J56 -> 5036.8 | Q56: =L56 -> 4 | W56: =IF(SourceП4!BI31<=1,H50+H51+H52+H53, 0) -> 0 | X56: =IF(SourceП4!BI31=2,H50+H51+H52+H53, 0) -> 82.57 | Y56: =IF(SourceП4!BI31=3,H50+H51+H52+H53, 0) -> 0 | Z56: =IF(SourceП4!BI31=4,H50+H51+H52+H53, 0) -> 0
A57: =SourceП4!E33 -> 4 | B57: =SourceП4!F33 -> м08-03-593-10 | C57: =SourceП4!G33 -> Световые настенные указатели | D57: =SourceП4!H33 -> 100 ШТ | E57: =SourceП4!I33 -> 2 | F57: =SourceП4!AL33+SourceП4!AM33+SourceП4!AO33 -> 1335.26 | I57: =SourceП4!BO33 | S57: =ROUND((SourceП4!FX33/100)*((ROUND(SourceП4!AF33*SourceП4!I33, 2)+ROUND(SourceП4!AE33*SourceП4!I33, 2))), 2) -> 1490.25 | T57: =SourceП4!X33 -> 11340.77 | U57: =ROUND((SourceП4!FY33/100)*((ROUND(SourceП4!AF33*SourceП4!I33, 2)+ROUND(SourceП4!AE33*SourceП4!I33, 2))), 2) -> 1019.64 | V57: =SourceП4!Y33 -> 7759.47
C58: Зарплата | F58: =SourceП4!AO33 -> 779.32 | G58: =SourceП4!DG33 | H58: =ROUND(SourceП4!AF33*SourceП4!I33, 2) -> 1558.64 | J58: =IF(SourceП4!BA33<> 0, SourceП4!BA33, 1) -> 7.61 | K58: =SourceП4!S33 -> 11861.25 | R58: =H58 -> 1558.64
C59: Эксплуатация машин | F59: =SourceП4!AM33 -> 35.54 | G59: =SourceП4!DE33 | H59: =ROUND(SourceП4!AD33*SourceП4!I33, 2) -> 71.08 | J59: =IF(SourceП4!BB33<> 0, SourceП4!BB33, 1) -> 7.61 | K59: =SourceП4!Q33 -> 540.92
C60: в т.ч. зарплата машинистов | F60: =SourceП4!AN33 -> 5.02 | G60: =SourceП4!DF33 | H60: =ROUND(SourceП4!AE33*SourceП4!I33, 2) -> 10.04 | J60: =IF(SourceП4!BS33<> 0, SourceП4!BS33, 1) -> 7.61 | K60: =SourceП4!R33 -> 76.4 | R60: =H60 -> 10.04
C61: Материальные ресурсы | F61: =SourceП4!AL33 -> 520.4 | G61: =SourceП4!DD33 | H61: =ROUND(SourceП4!AC33*SourceП4!I33, 2) -> 1040.8 | J61: =IF(SourceП4!BC33<> 0, SourceП4!BC33, 1) -> 7.61 | K61: =SourceП4!P33 -> 7920.49
C62: НР от ФОТ | D62: % | E62: =SourceП4!BZ33 -> 95 | H62: =SUM(S57:S65) -> 1490.25 | J62: =SourceП4!AT33 -> 95 | K62: =SUM(T57:T65) -> 11340.77
C63: СП от ФОТ | D63: % | E63: =SourceП4!CA33 -> 65 | H63: =SUM(U57:U65) -> 1019.64 | J63: =SourceП4!AU33 -> 65 | K63: =SUM(V57:V65) -> 7759.47
C64: Затраты труда | D64: чел-ч | E64: =SourceП4!AQ33 -> 78.56 | G64: =SourceП4!DI33 | L64: =SourceП4!U33 -> 157.12
A65: =SourceП4!E34 -> 4,1 | B65: =SourceП4!F34 -> 61.2.04.07-0008 | C65: =SourceП4!G34 -> Оповещатель световой МОЛНИЯ-12 ВЫХОД | D65: =SourceП4!H34 -> шт. | E65: =SourceП4!I34 -> 2 | F65: =SourceП4!AL34+SourceП4!AM34+SourceП4!AO34 -> 38.38 | H65: =ROUND(SourceП4!AC34*SourceП4!I34, 2)+ROUND(SourceП4!AD34*SourceП4!I34, 2)+ROUND(SourceП4!AF34*SourceП4!I34, 2) -> 76.76 | J65: =IF(SourceП4!BC34<> 0, SourceП4!BC34, 1) -> 7.61 | K65: =SourceП4!O34 -> 584.14 | S65: =ROUND((SourceП4!FX34/100)*((ROUND(SourceП4!AF34*SourceП4!I34, 2)+ROUND(SourceП4!AE34*SourceП4!I34, 2))), 2) -> 0 | T65: =SourceП4!X34 -> 0 | U65: =ROUND((SourceП4!FY34/100)*((ROUND(SourceП4!AF34*SourceП4!I34, 2)+ROUND(SourceП4!AE34*SourceП4!I34, 2))), 2) -> 0 | V65: =SourceП4!Y34 -> 0 | W65: =IF(SourceП4!BI34<=1,H65, 0) -> 0 | X65: =IF(SourceП4!BI34=2,H65, 0) -> 76.76 | Y65: =IF(SourceП4!BI34=3,H65, 0) -> 0 | Z65: =IF(SourceП4!BI34=4,H65, 0) -> 0
G66: =H58+H59+H61+H62+H63+SUM(H65:H65) -> 5257.17 | J66: =K58+K59+K61+K62+K63+SUM(K65:K65) -> 40007.04 | L66: =SourceП4!U33 -> 157.12 | O66: =G66 -> 5257.17 | P66: =J66 -> 40007.04 | Q66: =L66 -> 157.12 | W66: =IF(SourceП4!BI33<=1,H58+H59+H61+H62+H63, 0) -> 0 | X66: =IF(SourceП4!BI33=2,H58+H59+H61+H62+H63, 0) -> 5180.41 | Y66: =IF(SourceП4!BI33=3,H58+H59+H61+H62+H63, 0) -> 0 | Z66: =IF(SourceП4!BI33=4,H58+H59+H61+H62+H63, 0) -> 0
A67: =SourceП4!E35 -> 5 | B67: =SourceП4!F35 -> м08-03-572-05 | C67: =SourceП4!G35 -> Блок управления шкафного исполнения или распределительный пункт (шкаф), устанавливаемый на стене, высота и ширина до 1700х1100 мм | D67: =SourceП4!H35 -> ШТ | E67: =SourceП4!I35 -> 1 | F67: =SourceП4!AL35+SourceП4!AM35+SourceП4!AO35 -> 455.82 | I67: =SourceП4!BO35 | S67: =ROUND((SourceП4!FX35/100)*((ROUND(SourceП4!AF35*SourceП4!I35, 2)+ROUND(SourceП4!AE35*SourceП4!I35, 2))), 2) -> 40.76 | T67: =SourceП4!X35 -> 310.22 | U67: =ROUND((SourceП4!FY35/100)*((ROUND(SourceП4!AF35*SourceП4!I35, 2)+ROUND(SourceП4!AE35*SourceП4!I35, 2))), 2) -> 27.89 | V67: =SourceП4!Y35 -> 212.26
C68: Зарплата | F68: =SourceП4!AO35 -> 34.62 | G68: =SourceП4!DG35 | H68: =ROUND(SourceП4!AF35*SourceП4!I35, 2) -> 34.62 | J68: =IF(SourceП4!BA35<> 0, SourceП4!BA35, 1) -> 7.61 | K68: =SourceП4!S35 -> 263.46 | R68: =H68 -> 34.62
C69: Эксплуатация машин | F69: =SourceП4!AM35 -> 69.09 | G69: =SourceП4!DE35 | H69: =ROUND(SourceП4!AD35*SourceП4!I35, 2) -> 69.09 | J69: =IF(SourceП4!BB35<> 0, SourceП4!BB35, 1) -> 7.61 | K69: =SourceП4!Q35 -> 525.77
C70: в т.ч. зарплата машинистов | F70: =SourceП4!AN35 -> 8.29 | G70: =SourceП4!DF35 | H70: =ROUND(SourceП4!AE35*SourceП4!I35, 2) -> 8.29 | J70: =IF(SourceП4!BS35<> 0, SourceП4!BS35, 1) -> 7.61 | K70: =SourceП4!R35 -> 63.09 | R70: =H70 -> 8.29
C71: Материальные ресурсы | F71: =SourceП4!AL35 -> 352.11 | G71: =SourceП4!DD35 | H71: =ROUND(SourceП4!AC35*SourceП4!I35, 2) -> 352.11 | J71: =IF(SourceП4!BC35<> 0, SourceП4!BC35, 1) -> 7.61 | K71: =SourceП4!P35 -> 2679.56
C72: НР от ФОТ | D72: % | E72: =SourceП4!BZ35 -> 95 | H72: =SUM(S67:S75) -> 40.76 | J72: =SourceП4!AT35 -> 95 | K72: =SUM(T67:T75) -> 310.22
C73: СП от ФОТ | D73: % | E73: =SourceП4!CA35 -> 65 | H73: =SUM(U67:U75) -> 27.89 | J73: =SourceП4!AU35 -> 65 | K73: =SUM(V67:V75) -> 212.26
C74: Затраты труда | D74: чел-ч | E74: =SourceП4!AQ35 -> 3.49 | G74: =SourceП4!DI35 | L74: =SourceП4!U35 -> 3.49
A75: =SourceП4!E36 -> 5,1 | B75: =SourceП4!F36 -> Прайс-лист ООО ТРИОН | C75: Шкаф электромонтажный ШЭМ-004 Базисная стоимость: 149,22 = [1 340 / 1,18 / 7,61] | D75: =SourceП4!H36 -> ШТ | E75: =SourceП4!I36 -> 1 | F75: =SourceП4!AL36+SourceП4!AM36+SourceП4!AO36 -> 149.22 | H75: =ROUND(SourceП4!AC36*SourceП4!I36, 2)+ROUND(SourceП4!AD36*SourceП4!I36, 2)+ROUND(SourceП4!AF36*SourceП4!I36, 2) -> 149.22 | J75: =IF(SourceП4!BC36<> 0, SourceП4!BC36, 1) -> 7.61 | K75: =SourceП4!O36 -> 1135.56 | S75: =ROUND((SourceП4!FX36/100)*((ROUND(SourceП4!AF36*SourceП4!I36, 2)+ROUND(SourceП4!AE36*SourceП4!I36, 2))), 2) -> 0 | T75: =SourceП4!X36 -> 0 | U75: =ROUND((SourceП4!FY36/100)*((ROUND(SourceП4!AF36*SourceП4!I36, 2)+ROUND(SourceП4!AE36*SourceП4!I36, 2))), 2) -> 0 | V75: =SourceП4!Y36 -> 0 | W75: =IF(SourceП4!BI36<=1,H75, 0) -> 0 | X75: =IF(SourceП4!BI36=2,H75, 0) -> 149.22 | Y75: =IF(SourceП4!BI36=3,H75, 0) -> 0 | Z75: =IF(SourceП4!BI36=4,H75, 0) -> 0
G76: =H68+H69+H71+H72+H73+SUM(H75:H75) -> 673.69 | J76: =K68+K69+K71+K72+K73+SUM(K75:K75) -> 5126.83 | L76: =SourceП4!U35 -> 3.49 | O76: =G76 -> 673.69 | P76: =J76 -> 5126.83 | Q76: =L76 -> 3.49 | W76: =IF(SourceП4!BI35<=1,H68+H69+H71+H72+H73, 0) -> 0 | X76: =IF(SourceП4!BI35=2,H68+H69+H71+H72+H73, 0) -> 524.47 | Y76: =IF(SourceП4!BI35=3,H68+H69+H71+H72+H73, 0) -> 0 | Z76: =IF(SourceП4!BI35=4,H68+H69+H71+H72+H73, 0) -> 0
A77: =SourceП4!E37 -> 6 | B77: =SourceП4!F37 -> м10-04-101-07 | C77: =SourceП4!G37 -> Громкоговоритель или звуковая колонка в помещении | D77: =SourceП4!H37 -> ШТ | E77: =SourceП4!I37 -> 46 | F77: =SourceП4!AL37+SourceП4!AM37+SourceП4!AO37 -> 30.77 | I77: =SourceП4!BO37 | S77: =ROUND((SourceП4!FX37/100)*((ROUND(SourceП4!AF37*SourceП4!I37, 2)+ROUND(SourceП4!AE37*SourceП4!I37, 2))), 2) -> 767.68 | T77: =SourceП4!X37 -> 5842.08 | U77: =ROUND((SourceП4!FY37/100)*((ROUND(SourceП4!AF37*SourceП4!I37, 2)+ROUND(SourceП4!AE37*SourceП4!I37, 2))), 2) -> 542.39 | V77: =SourceП4!Y37 -> 4127.56
C78: Зарплата | F78: =SourceП4!AO37 -> 18.14 | G78: =SourceП4!DG37 | H78: =ROUND(SourceП4!AF37*SourceП4!I37, 2) -> 834.44 | J78: =IF(SourceП4!BA37<> 0, SourceП4!BA37, 1) -> 7.61 | K78: =SourceП4!S37 -> 6350.09 | R78: =H78 -> 834.44
C79: Материальные ресурсы | F79: =SourceП4!AL37 -> 12.63 | G79: =SourceП4!DD37 | H79: =ROUND(SourceП4!AC37*SourceП4!I37, 2) -> 580.98 | J79: =IF(SourceП4!BC37<> 0, SourceП4!BC37, 1) -> 7.61 | K79: =SourceП4!P37 -> 4421.26
C80: НР от ФОТ | D80: % | E80: =SourceП4!BZ37 -> 92 | H80: =SUM(S77:S83) -> 767.68 | J80: =SourceП4!AT37 -> 92 | K80: =SUM(T77:T83) -> 5842.08
C81: СП от ФОТ | D81: % | E81: =SourceП4!CA37 -> 65 | H81: =SUM(U77:U83) -> 542.39 | J81: =SourceП4!AU37 -> 65 | K81: =SUM(V77:V83) -> 4127.56
C82: Затраты труда | D82: чел-ч | E82: =SourceП4!AQ37 -> 2 | G82: =SourceП4!DI37 | L82: =SourceП4!U37 -> 92
A83: =SourceП4!E38 -> 6,1 | B83: =SourceП4!F38 -> Прайс-лист ТД Видеоглаз | C83: Громкоговоритель настенный белый,80-20.000Гц,93дб,100В,6/3/1,5 LPA-6W Базисная стоимость: 146,55 = [1 316 / 1,18 / 7,61] | D83: =SourceП4!H38 -> ШТ | E83: =SourceП4!I38 -> 46 | F83: =SourceП4!AL38+SourceП4!AM38+SourceП4!AO38 -> 146.55 | H83: =ROUND(SourceП4!AC38*SourceП4!I38, 2)+ROUND(SourceП4!AD38*SourceП4!I38, 2)+ROUND(SourceП4!AF38*SourceП4!I38, 2) -> 6741.3 | J83: =IF(SourceП4!BC38<> 0, SourceП4!BC38, 1) -> 7.61 | K83: =SourceП4!O38 -> 51301.29 | S83: =ROUND((SourceП4!FX38/100)*((ROUND(SourceП4!AF38*SourceП4!I38, 2)+ROUND(SourceП4!AE38*SourceП4!I38, 2))), 2) -> 0 | T83: =SourceП4!X38 -> 0 | U83: =ROUND((SourceП4!FY38/100)*((ROUND(SourceП4!AF38*SourceП4!I38, 2)+ROUND(SourceП4!AE38*SourceП4!I38, 2))), 2) -> 0 | V83: =SourceП4!Y38 -> 0 | W83: =IF(SourceП4!BI38<=1,H83, 0) -> 0 | X83: =IF(SourceП4!BI38=2,H83, 0) -> 6741.3 | Y83: =IF(SourceП4!BI38=3,H83, 0) -> 0 | Z83: =IF(SourceП4!BI38=4,H83, 0) -> 0
G84: =H78+H79+H80+H81+SUM(H83:H83) -> 9466.79 | J84: =K78+K79+K80+K81+SUM(K83:K83) -> 72042.28 | L84: =SourceП4!U37 -> 92 | O84: =G84 -> 9466.79 | P84: =J84 -> 72042.28 | Q84: =L84 -> 92 | W84: =IF(SourceП4!BI37<=1,H78+H79+H80+H81, 0) -> 0 | X84: =IF(SourceП4!BI37=2,H78+H79+H80+H81, 0) -> 2725.49 | Y84: =IF(SourceП4!BI37=3,H78+H79+H80+H81, 0) -> 0 | Z84: =IF(SourceП4!BI37=4,H78+H79+H80+H81, 0) -> 0
A85: =SourceП4!E39 -> 7 | B85: =SourceП4!F39 -> м08-01-121-01 | C85: =SourceП4!G39 -> Аккумулятор стационарный | D85: =SourceП4!H39 -> ШТ | E85: =SourceП4!I39 -> 1 | F85: =SourceП4!AL39+SourceП4!AM39+SourceП4!AO39 -> 40.47 | I85: =SourceП4!BO39 | S85: =ROUND((SourceП4!FX39/100)*((ROUND(SourceП4!AF39*SourceП4!I39, 2)+ROUND(SourceП4!AE39*SourceП4!I39, 2))), 2) -> 18.83 | T85: =SourceП4!X39 -> 143.29 | U85: =ROUND((SourceП4!FY39/100)*((ROUND(SourceП4!AF39*SourceП4!I39, 2)+ROUND(SourceП4!AE39*SourceП4!I39, 2))), 2) -> 12.88 | V85: =SourceП4!Y39 -> 98.04
C86: Зарплата | F86: =SourceП4!AO39 -> 19.82 | G86: =SourceП4!DG39 | H86: =ROUND(SourceП4!AF39*SourceП4!I39, 2) -> 19.82 | J86: =IF(SourceП4!BA39<> 0, SourceП4!BA39, 1) -> 7.61 | K86: =SourceП4!S39 -> 150.83 | R86: =H86 -> 19.82
C87: Материальные ресурсы | F87: =SourceП4!AL39 -> 20.65 | G87: =SourceП4!DD39 | H87: =ROUND(SourceП4!AC39*SourceП4!I39, 2) -> 20.65 | J87: =IF(SourceП4!BC39<> 0, SourceП4!BC39, 1) -> 7.61 | K87: =SourceП4!P39 -> 157.15
C88: НР от ФОТ | D88: % | E88: =SourceП4!BZ39 -> 95 | H88: =SUM(S85:S91) -> 18.83 | J88: =SourceП4!AT39 -> 95 | K88: =SUM(T85:T91) -> 143.29
C89: СП от ФОТ | D89: % | E89: =SourceП4!CA39 -> 65 | H89: =SUM(U85:U91) -> 12.88 | J89: =SourceП4!AU39 -> 65 | K89: =SUM(V85:V91) -> 98.04
C90: Затраты труда | D90: чел-ч | E90: =SourceП4!AQ39 -> 2.06 | G90: =SourceП4!DI39 | L90: =SourceП4!U39 -> 2.06
A91: =SourceП4!E40 -> 7,1 | B91: =SourceП4!F40 -> 62.4.01.01-0004 | C91: =SourceП4!G40 -> Батарея аккумуляторная АКБ-7 12В/7 А/ч | D91: =SourceП4!H40 -> шт. | E91: =SourceП4!I40 -> 1 | F91: =SourceП4!AL40+SourceП4!AM40+SourceП4!AO40 -> 77.5 | H91: =ROUND(SourceП4!AC40*SourceП4!I40, 2)+ROUND(SourceП4!AD40*SourceП4!I40, 2)+ROUND(SourceП4!AF40*SourceП4!I40, 2) -> 77.5 | J91: =IF(SourceП4!BC40<> 0, SourceП4!BC40, 1) -> 7.61 | K91: =SourceП4!O40 -> 589.78 | S91: =ROUND((SourceП4!FX40/100)*((ROUND(SourceП4!AF40*SourceП4!I40, 2)+ROUND(SourceП4!AE40*SourceП4!I40, 2))), 2) -> 0 | T91: =SourceП4!X40 -> 0 | U91: =ROUND((SourceП4!FY40/100)*((ROUND(SourceП4!AF40*SourceП4!I40, 2)+ROUND(SourceП4!AE40*SourceП4!I40, 2))), 2) -> 0 | V91: =SourceП4!Y40 -> 0 | W91: =IF(SourceП4!BI40<=1,H91, 0) -> 0 | X91: =IF(SourceП4!BI40=2,H91, 0) -> 77.5 | Y91: =IF(SourceП4!BI40=3,H91, 0) -> 0 | Z91: =IF(SourceП4!BI40=4,H91, 0) -> 0
G92: =H86+H87+H88+H89+SUM(H91:H91) -> 149.68 | J92: =K86+K87+K88+K89+SUM(K91:K91) -> 1139.09 | L92: =SourceП4!U39 -> 2.06 | O92: =G92 -> 149.68 | P92: =J92 -> 1139.09 | Q92: =L92 -> 2.06 | W92: =IF(SourceП4!BI39<=1,H86+H87+H88+H89, 0) -> 0 | X92: =IF(SourceП4!BI39=2,H86+H87+H88+H89, 0) -> 72.18 | Y92: =IF(SourceП4!BI39=3,H86+H87+H88+H89, 0) -> 0 | Z92: =IF(SourceП4!BI39=4,H86+H87+H88+H89, 0) -> 0
A93: =SourceП4!E41 -> 8 | B93: =SourceП4!F41 -> м08-02-370-02 | C93: =SourceП4!G41 -> Щиток до трех групп, устанавливаемый в нише цоколя | D93: =SourceП4!H41 -> ШТ | E93: =SourceП4!I41 -> 1 | F93: =SourceП4!AL41+SourceП4!AM41+SourceП4!AO41 -> 33.42 | I93: =SourceП4!BO41 | S93: =ROUND((SourceП4!FX41/100)*((ROUND(SourceП4!AF41*SourceП4!I41, 2)+ROUND(SourceП4!AE41*SourceП4!I41, 2))), 2) -> 11.36 | T93: =SourceП4!X41 -> 86.46 | U93: =ROUND((SourceП4!FY41/100)*((ROUND(SourceП4!AF41*SourceП4!I41, 2)+ROUND(SourceП4!AE41*SourceП4!I41, 2))), 2) -> 7.77 | V93: =SourceП4!Y41 -> 59.16
C94: Зарплата | F94: =SourceП4!AO41 -> 9.45 | G94: =SourceП4!DG41 | H94: =ROUND(SourceП4!AF41*SourceП4!I41, 2) -> 9.45 | J94: =IF(SourceП4!BA41<> 0, SourceП4!BA41, 1) -> 7.61 | K94: =SourceП4!S41 -> 71.91 | R94: =H94 -> 9.45
C95: Эксплуатация машин | F95: =SourceП4!AM41 -> 17.77 | G95: =SourceП4!DE41 | H95: =ROUND(SourceП4!AD41*SourceП4!I41, 2) -> 17.77 | J95: =IF(SourceП4!BB41<> 0, SourceП4!BB41, 1) -> 7.61 | K95: =SourceП4!Q41 -> 135.23
C96: в т.ч. зарплата машинистов | F96: =SourceП4!AN41 -> 2.51 | G96: =SourceП4!DF41 | H96: =ROUND(SourceП4!AE41*SourceП4!I41, 2) -> 2.51 | J96: =IF(SourceП4!BS41<> 0, SourceП4!BS41, 1) -> 7.61 | K96: =SourceП4!R41 -> 19.1 | R96: =H96 -> 2.51
C97: Материальные ресурсы | F97: =SourceП4!AL41 -> 6.2 | G97: =SourceП4!DD41 | H97: =ROUND(SourceП4!AC41*SourceП4!I41, 2) -> 6.2 | J97: =IF(SourceП4!BC41<> 0, SourceП4!BC41, 1) -> 7.61 | K97: =SourceП4!P41 -> 47.18
C98: НР от ФОТ | D98: % | E98: =SourceП4!BZ41 -> 95 | H98: =SUM(S93:S101) -> 11.36 | J98: =SourceП4!AT41 -> 95 | K98: =SUM(T93:T101) -> 86.46
C99: СП от ФОТ | D99: % | E99: =SourceП4!CA41 -> 65 | H99: =SUM(U93:U101) -> 7.77 | J99: =SourceП4!AU41 -> 65 | K99: =SUM(V93:V101) -> 59.16
C100: Затраты труда | D100: чел-ч | E100: =SourceП4!AQ41 -> 0.9 | G100: =SourceП4!DI41 | L100: =SourceП4!U41 -> 0.9
A101: =SourceП4!E42 -> 8,1 | B101: =SourceП4!F42 -> 62.1.02.03-0003 | C101: =SourceП4!G42 -> Боксы модульные для автоматических выключателей наружной установки КМПн 2/2 | D101: =SourceП4!H42 -> 10 шт. | E101: =SourceП4!I42 -> 0.1 | F101: =SourceП4!AL42+SourceП4!AM42+SourceП4!AO42 -> 188.5 | H101: =ROUND(SourceП4!AC42*SourceП4!I42, 2)+ROUND(SourceП4!AD42*SourceП4!I42, 2)+ROUND(SourceП4!AF42*SourceП4!I42, 2) -> 18.85 | J101: =IF(SourceП4!BC42<> 0, SourceП4!BC42, 1) -> 7.61 | K101: =SourceП4!O42 -> 143.45 | S101: =ROUND((SourceП4!FX42/100)*((ROUND(SourceП4!AF42*SourceП4!I42, 2)+ROUND(SourceП4!AE42*SourceП4!I42, 2))), 2) -> 0 | T101: =SourceП4!X42 -> 0 | U101: =ROUND((SourceП4!FY42/100)*((ROUND(SourceП4!AF42*SourceП4!I42, 2)+ROUND(SourceП4!AE42*SourceП4!I42, 2))), 2) -> 0 | V101: =SourceП4!Y42 -> 0 | W101: =IF(SourceП4!BI42<=1,H101, 0) -> 0 | X101: =IF(SourceП4!BI42=2,H101, 0) -> 18.85 | Y101: =IF(SourceП4!BI42=3,H101, 0) -> 0 | Z101: =IF(SourceП4!BI42=4,H101, 0) -> 0
G102: =H94+H95+H97+H98+H99+SUM(H101:H101) -> 71.4 | J102: =K94+K95+K97+K98+K99+SUM(K101:K101) -> 543.39 | L102: =SourceП4!U41 -> 0.9 | O102: =G102 -> 71.4 | P102: =J102 -> 543.39 | Q102: =L102 -> 0.9 | W102: =IF(SourceП4!BI41<=1,H94+H95+H97+H98+H99, 0) -> 0 | X102: =IF(SourceП4!BI41=2,H94+H95+H97+H98+H99, 0) -> 52.55 | Y102: =IF(SourceП4!BI41=3,H94+H95+H97+H98+H99, 0) -> 0 | Z102: =IF(SourceП4!BI41=4,H94+H95+H97+H98+H99, 0) -> 0
A103: =SourceП4!E43 -> 9 | B103: =SourceП4!F43 -> м08-03-526-01 | C103: =SourceП4!G43 -> Автомат одно-, двух-, трехполюсный, устанавливаемый на конструкции на стене или колонне, на ток до 25 А | D103: =SourceП4!H43 -> ШТ | E103: =SourceП4!I43 -> 1 | F103: =SourceП4!AL43+SourceП4!AM43+SourceП4!AO43 -> 35.98 | I103: =SourceП4!BO43 | S103: =ROUND((SourceП4!FX43/100)*((ROUND(SourceП4!AF43*SourceП4!I43, 2)+ROUND(SourceП4!AE43*SourceП4!I43, 2))), 2) -> 14.1 | T103: =SourceП4!X43 -> 107.28 | U103: =ROUND((SourceП4!FY43/100)*((ROUND(SourceП4!AF43*SourceП4!I43, 2)+ROUND(SourceП4!AE43*SourceП4!I43, 2))), 2) -> 9.65 | V103: =SourceП4!Y43 -> 73.4
C104: Зарплата | F104: =SourceП4!AO43 -> 14.84 | G104: =SourceП4!DG43 | H104: =ROUND(SourceП4!AF43*SourceП4!I43, 2) -> 14.84 | J104: =IF(SourceП4!BA43<> 0, SourceП4!BA43, 1) -> 7.61 | K104: =SourceП4!S43 -> 112.93 | R104: =H104 -> 14.84
C105: Эксплуатация машин | F105: =SourceП4!AM43 -> 1.05 | G105: =SourceП4!DE43 | H105: =ROUND(SourceП4!AD43*SourceП4!I43, 2) -> 1.05 | J105: =IF(SourceП4!BB43<> 0, SourceП4!BB43, 1) -> 7.61 | K105: =SourceП4!Q43 -> 7.99
C106: Материальные ресурсы | F106: =SourceП4!AL43 -> 20.09 | G106: =SourceП4!DD43 | H106: =ROUND(SourceП4!AC43*SourceП4!I43, 2) -> 20.09 | J106: =IF(SourceП4!BC43<> 0, SourceП4!BC43, 1) -> 7.61 | K106: =SourceП4!P43 -> 152.88
C107: НР от ФОТ | D107: % | E107: =SourceП4!BZ43 -> 95 | H107: =SUM(S103:S110) -> 14.1 | J107: =SourceП4!AT43 -> 95 | K107: =SUM(T103:T110) -> 107.28
C108: СП от ФОТ | D108: % | E108: =SourceП4!CA43 -> 65 | H108: =SUM(U103:U110) -> 9.65 | J108: =SourceП4!AU43 -> 65 | K108: =SUM(V103:V110) -> 73.4
C109: Затраты труда | D109: чел-ч | E109: =SourceП4!AQ43 -> 1.56 | G109: =SourceП4!DI43 | L109: =SourceП4!U43 -> 1.56
A110: =SourceП4!E44 -> 9,1 | B110: =SourceП4!F44 -> 62.1.01.09-0004 | C110: =SourceП4!G44 -> Выключатели автоматические «IEK» ВА47-29 1Р 10А, характеристика С | D110: =SourceП4!H44 -> шт. | E110: =SourceП4!I44 -> 1 | F110: =SourceП4!AL44+SourceП4!AM44+SourceП4!AO44 -> 13.12 | H110: =ROUND(SourceП4!AC44*SourceП4!I44, 2)+ROUND(SourceП4!AD44*SourceП4!I44, 2)+ROUND(SourceП4!AF44*SourceП4!I44, 2) -> 13.12 | J110: =IF(SourceП4!BC44<> 0, SourceП4!BC44, 1) -> 7.61 | K110: =SourceП4!O44 -> 99.84 | S110: =ROUND((SourceП4!FX44/100)*((ROUND(SourceП4!AF44*SourceП4!I44, 2)+ROUND(SourceП4!AE44*SourceП4!I44, 2))), 2) -> 0 | T110: =SourceП4!X44 -> 0 | U110: =ROUND((SourceП4!FY44/100)*((ROUND(SourceП4!AF44*SourceП4!I44, 2)+ROUND(SourceП4!AE44*SourceП4!I44, 2))), 2) -> 0 | V110: =SourceП4!Y44 -> 0 | W110: =IF(SourceП4!BI44<=1,H110, 0) -> 0 | X110: =IF(SourceП4!BI44=2,H110, 0) -> 13.12 | Y110: =IF(SourceП4!BI44=3,H110, 0) -> 0 | Z110: =IF(SourceП4!BI44=4,H110, 0) -> 0
G111: =H104+H105+H106+H107+H108+SUM(H110:H110) -> 72.85 | J111: =K104+K105+K106+K107+K108+SUM(K110:K110) -> 554.32 | L111: =SourceП4!U43 -> 1.56 | O111: =G111 -> 72.85 | P111: =J111 -> 554.32 | Q111: =L111 -> 1.56 | W111: =IF(SourceП4!BI43<=1,H104+H105+H106+H107+H108, 0) -> 0 | X111: =IF(SourceП4!BI43=2,H104+H105+H106+H107+H108, 0) -> 59.73 | Y111: =IF(SourceП4!BI43=3,H104+H105+H106+H107+H108, 0) -> 0 | Z111: =IF(SourceП4!BI43=4,H104+H105+H106+H107+H108, 0) -> 0
A112: =SourceП4!E45 -> 10 | B112: =SourceП4!F45 -> м08-10-010-01 | C112: =SourceП4!G45 -> Прокладка труб гофрированных ПВХ для защиты проводов и кабелей | D112: =SourceП4!H45 -> 100 м | E112: =SourceП4!I45 -> 0.15 | F112: =SourceП4!AL45+SourceП4!AM45+SourceП4!AO45 -> 156.33 | I112: =SourceП4!BO45 | S112: =ROUND((SourceП4!FX45/100)*((ROUND(SourceП4!AF45*SourceП4!I45, 2)+ROUND(SourceП4!AE45*SourceП4!I45, 2))), 2) -> 19.88 | T112: =SourceП4!X45 -> 151.32 | U112: =ROUND((SourceП4!FY45/100)*((ROUND(SourceП4!AF45*SourceП4!I45, 2)+ROUND(SourceП4!AE45*SourceП4!I45, 2))), 2) -> 13.6 | V112: =SourceП4!Y45 -> 103.53
...

Sheet П5
H3: Приложение 5 к Форме 7
B10: СМЕТА
B12: =IF(SourceП5!G20<>"Новая локальная смета", SourceП5!G20, "")
B14: выполнение работ по монтажу комплекса систем пожарной безопасности в квартире № 6 в здании общежития НИЯУ МИФИ по адресу: 109263, г. Москва, ул. Шкулева, д. 27, стр. 2
B15: (наименование работ и затрат, наименование объекта)
A17: =CONCATENATE("Основание: ", SourceП5!J20) -> Основание:
G20: базовая цена | I20: текущая цена
C21: Сметная стоимость | G21: =SUM(O32:O154)/1000 -> 55.59583 | I21: =(SourceП5!F87/1000) -> 499.23945 | K21: тыс. руб.
C22: Строительные работы | G22: =SUM(W32:W154)/1000 -> 0 | I22: =(SourceП5!F74)/1000 -> 0 | K22: тыс. руб.
C23: Монтажные работы | G23: =SUM(X32:X154)/1000 -> 55.59583 | I23: =(SourceП5!F75)/1000 -> 423.08428 | K23: тыс. руб.
C24: Оборудование | G24: =SUM(Y32:Y154)/1000 -> 0 | I24: =(SourceП5!F66)/1000 -> 0 | K24: тыс. руб.
C25: Прочие работы | G25: =SUM(Z32:Z154)/1000 -> 0 | I25: =(SourceП5!F76+SourceП5!F77)/1000 -> 0 | K25: тыс. руб.
C26: Нормативная трудоемкость | G26: =I26 -> 589.2218 | I26: =(SourceП5!F79+SourceП5!F80) -> 589.2218 | K26: чел. -ч.
C27: Средства на оплату труда | G27: =SUM(R32:R154)/1000 -> 5.99054 | I27: =(SourceП5!F72+ SourceП5!F71)/1000 -> 45.58797 | K27: тыс. руб.
A29: Составлена в ценах III квартал 2017 года
A30: № п/п | B30: Шифр расценки и коды ресурсов | C30: Наименование работ и затрат | D30: Ед. изм. | E30: Кол-во единиц | F30: Цена на ед. изм. | G30: Попра-вочные коэфф. | H30: Стоимость в ценах 2001г. | I30: Пункт коэфф. пересчета | J30: Коэфф. пересчета | K30: Стоимость в текущих ценах | L30: ЗТР всего чел.-час
A31: 1 | B31: 2 | C31: 3 | D31: 4 | E31: 5 | F31: 6 | G31: 7 | H31: 8 | I31: 9 | J31: 10 | K31: 11 | L31: 12
A32: =SourceП5!E24 -> 1 | B32: =SourceП5!F24 -> м10-02-016-06 | C32: =SourceП5!G24 -> Установка контролера, блока сигнально-пускового,контрольно-пускового,блок индикации,блоки питания | D32: =SourceП5!H24 -> ШТ | E32: =SourceП5!I24 -> 3 | F32: =SourceП5!AL24+SourceП5!AM24+SourceП5!AO24 -> 199.95 | I32: =SourceП5!BO24 | S32: =ROUND((SourceП5!FX24/100)*((ROUND(SourceП5!AF24*SourceП5!I24, 2)+ROUND(SourceП5!AE24*SourceП5!I24, 2))), 2) -> 279.46 | T32: =SourceП5!X24 -> 2126.66 | U32: =ROUND((SourceП5!FY24/100)*((ROUND(SourceП5!AF24*SourceП5!I24, 2)+ROUND(SourceП5!AE24*SourceП5!I24, 2))), 2) -> 209.59 | V32: =SourceП5!Y24 -> 1595
C33: Зарплата | F33: =SourceП5!AO24 -> 112.01 | G33: =SourceП5!DG24 | H33: =ROUND(SourceП5!AF24*SourceП5!I24, 2) -> 336.03 | J33: =IF(SourceП5!BA24<> 0, SourceП5!BA24, 1) -> 7.61 | K33: =SourceП5!S24 -> 2557.19 | R33: =H33 -> 336.03
C34: Эксплуатация машин | F34: =SourceП5!AM24 -> 39.6 | G34: =SourceП5!DE24 | H34: =ROUND(SourceП5!AD24*SourceП5!I24, 2) -> 118.8 | J34: =IF(SourceП5!BB24<> 0, SourceП5!BB24, 1) -> 7.61 | K34: =SourceП5!Q24 -> 904.07
C35: в т.ч. зарплата машинистов | F35: =SourceП5!AN24 -> 4.43 | G35: =SourceП5!DF24 | H35: =ROUND(SourceП5!AE24*SourceП5!I24, 2) -> 13.29 | J35: =IF(SourceП5!BS24<> 0, SourceП5!BS24, 1) -> 7.61 | K35: =SourceП5!R24 -> 101.14 | R35: =H35 -> 13.29
C36: Материальные ресурсы | F36: =SourceП5!AL24 -> 48.34 | G36: =SourceП5!DD24 | H36: =ROUND(SourceП5!AC24*SourceП5!I24, 2) -> 145.02 | J36: =IF(SourceП5!BC24<> 0, SourceП5!BC24, 1) -> 7.61 | K36: =SourceП5!P24 -> 1103.6
C37: НР от ФОТ | D37: % | E37: =SourceП5!BZ24 -> 80 | H37: =SUM(S32:S42) -> 279.46 | J37: =SourceП5!AT24 -> 80 | K37: =SUM(T32:T42) -> 2126.66
C38: СП от ФОТ | D38: % | E38: =SourceП5!CA24 -> 60 | H38: =SUM(U32:U42) -> 209.59 | J38: =SourceП5!AU24 -> 60 | K38: =SUM(V32:V42) -> 1595
C39: Затраты труда | D39: чел-ч | E39: =SourceП5!AQ24 -> 10.1 | G39: =SourceП5!DI24 | L39: =SourceП5!U24 -> 30.3
A40: =SourceП5!E25 -> 1,1 | B40: =SourceП5!F25 -> 61.2.07.04-0002 | C40: =SourceП5!G25 -> Контроллер двухпроводной линии связи, марка "С2000-КДЛ" | D40: =SourceП5!H25 -> шт. | E40: =SourceП5!I25 -> 1 | F40: =SourceП5!AL25+SourceП5!AM25+SourceП5!AO25 -> 175.63 | H40: =ROUND(SourceП5!AC25*SourceП5!I25, 2)+ROUND(SourceП5!AD25*SourceП5!I25, 2)+ROUND(SourceП5!AF25*SourceП5!I25, 2) -> 175.63 | J40: =IF(SourceП5!BC25<> 0, SourceП5!BC25, 1) -> 7.61 | K40: =SourceП5!O25 -> 1336.54 | S40: =ROUND((SourceП5!FX25/100)*((ROUND(SourceП5!AF25*SourceП5!I25, 2)+ROUND(SourceП5!AE25*SourceП5!I25, 2))), 2) -> 0 | T40: =SourceП5!X25 -> 0 | U40: =ROUND((SourceП5!FY25/100)*((ROUND(SourceП5!AF25*SourceП5!I25, 2)+ROUND(SourceП5!AE25*SourceП5!I25, 2))), 2) -> 0 | V40: =SourceП5!Y25 -> 0 | W40: =IF(SourceП5!BI25<=1,H40, 0) -> 0 | X40: =IF(SourceП5!BI25=2,H40, 0) -> 175.63 | Y40: =IF(SourceП5!BI25=3,H40, 0) -> 0 | Z40: =IF(SourceП5!BI25=4,H40, 0) -> 0
A41: =SourceП5!E26 -> 1,2 | B41: =SourceП5!F26 -> 61.2.07.02-0034 | C41: =SourceП5!G26 -> Блок контрольно-пусковой, марка "С2000-КПБ" | D41: =SourceП5!H26 -> шт. | E41: =SourceП5!I26 -> 1 | F41: =SourceП5!AL26+SourceП5!AM26+SourceП5!AO26 -> 243.85 | H41: =ROUND(SourceП5!AC26*SourceП5!I26, 2)+ROUND(SourceП5!AD26*SourceП5!I26, 2)+ROUND(SourceП5!AF26*SourceП5!I26, 2) -> 243.85 | J41: =IF(SourceП5!BC26<> 0, SourceП5!BC26, 1) -> 7.61 | K41: =SourceП5!O26 -> 1855.7 | S41: =ROUND((SourceП5!FX26/100)*((ROUND(SourceП5!AF26*SourceП5!I26, 2)+ROUND(SourceП5!AE26*SourceП5!I26, 2))), 2) -> 0 | T41: =SourceП5!X26 -> 0 | U41: =ROUND((SourceП5!FY26/100)*((ROUND(SourceП5!AF26*SourceП5!I26, 2)+ROUND(SourceП5!AE26*SourceП5!I26, 2))), 2) -> 0 | V41: =SourceП5!Y26 -> 0 | W41: =IF(SourceП5!BI26<=1,H41, 0) -> 0 | X41: =IF(SourceП5!BI26=2,H41, 0) -> 243.85 | Y41: =IF(SourceП5!BI26=3,H41, 0) -> 0 | Z41: =IF(SourceП5!BI26=4,H41, 0) -> 0
A42: =SourceП5!E27 -> 1,3 | B42: =SourceП5!F27 -> Прайс-лист ВижнПро | C42: Источник вторичного электропитания резервирования СКАТ-1200МDIN Базисная стоимость: 189,31 = [1 700 / 1,18 / 7,61] | D42: =SourceП5!H27 -> ШТ | E42: =SourceП5!I27 -> 1 | F42: =SourceП5!AL27+SourceП5!AM27+SourceП5!AO27 -> 189.31 | H42: =ROUND(SourceП5!AC27*SourceП5!I27, 2)+ROUND(SourceП5!AD27*SourceП5!I27, 2)+ROUND(SourceП5!AF27*SourceП5!I27, 2) -> 189.31 | J42: =IF(SourceП5!BC27<> 0, SourceП5!BC27, 1) -> 7.61 | K42: =SourceП5!O27 -> 1440.65 | S42: =ROUND((SourceП5!FX27/100)*((ROUND(SourceП5!AF27*SourceП5!I27, 2)+ROUND(SourceП5!AE27*SourceП5!I27, 2))), 2) -> 0 | T42: =SourceП5!X27 -> 0 | U42: =ROUND((SourceП5!FY27/100)*((ROUND(SourceП5!AF27*SourceП5!I27, 2)+ROUND(SourceП5!AE27*SourceП5!I27, 2))), 2) -> 0 | V42: =SourceП5!Y27 -> 0 | W42: =IF(SourceП5!BI27<=1,H42, 0) -> 0 | X42: =IF(SourceП5!BI27=2,H42, 0) -> 189.31 | Y42: =IF(SourceП5!BI27=3,H42, 0) -> 0 | Z42: =IF(SourceП5!BI27=4,H42, 0) -> 0
G43: =H33+H34+H36+H37+H38+SUM(H40:H42) -> 1697.69 | J43: =K33+K34+K36+K37+K38+SUM(K40:K42) -> 12919.41 | L43: =SourceП5!U24 -> 30.3 | O43: =G43 -> 1697.69 | P43: =J43 -> 12919.41 | Q43: =L43 -> 30.3 | W43: =IF(SourceП5!BI24<=1,H33+H34+H36+H37+H38, 0) -> 0 | X43: =IF(SourceП5!BI24=2,H33+H34+H36+H37+H38, 0) -> 1088.9 | Y43: =IF(SourceП5!BI24=3,H33+H34+H36+H37+H38, 0) -> 0 | Z43: =IF(SourceП5!BI24=4,H33+H34+H36+H37+H38, 0) -> 0
A44: =SourceП5!E28 -> 2 | B44: =SourceП5!F28 -> м10-08-002-03 | C44: =SourceП5!G28 -> Извещатель ПС автоматический тепловой, дымовой, световой во взрывозащищенном исполнении | D44: =SourceП5!H28 -> ШТ | E44: =SourceП5!I28 -> 88 | F44: =SourceП5!AL28+SourceП5!AM28+SourceП5!AO28 -> 23.03 | I44: =SourceП5!BO28 | S44: =ROUND((SourceП5!FX28/100)*((ROUND(SourceП5!AF28*SourceП5!I28, 2)+ROUND(SourceП5!AE28*SourceП5!I28, 2))), 2) -> 1398.14 | T44: =SourceП5!X28 -> 10639.87 | U44: =ROUND((SourceП5!FY28/100)*((ROUND(SourceП5!AF28*SourceП5!I28, 2)+ROUND(SourceП5!AE28*SourceП5!I28, 2))), 2) -> 1048.61 | V44: =SourceП5!Y28 -> 7979.9
C45: Зарплата | F45: =SourceП5!AO28 -> 19.86 | G45: =SourceП5!DG28 | H45: =ROUND(SourceП5!AF28*SourceП5!I28, 2) -> 1747.68 | J45: =IF(SourceП5!BA28<> 0, SourceП5!BA28, 1) -> 7.61 | K45: =SourceП5!S28 -> 13299.84 | R45: =H45 -> 1747.68
C46: Материальные ресурсы | F46: =SourceП5!AL28 -> 3.17 | G46: =SourceП5!DD28 | H46: =ROUND(SourceП5!AC28*SourceП5!I28, 2) -> 278.96 | J46: =IF(SourceП5!BC28<> 0, SourceП5!BC28, 1) -> 7.61 | K46: =SourceП5!P28 -> 2122.89
C47: НР от ФОТ | D47: % | E47: =SourceП5!BZ28 -> 80 | H47: =SUM(S44:S51) -> 1398.14 | J47: =SourceП5!AT28 -> 80 | K47: =SUM(T44:T51) -> 10639.87
C48: СП от ФОТ | D48: % | E48: =SourceП5!CA28 -> 60 | H48: =SUM(U44:U51) -> 1048.61 | J48: =SourceП5!AU28 -> 60 | K48: =SUM(V44:V51) -> 7979.9
C49: Затраты труда | D49: чел-ч | E49: =SourceП5!AQ28 -> 1.68 | G49: =SourceП5!DI28 | L49: =SourceП5!U28 -> 147.84
A50: =SourceП5!E29 -> 2,1 | B50: =SourceП5!F29 -> 61.2.02.01-0019 | C50: =SourceП5!G29 -> Извещатель пожарный дымовой ДИП-34А-03 | D50: =SourceП5!H29 -> 10 шт. | E50: =SourceП5!I29 -> 8.4 | F50: =SourceП5!AL29+SourceП5!AM29+SourceП5!AO29 -> 1165.22 | H50: =ROUND(SourceП5!AC29*SourceП5!I29, 2)+ROUND(SourceП5!AD29*SourceП5!I29, 2)+ROUND(SourceП5!AF29*SourceП5!I29, 2) -> 9787.85 | J50: =IF(SourceП5!BC29<> 0, SourceП5!BC29, 1) -> 7.61 | K50: =SourceП5!O29 -> 74485.52 | S50: =ROUND((SourceП5!FX29/100)*((ROUND(SourceП5!AF29*SourceП5!I29, 2)+ROUND(SourceП5!AE29*SourceП5!I29, 2))), 2) -> 0 | T50: =SourceП5!X29 -> 0 | U50: =ROUND((SourceП5!FY29/100)*((ROUND(SourceП5!AF29*SourceП5!I29, 2)+ROUND(SourceП5!AE29*SourceП5!I29, 2))), 2) -> 0 | V50: =SourceП5!Y29 -> 0 | W50: =IF(SourceП5!BI29<=1,H50, 0) -> 0 | X50: =IF(SourceП5!BI29=2,H50, 0) -> 9787.85 | Y50: =IF(SourceП5!BI29=3,H50, 0) -> 0 | Z50: =IF(SourceП5!BI29=4,H50, 0) -> 0
A51: =SourceП5!E30 -> 2,2 | B51: =SourceП5!F30 -> 61.2.02.02-0051 | C51: =SourceП5!G30 -> Извещатель пожарный тепловой максимально- дифференциальный адресно-аналоговый, марка "С2000-ИП-03" | D51: =SourceП5!H30 -> шт. | E51: =SourceП5!I30 -> 4 | F51: =SourceП5!AL30+SourceП5!AM30+SourceП5!AO30 -> 137.34 | H51: =ROUND(SourceП5!AC30*SourceП5!I30, 2)+ROUND(SourceП5!AD30*SourceП5!I30, 2)+ROUND(SourceП5!AF30*SourceП5!I30, 2) -> 549.36 | J51: =IF(SourceП5!BC30<> 0, SourceП5!BC30, 1) -> 7.61 | K51: =SourceП5!O30 -> 4180.63 | S51: =ROUND((SourceП5!FX30/100)*((ROUND(SourceП5!AF30*SourceП5!I30, 2)+ROUND(SourceП5!AE30*SourceП5!I30, 2))), 2) -> 0 | T51: =SourceП5!X30 -> 0 | U51: =ROUND((SourceП5!FY30/100)*((ROUND(SourceП5!AF30*SourceП5!I30, 2)+ROUND(SourceП5!AE30*SourceП5!I30, 2))), 2) -> 0 | V51: =SourceП5!Y30 -> 0 | W51: =IF(SourceП5!BI30<=1,H51, 0) -> 0 | X51: =IF(SourceП5!BI30=2,H51, 0) -> 549.36 | Y51: =IF(SourceП5!BI30=3,H51, 0) -> 0 | Z51: =IF(SourceП5!BI30=4,H51, 0) -> 0
G52: =H45+H46+H47+H48+SUM(H50:H51) -> 14810.6 | J52: =K45+K46+K47+K48+SUM(K50:K51) -> 112708.65 | L52: =SourceП5!U28 -> 147.84 | O52: =G52 -> 14810.6 | P52: =J52 -> 112708.65 | Q52: =L52 -> 147.84 | W52: =IF(SourceП5!BI28<=1,H45+H46+H47+H48, 0) -> 0 | X52: =IF(SourceП5!BI28=2,H45+H46+H47+H48, 0) -> 4473.39 | Y52: =IF(SourceП5!BI28=3,H45+H46+H47+H48, 0) -> 0 | Z52: =IF(SourceП5!BI28=4,H45+H46+H47+H48, 0) -> 0
A53: =SourceП5!E31 -> 3 | B53: =SourceП5!F31 -> м10-01-039-06 | C53: =SourceП5!G31 -> Извещатель пожарный ручной адресный | D53: =SourceП5!H31 -> ШТ | E53: =SourceП5!I31 -> 2 | F53: =SourceП5!AL31+SourceП5!AM31+SourceП5!AO31 -> 17.4 | I53: =SourceП5!BO31 | S53: =ROUND((SourceП5!FX31/100)*((ROUND(SourceП5!AF31*SourceП5!I31, 2)+ROUND(SourceП5!AE31*SourceП5!I31, 2))), 2) -> 27.3 | T53: =SourceП5!X31 -> 207.72 | U53: =ROUND((SourceП5!FY31/100)*((ROUND(SourceП5!AF31*SourceП5!I31, 2)+ROUND(SourceП5!AE31*SourceП5!I31, 2))), 2) -> 20.47 | V53: =SourceП5!Y31 -> 155.79
C54: Зарплата | F54: =SourceП5!AO31 -> 17.06 | G54: =SourceП5!DG31 | H54: =ROUND(SourceП5!AF31*SourceП5!I31, 2) -> 34.12 | J54: =IF(SourceП5!BA31<> 0, SourceП5!BA31, 1) -> 7.61 | K54: =SourceП5!S31 -> 259.65 | R54: =H54 -> 34.12
C55: Материальные ресурсы | F55: =SourceП5!AL31 -> 0.34 | G55: =SourceП5!DD31 | H55: =ROUND(SourceП5!AC31*SourceП5!I31, 2) -> 0.68 | J55: =IF(SourceП5!BC31<> 0, SourceП5!BC31, 1) -> 7.61 | K55: =SourceП5!P31 -> 5.17
C56: НР от ФОТ | D56: % | E56: =SourceП5!BZ31 -> 80 | H56: =SUM(S53:S59) -> 27.3 | J56: =SourceП5!AT31 -> 80 | K56: =SUM(T53:T59) -> 207.72
C57: СП от ФОТ | D57: % | E57: =SourceП5!CA31 -> 60 | H57: =SUM(U53:U59) -> 20.47 | J57: =SourceП5!AU31 -> 60 | K57: =SUM(V53:V59) -> 155.79
C58: Затраты труда | D58: чел-ч | E58: =SourceП5!AQ31 -> 2 | G58: =SourceП5!DI31 | L58: =SourceП5!U31 -> 4
A59: =SourceП5!E32 -> 3,1 | B59: =SourceП5!F32 -> 61.2.02.03-0023 | C59: =SourceП5!G32 -> Извещатель пожарный ручной ИПР-513-АМ | D59: =SourceП5!H32 -> 10 шт. | E59: =SourceП5!I32 -> 2 | F59: =SourceП5!AL32+SourceП5!AM32+SourceП5!AO32 -> 289.65 | H59: =ROUND(SourceП5!AC32*SourceП5!I32, 2)+ROUND(SourceП5!AD32*SourceП5!I32, 2)+ROUND(SourceП5!AF32*SourceП5!I32, 2) -> 579.3 | J59: =IF(SourceП5!BC32<> 0, SourceП5!BC32, 1) -> 7.61 | K59: =SourceП5!O32 -> 4408.47 | S59: =ROUND((SourceП5!FX32/100)*((ROUND(SourceП5!AF32*SourceП5!I32, 2)+ROUND(SourceП5!AE32*SourceП5!I32, 2))), 2) -> 0 | T59: =SourceП5!X32 -> 0 | U59: =ROUND((SourceП5!FY32/100)*((ROUND(SourceП5!AF32*SourceП5!I32, 2)+ROUND(SourceП5!AE32*SourceП5!I32, 2))), 2) -> 0 | V59: =SourceП5!Y32 -> 0 | W59: =IF(SourceП5!BI32<=1,H59, 0) -> 0 | X59: =IF(SourceП5!BI32=2,H59, 0) -> 579.3 | Y59: =IF(SourceП5!BI32=3,H59, 0) -> 0 | Z59: =IF(SourceП5!BI32=4,H59, 0) -> 0
G60: =H54+H55+H56+H57+SUM(H59:H59) -> 661.87 | J60: =K54+K55+K56+K57+SUM(K59:K59) -> 5036.8 | L60: =SourceП5!U31 -> 4 | O60: =G60 -> 661.87 | P60: =J60 -> 5036.8 | Q60: =L60 -> 4 | W60: =IF(SourceП5!BI31<=1,H54+H55+H56+H57, 0) -> 0 | X60: =IF(SourceП5!BI31=2,H54+H55+H56+H57, 0) -> 82.57 | Y60: =IF(SourceП5!BI31=3,H54+H55+H56+H57, 0) -> 0 | Z60: =IF(SourceП5!BI31=4,H54+H55+H56+H57, 0) -> 0
A61: =SourceП5!E33 -> 4 | B61: =SourceП5!F33 -> м08-03-593-10 | C61: =SourceП5!G33 -> Световые настенные указатели | D61: =SourceП5!H33 -> 100 ШТ | E61: =SourceП5!I33 -> 0.02 | F61: =SourceП5!AL33+SourceП5!AM33+SourceП5!AO33 -> 1335.26 | I61: =SourceП5!BO33 | S61: =ROUND((SourceП5!FX33/100)*((ROUND(SourceП5!AF33*SourceП5!I33, 2)+ROUND(SourceП5!AE33*SourceП5!I33, 2))), 2) -> 14.91 | T61: =SourceП5!X33 -> 113.4 | U61: =ROUND((SourceП5!FY33/100)*((ROUND(SourceП5!AF33*SourceП5!I33, 2)+ROUND(SourceП5!AE33*SourceП5!I33, 2))), 2) -> 10.2 | V61: =SourceП5!Y33 -> 77.59
C62: Зарплата | F62: =SourceП5!AO33 -> 779.32 | G62: =SourceП5!DG33 | H62: =ROUND(SourceП5!AF33*SourceП5!I33, 2) -> 15.59 | J62: =IF(SourceП5!BA33<> 0, SourceП5!BA33, 1) -> 7.61 | K62: =SourceП5!S33 -> 118.61 | R62: =H62 -> 15.59
C63: Эксплуатация машин | F63: =SourceП5!AM33 -> 35.54 | G63: =SourceП5!DE33 | H63: =ROUND(SourceП5!AD33*SourceП5!I33, 2) -> 0.71 | J63: =IF(SourceП5!BB33<> 0, SourceП5!BB33, 1) -> 7.61 | K63: =SourceП5!Q33 -> 5.41
C64: в т.ч. зарплата машинистов | F64: =SourceП5!AN33 -> 5.02 | G64: =SourceП5!DF33 | H64: =ROUND(SourceП5!AE33*SourceП5!I33, 2) -> 0.1 | J64: =IF(SourceП5!BS33<> 0, SourceП5!BS33, 1) -> 7.61 | K64: =SourceП5!R33 -> 0.76 | R64: =H64 -> 0.1
C65: Материальные ресурсы | F65: =SourceП5!AL33 -> 520.4 | G65: =SourceП5!DD33 | H65: =ROUND(SourceП5!AC33*SourceП5!I33, 2) -> 10.41 | J65: =IF(SourceП5!BC33<> 0, SourceП5!BC33, 1) -> 7.61 | K65: =SourceП5!P33 -> 79.2
C66: НР от ФОТ | D66: % | E66: =SourceП5!BZ33 -> 95 | H66: =SUM(S61:S69) -> 14.91 | J66: =SourceП5!AT33 -> 95 | K66: =SUM(T61:T69) -> 113.4
C67: СП от ФОТ | D67: % | E67: =SourceП5!CA33 -> 65 | H67: =SUM(U61:U69) -> 10.2 | J67: =SourceП5!AU33 -> 65 | K67: =SUM(V61:V69) -> 77.59
C68: Затраты труда | D68: чел-ч | E68: =SourceП5!AQ33 -> 78.56 | G68: =SourceП5!DI33 | L68: =SourceП5!U33 -> 1.5712
A69: =SourceП5!E34 -> 4,1 | B69: =SourceП5!F34 -> 61.2.04.07-0008 | C69: =SourceП5!G34 -> Оповещатель световой МОЛНИЯ-12 ВЫХОД | D69: =SourceП5!H34 -> шт. | E69: =SourceП5!I34 -> 2 | F69: =SourceП5!AL34+SourceП5!AM34+SourceП5!AO34 -> 38.38 | H69: =ROUND(SourceП5!AC34*SourceП5!I34, 2)+ROUND(SourceП5!AD34*SourceП5!I34, 2)+ROUND(SourceП5!AF34*SourceП5!I34, 2) -> 76.76 | J69: =IF(SourceП5!BC34<> 0, SourceП5!BC34, 1) -> 7.61 | K69: =SourceП5!O34 -> 584.14 | S69: =ROUND((SourceП5!FX34/100)*((ROUND(SourceП5!AF34*SourceП5!I34, 2)+ROUND(SourceП5!AE34*SourceП5!I34, 2))), 2) -> 0 | T69: =SourceП5!X34 -> 0 | U69: =ROUND((SourceП5!FY34/100)*((ROUND(SourceП5!AF34*SourceП5!I34, 2)+ROUND(SourceП5!AE34*SourceП5!I34, 2))), 2) -> 0 | V69: =SourceП5!Y34 -> 0 | W69: =IF(SourceП5!BI34<=1,H69, 0) -> 0 | X69: =IF(SourceП5!BI34=2,H69, 0) -> 76.76 | Y69: =IF(SourceП5!BI34=3,H69, 0) -> 0 | Z69: =IF(SourceП5!BI34=4,H69, 0) -> 0
G70: =H62+H63+H65+H66+H67+SUM(H69:H69) -> 128.58 | J70: =K62+K63+K65+K66+K67+SUM(K69:K69) -> 978.35 | L70: =SourceП5!U33 -> 1.5712 | O70: =G70 -> 128.58 | P70: =J70 -> 978.35 | Q70: =L70 -> 1.5712 | W70: =IF(SourceП5!BI33<=1,H62+H63+H65+H66+H67, 0) -> 0 | X70: =IF(SourceП5!BI33=2,H62+H63+H65+H66+H67, 0) -> 51.82 | Y70: =IF(SourceП5!BI33=3,H62+H63+H65+H66+H67, 0) -> 0 | Z70: =IF(SourceП5!BI33=4,H62+H63+H65+H66+H67, 0) -> 0
A71: =SourceП5!E35 -> 5 | B71: =SourceП5!F35 -> м08-03-572-05 | C71: =SourceП5!G35 -> Блок управления шкафного исполнения или распределительный пункт (шкаф), устанавливаемый на стене, высота и ширина до 1700х1100 мм | D71: =SourceП5!H35 -> ШТ | E71: =SourceП5!I35 -> 1 | F71: =SourceП5!AL35+SourceП5!AM35+SourceП5!AO35 -> 455.82 | I71: =SourceП5!BO35 | S71: =ROUND((SourceП5!FX35/100)*((ROUND(SourceП5!AF35*SourceП5!I35, 2)+ROUND(SourceП5!AE35*SourceП5!I35, 2))), 2) -> 40.76 | T71: =SourceП5!X35 -> 310.22 | U71: =ROUND((SourceП5!FY35/100)*((ROUND(SourceП5!AF35*SourceП5!I35, 2)+ROUND(SourceП5!AE35*SourceП5!I35, 2))), 2) -> 27.89 | V71: =SourceП5!Y35 -> 212.26
C72: Зарплата | F72: =SourceП5!AO35 -> 34.62 | G72: =SourceП5!DG35 | H72: =ROUND(SourceП5!AF35*SourceП5!I35, 2) -> 34.62 | J72: =IF(SourceП5!BA35<> 0, SourceП5!BA35, 1) -> 7.61 | K72: =SourceП5!S35 -> 263.46 | R72: =H72 -> 34.62
C73: Эксплуатация машин | F73: =SourceП5!AM35 -> 69.09 | G73: =SourceП5!DE35 | H73: =ROUND(SourceП5!AD35*SourceП5!I35, 2) -> 69.09 | J73: =IF(SourceП5!BB35<> 0, SourceП5!BB35, 1) -> 7.61 | K73: =SourceП5!Q35 -> 525.77
C74: в т.ч. зарплата машинистов | F74: =SourceП5!AN35 -> 8.29 | G74: =SourceП5!DF35 | H74: =ROUND(SourceП5!AE35*SourceП5!I35, 2) -> 8.29 | J74: =IF(SourceП5!BS35<> 0, SourceП5!BS35, 1) -> 7.61 | K74: =SourceП5!R35 -> 63.09 | R74: =H74 -> 8.29
C75: Материальные ресурсы | F75: =SourceП5!AL35 -> 352.11 | G75: =SourceП5!DD35 | H75: =ROUND(SourceП5!AC35*SourceП5!I35, 2) -> 352.11 | J75: =IF(SourceП5!BC35<> 0, SourceП5!BC35, 1) -> 7.61 | K75: =SourceП5!P35 -> 2679.56
C76: НР от ФОТ | D76: % | E76: =SourceП5!BZ35 -> 95 | H76: =SUM(S71:S79) -> 40.76 | J76: =SourceП5!AT35 -> 95 | K76: =SUM(T71:T79) -> 310.22
C77: СП от ФОТ | D77: % | E77: =SourceП5!CA35 -> 65 | H77: =SUM(U71:U79) -> 27.89 | J77: =SourceП5!AU35 -> 65 | K77: =SUM(V71:V79) -> 212.26
C78: Затраты труда | D78: чел-ч | E78: =SourceП5!AQ35 -> 3.49 | G78: =SourceП5!DI35 | L78: =SourceП5!U35 -> 3.49
A79: =SourceП5!E36 -> 5,1 | B79: =SourceП5!F36 -> Прайс-лист ООО ТРИОН | C79: Шкаф электромонтажный ШЭМ-004 Базисная стоимость: 149,22 = [1 340 / 1,18 / 7,61] | D79: =SourceП5!H36 -> ШТ | E79: =SourceП5!I36 -> 1 | F79: =SourceП5!AL36+SourceП5!AM36+SourceП5!AO36 -> 149.22 | H79: =ROUND(SourceП5!AC36*SourceП5!I36, 2)+ROUND(SourceП5!AD36*SourceП5!I36, 2)+ROUND(SourceП5!AF36*SourceП5!I36, 2) -> 149.22 | J79: =IF(SourceП5!BC36<> 0, SourceП5!BC36, 1) -> 7.61 | K79: =SourceП5!O36 -> 1135.56 | S79: =ROUND((SourceП5!FX36/100)*((ROUND(SourceП5!AF36*SourceП5!I36, 2)+ROUND(SourceП5!AE36*SourceП5!I36, 2))), 2) -> 0 | T79: =SourceП5!X36 -> 0 | U79: =ROUND((SourceП5!FY36/100)*((ROUND(SourceП5!AF36*SourceП5!I36, 2)+ROUND(SourceП5!AE36*SourceП5!I36, 2))), 2) -> 0 | V79: =SourceП5!Y36 -> 0 | W79: =IF(SourceП5!BI36<=1,H79, 0) -> 0 | X79: =IF(SourceП5!BI36=2,H79, 0) -> 149.22 | Y79: =IF(SourceП5!BI36=3,H79, 0) -> 0 | Z79: =IF(SourceП5!BI36=4,H79, 0) -> 0
G80: =H72+H73+H75+H76+H77+SUM(H79:H79) -> 673.69 | J80: =K72+K73+K75+K76+K77+SUM(K79:K79) -> 5126.83 | L80: =SourceП5!U35 -> 3.49 | O80: =G80 -> 673.69 | P80: =J80 -> 5126.83 | Q80: =L80 -> 3.49 | W80: =IF(SourceП5!BI35<=1,H72+H73+H75+H76+H77, 0) -> 0 | X80: =IF(SourceП5!BI35=2,H72+H73+H75+H76+H77, 0) -> 524.47 | Y80: =IF(SourceП5!BI35=3,H72+H73+H75+H76+H77, 0) -> 0 | Z80: =IF(SourceП5!BI35=4,H72+H73+H75+H76+H77, 0) -> 0
A81: =SourceП5!E37 -> 6 | B81: =SourceП5!F37 -> м10-04-101-07 | C81: =SourceП5!G37 -> Громкоговоритель или звуковая колонка в помещении | D81: =SourceП5!H37 -> ШТ | E81: =SourceП5!I37 -> 53 | F81: =SourceП5!AL37+SourceП5!AM37+SourceП5!AO37 -> 30.77 | I81: =SourceП5!BO37 | S81: =ROUND((SourceП5!FX37/100)*((ROUND(SourceП5!AF37*SourceП5!I37, 2)+ROUND(SourceП5!AE37*SourceП5!I37, 2))), 2) -> 884.51 | T81: =SourceП5!X37 -> 6731.1 | U81: =ROUND((SourceП5!FY37/100)*((ROUND(SourceП5!AF37*SourceП5!I37, 2)+ROUND(SourceП5!AE37*SourceП5!I37, 2))), 2) -> 624.92 | V81: =SourceП5!Y37 -> 4755.67
C82: Зарплата | F82: =SourceП5!AO37 -> 18.14 | G82: =SourceП5!DG37 | H82: =ROUND(SourceП5!AF37*SourceП5!I37, 2) -> 961.42 | J82: =IF(SourceП5!BA37<> 0, SourceП5!BA37, 1) -> 7.61 | K82: =SourceП5!S37 -> 7316.41 | R82: =H82 -> 961.42
C83: Материальные ресурсы | F83: =SourceП5!AL37 -> 12.63 | G83: =SourceП5!DD37 | H83: =ROUND(SourceП5!AC37*SourceП5!I37, 2) -> 669.39 | J83: =IF(SourceП5!BC37<> 0, SourceП5!BC37, 1) -> 7.61 | K83: =SourceП5!P37 -> 5094.06
C84: НР от ФОТ | D84: % | E84: =SourceП5!BZ37 -> 92 | H84: =SUM(S81:S87) -> 884.51 | J84: =SourceП5!AT37 -> 92 | K84: =SUM(T81:T87) -> 6731.1
C85: СП от ФОТ | D85: % | E85: =SourceП5!CA37 -> 65 | H85: =SUM(U81:U87) -> 624.92 | J85: =SourceП5!AU37 -> 65 | K85: =SUM(V81:V87) -> 4755.67
C86: Затраты труда | D86: чел-ч | E86: =SourceП5!AQ37 -> 2 | G86: =SourceП5!DI37 | L86: =SourceП5!U37 -> 106
A87: =SourceП5!E38 -> 6,1 | B87: =SourceП5!F38 -> Прайс-лист ТД Видеоглаз | C87: Громкоговоритель настенный белый,80-20.000Гц,93дб,100В,6/3/1,5 LPA-6W Базисная стоимость: 146,55 = [1 316 / 1,18 / 7,61] | D87: =SourceП5!H38 -> ШТ | E87: =SourceП5!I38 -> 53 | F87: =SourceП5!AL38+SourceП5!AM38+SourceП5!AO38 -> 146.55 | H87: =ROUND(SourceП5!AC38*SourceП5!I38, 2)+ROUND(SourceП5!AD38*SourceП5!I38, 2)+ROUND(SourceП5!AF38*SourceП5!I38, 2) -> 7767.15 | J87: =IF(SourceП5!BC38<> 0, SourceП5!BC38, 1) -> 7.61 | K87: =SourceП5!O38 -> 59108.01 | S87: =ROUND((SourceП5!FX38/100)*((ROUND(SourceП5!AF38*SourceП5!I38, 2)+ROUND(SourceП5!AE38*SourceП5!I38, 2))), 2) -> 0 | T87: =SourceП5!X38 -> 0 | U87: =ROUND((SourceП5!FY38/100)*((ROUND(SourceП5!AF38*SourceП5!I38, 2)+ROUND(SourceП5!AE38*SourceП5!I38, 2))), 2) -> 0 | V87: =SourceП5!Y38 -> 0 | W87: =IF(SourceП5!BI38<=1,H87, 0) -> 0 | X87: =IF(SourceП5!BI38=2,H87, 0) -> 7767.15 | Y87: =IF(SourceП5!BI38=3,H87, 0) -> 0 | Z87: =IF(SourceП5!BI38=4,H87, 0) -> 0
G88: =H82+H83+H84+H85+SUM(H87:H87) -> 10907.39 | J88: =K82+K83+K84+K85+SUM(K87:K87) -> 83005.25 | L88: =SourceП5!U37 -> 106 | O88: =G88 -> 10907.39 | P88: =J88 -> 83005.25 | Q88: =L88 -> 106 | W88: =IF(SourceП5!BI37<=1,H82+H83+H84+H85, 0) -> 0 | X88: =IF(SourceП5!BI37=2,H82+H83+H84+H85, 0) -> 3140.24 | Y88: =IF(SourceП5!BI37=3,H82+H83+H84+H85, 0) -> 0 | Z88: =IF(SourceП5!BI37=4,H82+H83+H84+H85, 0) -> 0
A89: =SourceП5!E39 -> 7 | B89: =SourceП5!F39 -> м08-01-121-01 | C89: =SourceП5!G39 -> Аккумулятор стационарный | D89: =SourceП5!H39 -> ШТ | E89: =SourceП5!I39 -> 1 | F89: =SourceП5!AL39+SourceП5!AM39+SourceП5!AO39 -> 40.47 | I89: =SourceП5!BO39 | S89: =ROUND((SourceП5!FX39/100)*((ROUND(SourceП5!AF39*SourceП5!I39, 2)+ROUND(SourceП5!AE39*SourceП5!I39, 2))), 2) -> 18.83 | T89: =SourceП5!X39 -> 143.29 | U89: =ROUND((SourceП5!FY39/100)*((ROUND(SourceП5!AF39*SourceП5!I39, 2)+ROUND(SourceП5!AE39*SourceП5!I39, 2))), 2) -> 12.88 | V89: =SourceП5!Y39 -> 98.04
C90: Зарплата | F90: =SourceП5!AO39 -> 19.82 | G90: =SourceП5!DG39 | H90: =ROUND(SourceП5!AF39*SourceП5!I39, 2) -> 19.82 | J90: =IF(SourceП5!BA39<> 0, SourceП5!BA39, 1) -> 7.61 | K90: =SourceП5!S39 -> 150.83 | R90: =H90 -> 19.82
C91: Материальные ресурсы | F91: =SourceП5!AL39 -> 20.65 | G91: =SourceП5!DD39 | H91: =ROUND(SourceП5!AC39*SourceП5!I39, 2) -> 20.65 | J91: =IF(SourceП5!BC39<> 0, SourceП5!BC39, 1) -> 7.61 | K91: =SourceП5!P39 -> 157.15
C92: НР от ФОТ | D92: % | E92: =SourceП5!BZ39 -> 95 | H92: =SUM(S89:S95) -> 18.83 | J92: =SourceП5!AT39 -> 95 | K92: =SUM(T89:T95) -> 143.29
C93: СП от ФОТ | D93: % | E93: =SourceП5!CA39 -> 65 | H93: =SUM(U89:U95) -> 12.88 | J93: =SourceП5!AU39 -> 65 | K93: =SUM(V89:V95) -> 98.04
C94: Затраты труда | D94: чел-ч | E94: =SourceП5!AQ39 -> 2.06 | G94: =SourceП5!DI39 | L94: =SourceП5!U39 -> 2.06
A95: =SourceП5!E40 -> 7,1 | B95: =SourceП5!F40 -> 62.4.01.01-0004 | C95: =SourceП5!G40 -> Батарея аккумуляторная АКБ-7 12В/7 А/ч | D95: =SourceП5!H40 -> шт. | E95: =SourceП5!I40 -> 1 | F95: =SourceП5!AL40+SourceП5!AM40+SourceП5!AO40 -> 77.5 | H95: =ROUND(SourceП5!AC40*SourceП5!I40, 2)+ROUND(SourceП5!AD40*SourceП5!I40, 2)+ROUND(SourceП5!AF40*SourceП5!I40, 2) -> 77.5 | J95: =IF(SourceП5!BC40<> 0, SourceП5!BC40, 1) -> 7.61 | K95: =SourceП5!O40 -> 589.78 | S95: =ROUND((SourceП5!FX40/100)*((ROUND(SourceП5!AF40*SourceП5!I40, 2)+ROUND(SourceП5!AE40*SourceП5!I40, 2))), 2) -> 0 | T95: =SourceП5!X40 -> 0 | U95: =ROUND((SourceП5!FY40/100)*((ROUND(SourceП5!AF40*SourceП5!I40, 2)+ROUND(SourceП5!AE40*SourceП5!I40, 2))), 2) -> 0 | V95: =SourceП5!Y40 -> 0 | W95: =IF(SourceП5!BI40<=1,H95, 0) -> 0 | X95: =IF(SourceП5!BI40=2,H95, 0) -> 77.5 | Y95: =IF(SourceП5!BI40=3,H95, 0) -> 0 | Z95: =IF(SourceП5!BI40=4,H95, 0) -> 0
G96: =H90+H91+H92+H93+SUM(H95:H95) -> 149.68 | J96: =K90+K91+K92+K93+SUM(K95:K95) -> 1139.09 | L96: =SourceП5!U39 -> 2.06 | O96: =G96 -> 149.68 | P96: =J96 -> 1139.09 | Q96: =L96 -> 2.06 | W96: =IF(SourceП5!BI39<=1,H90+H91+H92+H93, 0) -> 0 | X96: =IF(SourceП5!BI39=2,H90+H91+H92+H93, 0) -> 72.18 | Y96: =IF(SourceП5!BI39=3,H90+H91+H92+H93, 0) -> 0 | Z96: =IF(SourceП5!BI39=4,H90+H91+H92+H93, 0) -> 0
A97: =SourceП5!E41 -> 8 | B97: =SourceП5!F41 -> м08-02-370-02 | C97: =SourceП5!G41 -> Щиток до трех групп, устанавливаемый в нише цоколя | D97: =SourceП5!H41 -> ШТ | E97: =SourceП5!I41 -> 1 | F97: =SourceП5!AL41+SourceП5!AM41+SourceП5!AO41 -> 33.42 | I97: =SourceП5!BO41 | S97: =ROUND((SourceП5!FX41/100)*((ROUND(SourceП5!AF41*SourceП5!I41, 2)+ROUND(SourceП5!AE41*SourceП5!I41, 2))), 2) -> 11.36 | T97: =SourceП5!X41 -> 86.46 | U97: =ROUND((SourceП5!FY41/100)*((ROUND(SourceП5!AF41*SourceП5!I41, 2)+ROUND(SourceП5!AE41*SourceП5!I41, 2))), 2) -> 7.77 | V97: =SourceП5!Y41 -> 59.16
C98: Зарплата | F98: =SourceП5!AO41 -> 9.45 | G98: =SourceП5!DG41 | H98: =ROUND(SourceП5!AF41*SourceП5!I41, 2) -> 9.45 | J98: =IF(SourceП5!BA41<> 0, SourceП5!BA41, 1) -> 7.61 | K98: =SourceП5!S41 -> 71.91 | R98: =H98 -> 9.45
C99: Эксплуатация машин | F99: =SourceП5!AM41 -> 17.77 | G99: =SourceП5!DE41 | H99: =ROUND(SourceП5!AD41*SourceП5!I41, 2) -> 17.77 | J99: =IF(SourceП5!BB41<> 0, SourceП5!BB41, 1) -> 7.61 | K99: =SourceП5!Q41 -> 135.23
C100: в т.ч. зарплата машинистов | F100: =SourceП5!AN41 -> 2.51 | G100: =SourceП5!DF41 | H100: =ROUND(SourceП5!AE41*SourceП5!I41, 2) -> 2.51 | J100: =IF(SourceП5!BS41<> 0, SourceП5!BS41, 1) -> 7.61 | K100: =SourceП5!R41 -> 19.1 | R100: =H100 -> 2.51
C101: Материальные ресурсы | F101: =SourceП5!AL41 -> 6.2 | G101: =SourceП5!DD41 | H101: =ROUND(SourceП5!AC41*SourceП5!I41, 2) -> 6.2 | J101: =IF(SourceП5!BC41<> 0, SourceП5!BC41, 1) -> 7.61 | K101: =SourceП5!P41 -> 47.18
C102: НР от ФОТ | D102: % | E102: =SourceП5!BZ41 -> 95 | H102: =SUM(S97:S105) -> 11.36 | J102: =SourceП5!AT41 -> 95 | K102: =SUM(T97:T105) -> 86.46
C103: СП от ФОТ | D103: % | E103: =SourceП5!CA41 -> 65 | H103: =SUM(U97:U105) -> 7.77 | J103: =SourceП5!AU41 -> 65 | K103: =SUM(V97:V105) -> 59.16
C104: Затраты труда | D104: чел-ч | E104: =SourceП5!AQ41 -> 0.9 | G104: =SourceП5!DI41 | L104: =SourceП5!U41 -> 0.9
A105: =SourceП5!E42 -> 8,1 | B105: =SourceП5!F42 -> 62.1.02.03-0003 | C105: =SourceП5!G42 -> Боксы модульные для автоматических выключателей наружной установки КМПн 2/2 | D105: =SourceП5!H42 -> 10 шт. | E105: =SourceП5!I42 -> 0.1 | F105: =SourceП5!AL42+SourceП5!AM42+SourceП5!AO42 -> 188.5 | H105: =ROUND(SourceП5!AC42*SourceП5!I42, 2)+ROUND(SourceП5!AD42*SourceП5!I42, 2)+ROUND(SourceП5!AF42*SourceП5!I42, 2) -> 18.85 | J105: =IF(SourceП5!BC42<> 0, SourceП5!BC42, 1) -> 7.61 | K105: =SourceП5!O42 -> 143.45 | S105: =ROUND((SourceП5!FX42/100)*((ROUND(SourceП5!AF42*SourceП5!I42, 2)+ROUND(SourceП5!AE42*SourceП5!I42, 2))), 2) -> 0 | T105: =SourceП5!X42 -> 0 | U105: =ROUND((SourceП5!FY42/100)*((ROUND(SourceП5!AF42*SourceП5!I42, 2)+ROUND(SourceП5!AE42*SourceП5!I42, 2))), 2) -> 0 | V105: =SourceП5!Y42 -> 0 | W105: =IF(SourceП5!BI42<=1,H105, 0) -> 0 | X105: =IF(SourceП5!BI42=2,H105, 0) -> 18.85 | Y105: =IF(SourceП5!BI42=3,H105, 0) -> 0 | Z105: =IF(SourceП5!BI42=4,H105, 0) -> 0
G106: =H98+H99+H101+H102+H103+SUM(H105:H105) -> 71.4 | J106: =K98+K99+K101+K102+K103+SUM(K105:K105) -> 543.39 | L106: =SourceП5!U41 -> 0.9 | O106: =G106 -> 71.4 | P106: =J106 -> 543.39 | Q106: =L106 -> 0.9 | W106: =IF(SourceП5!BI41<=1,H98+H99+H101+H102+H103, 0) -> 0 | X106: =IF(SourceП5!BI41=2,H98+H99+H101+H102+H103, 0) -> 52.55 | Y106: =IF(SourceП5!BI41=3,H98+H99+H101+H102+H103, 0) -> 0 | Z106: =IF(SourceП5!BI41=4,H98+H99+H101+H102+H103, 0) -> 0
A107: =SourceП5!E43 -> 9 | B107: =SourceП5!F43 -> м08-03-526-01 | C107: =SourceП5!G43 -> Автомат одно-, двух-, трехполюсный, устанавливаемый на конструкции на стене или колонне, на ток до 25 А | D107: =SourceП5!H43 -> ШТ | E107: =SourceП5!I43 -> 1 | F107: =SourceП5!AL43+SourceП5!AM43+SourceП5!AO43 -> 35.98 | I107: =SourceП5!BO43 | S107: =ROUND((SourceП5!FX43/100)*((ROUND(SourceП5!AF43*SourceП5!I43, 2)+ROUND(SourceП5!AE43*SourceП5!I43, 2))), 2) -> 14.1 | T107: =SourceП5!X43 -> 107.28 | U107: =ROUND((SourceП5!FY43/100)*((ROUND(SourceП5!AF43*SourceП5!I43, 2)+ROUND(SourceП5!AE43*SourceП5!I43, 2))), 2) -> 9.65 | V107: =SourceП5!Y43 -> 73.4
C108: Зарплата | F108: =SourceП5!AO43 -> 14.84 | G108: =SourceП5!DG43 | H108: =ROUND(SourceП5!AF43*SourceП5!I43, 2) -> 14.84 | J108: =IF(SourceП5!BA43<> 0, SourceП5!BA43, 1) -> 7.61 | K108: =SourceП5!S43 -> 112.93 | R108: =H108 -> 14.84
C109: Эксплуатация машин | F109: =SourceП5!AM43 -> 1.05 | G109: =SourceП5!DE43 | H109: =ROUND(SourceП5!AD43*SourceП5!I43, 2) -> 1.05 | J109: =IF(SourceП5!BB43<> 0, SourceП5!BB43, 1) -> 7.61 | K109: =SourceП5!Q43 -> 7.99
C110: Материальные ресурсы | F110: =SourceП5!AL43 -> 20.09 | G110: =SourceП5!DD43 | H110: =ROUND(SourceП5!AC43*SourceП5!I43, 2) -> 20.09 | J110: =IF(SourceП5!BC43<> 0, SourceП5!BC43, 1) -> 7.61 | K110: =SourceП5!P43 -> 152.88
C111: НР от ФОТ | D111: % | E111: =SourceП5!BZ43 -> 95 | H111: =SUM(S107:S114) -> 14.1 | J111: =SourceП5!AT43 -> 95 | K111: =SUM(T107:T114) -> 107.28
C112: СП от ФОТ | D112: % | E112: =SourceП5!CA43 -> 65 | H112: =SUM(U107:U114) -> 9.65 | J112: =SourceП5!AU43 -> 65 | K112: =SUM(V107:V114) -> 73.4
C113: Затраты труда | D113: чел-ч | E113: =SourceП5!AQ43 -> 1.56 | G113: =SourceП5!DI43 | L113: =SourceП5!U43 -> 1.56
A114: =SourceП5!E44 -> 9,1 | B114: =SourceП5!F44 -> 62.1.01.09-0004 | C114: =SourceП5!G44 -> Выключатели автоматические «IEK» ВА47-29 1Р 10А, характеристика С | D114: =SourceП5!H44 -> шт. | E114: =SourceП5!I44 -> 1 | F114: =SourceП5!AL44+SourceП5!AM44+SourceП5!AO44 -> 13.12 | H114: =ROUND(SourceП5!AC44*SourceП5!I44, 2)+ROUND(SourceП5!AD44*SourceП5!I44, 2)+ROUND(SourceП5!AF44*SourceП5!I44, 2) -> 13.12 | J114: =IF(SourceП5!BC44<> 0, SourceП5!BC44, 1) -> 7.61 | K114: =SourceП5!O44 -> 99.84 | S114: =ROUND((SourceП5!FX44/100)*((ROUND(SourceП5!AF44*SourceП5!I44, 2)+ROUND(SourceП5!AE44*SourceП5!I44, 2))), 2) -> 0 | T114: =SourceП5!X44 -> 0 | U114: =ROUND((SourceП5!FY44/100)*((ROUND(SourceП5!AF44*SourceП5!I44, 2)+ROUND(SourceП5!AE44*SourceП5!I44, 2))), 2) -> 0 | V114: =SourceП5!Y44 -> 0 | W114: =IF(SourceП5!BI44<=1,H114, 0) -> 0 | X114: =IF(SourceП5!BI44=2,H114, 0) -> 13.12 | Y114: =IF(SourceП5!BI44=3,H114, 0) -> 0 | Z114: =IF(SourceП5!BI44=4,H114, 0) -> 0
...

Sheet П6
H3: Приложение 6 к Форме 7
B10: СМЕТА
B11: =IF(SourceП6!G20<>"Новая локальная смета", SourceП6!G20, "")
B13: выполнение работ по монтажу комплекса систем пожарной безопасности в квартире № 7 в здании общежития НИЯУ МИФИ по адресу: 109263, г. Москва, ул. Шкулева, д. 27, стр. 2
G15: базовая цена | I15: текущая цена
C16: Сметная стоимость | G16: =SUM(O27:O132)/1000 -> 27.73835 | I16: =(SourceП6!F81/1000) -> 249.08451 | K16: тыс. руб.
C17: Строительные работы | G17: =SUM(W27:W132)/1000 -> 0 | I17: =(SourceП6!F68)/1000 -> 0 | K17: тыс. руб.
C18: Монтажные работы | G18: =SUM(X27:X132)/1000 -> 27.73835 | I18: =(SourceП6!F69)/1000 -> 211.08857 | K18: тыс. руб.
C19: Оборудование | G19: =SUM(Y27:Y132)/1000 -> 0 | I19: =(SourceП6!F60)/1000 -> 0 | K19: тыс. руб.
C20: Прочие работы | G20: =SUM(Z27:Z132)/1000 -> 0 | I20: =(SourceП6!F70+SourceП6!F71)/1000 -> 0 | K20: тыс. руб.
C21: Нормативная трудоемкость | G21: =I21 -> 303.2822 | I21: =(SourceП6!F73+SourceП6!F74) -> 303.2822 | K21: чел. -ч.
C22: Средства на оплату труда | G22: =SUM(R27:R132)/1000 -> 2.91336 | I22: =(SourceП6!F66+ SourceП6!F65)/1000 -> 22.17055 | K22: тыс. руб.
A24: Составлена в ценах III квартал 2017 года
A25: № п/п | B25: Шифр расценки и коды ресурсов | C25: Наименование работ и затрат | D25: Ед. изм. | E25: Кол-во единиц | F25: Цена на ед. изм. | G25: Попра-вочные коэфф. | H25: Стоимость в ценах 2001г. | I25: Пункт коэфф. пересчета | J25: Коэфф. пересчета | K25: Стоимость в текущих ценах | L25: ЗТР всего чел.-час
A26: 1 | B26: 2 | C26: 3 | D26: 4 | E26: 5 | F26: 6 | G26: 7 | H26: 8 | I26: 9 | J26: 10 | K26: 11 | L26: 12
A27: =SourceП6!E24 -> 1 | B27: =SourceП6!F24 -> м10-02-016-06 | C27: =SourceП6!G24 -> Установка контролера, блока сигнально-пускового,контрольно-пускового,блок индикации,блоки питания | D27: =SourceП6!H24 -> ШТ | E27: =SourceП6!I24 -> 3 | F27: =SourceП6!AL24+SourceП6!AM24+SourceП6!AO24 -> 199.95 | I27: =SourceП6!BO24 | S27: =ROUND((SourceП6!FX24/100)*((ROUND(SourceП6!AF24*SourceП6!I24, 2)+ROUND(SourceП6!AE24*SourceП6!I24, 2))), 2) -> 279.46 | T27: =SourceП6!X24 -> 2126.66 | U27: =ROUND((SourceП6!FY24/100)*((ROUND(SourceП6!AF24*SourceП6!I24, 2)+ROUND(SourceП6!AE24*SourceП6!I24, 2))), 2) -> 209.59 | V27: =SourceП6!Y24 -> 1595
C28: Зарплата | F28: =SourceП6!AO24 -> 112.01 | G28: =SourceП6!DG24 | H28: =ROUND(SourceП6!AF24*SourceП6!I24, 2) -> 336.03 | J28: =IF(SourceП6!BA24<> 0, SourceП6!BA24, 1) -> 7.61 | K28: =SourceП6!S24 -> 2557.19 | R28: =H28 -> 336.03
C29: Эксплуатация машин | F29: =SourceП6!AM24 -> 39.6 | G29: =SourceП6!DE24 | H29: =ROUND(SourceП6!AD24*SourceП6!I24, 2) -> 118.8 | J29: =IF(SourceП6!BB24<> 0, SourceП6!BB24, 1) -> 7.61 | K29: =SourceП6!Q24 -> 904.07
C30: в т.ч. зарплата машинистов | F30: =SourceП6!AN24 -> 4.43 | G30: =SourceП6!DF24 | H30: =ROUND(SourceП6!AE24*SourceП6!I24, 2) -> 13.29 | J30: =IF(SourceП6!BS24<> 0, SourceП6!BS24, 1) -> 7.61 | K30: =SourceП6!R24 -> 101.14 | R30: =H30 -> 13.29
C31: Материальные ресурсы | F31: =SourceП6!AL24 -> 48.34 | G31: =SourceП6!DD24 | H31: =ROUND(SourceП6!AC24*SourceП6!I24, 2) -> 145.02 | J31: =IF(SourceП6!BC24<> 0, SourceП6!BC24, 1) -> 7.61 | K31: =SourceП6!P24 -> 1103.6
C32: НР от ФОТ | D32: % | E32: =SourceП6!BZ24 -> 80 | H32: =SUM(S27:S37) -> 279.46 | J32: =SourceП6!AT24 -> 80 | K32: =SUM(T27:T37) -> 2126.66
C33: СП от ФОТ | D33: % | E33: =SourceП6!CA24 -> 60 | H33: =SUM(U27:U37) -> 209.59 | J33: =SourceП6!AU24 -> 60 | K33: =SUM(V27:V37) -> 1595
C34: Затраты труда | D34: чел-ч | E34: =SourceП6!AQ24 -> 10.1 | G34: =SourceП6!DI24 | L34: =SourceП6!U24 -> 30.3
A35: =SourceП6!E25 -> 1,1 | B35: =SourceП6!F25 -> 61.2.07.04-0002 | C35: =SourceП6!G25 -> Контроллер двухпроводной линии связи, марка "С2000-КДЛ" | D35: =SourceП6!H25 -> шт. | E35: =SourceП6!I25 -> 1 | F35: =SourceП6!AL25+SourceП6!AM25+SourceП6!AO25 -> 175.63 | H35: =ROUND(SourceП6!AC25*SourceП6!I25, 2)+ROUND(SourceП6!AD25*SourceП6!I25, 2)+ROUND(SourceП6!AF25*SourceП6!I25, 2) -> 175.63 | J35: =IF(SourceП6!BC25<> 0, SourceП6!BC25, 1) -> 7.61 | K35: =SourceП6!O25 -> 1336.54 | S35: =ROUND((SourceП6!FX25/100)*((ROUND(SourceП6!AF25*SourceП6!I25, 2)+ROUND(SourceП6!AE25*SourceП6!I25, 2))), 2) -> 0 | T35: =SourceП6!X25 -> 0 | U35: =ROUND((SourceП6!FY25/100)*((ROUND(SourceП6!AF25*SourceП6!I25, 2)+ROUND(SourceП6!AE25*SourceП6!I25, 2))), 2) -> 0 | V35: =SourceП6!Y25 -> 0 | W35: =IF(SourceП6!BI25<=1,H35, 0) -> 0 | X35: =IF(SourceП6!BI25=2,H35, 0) -> 175.63 | Y35: =IF(SourceП6!BI25=3,H35, 0) -> 0 | Z35: =IF(SourceП6!BI25=4,H35, 0) -> 0
A36: =SourceП6!E26 -> 1,2 | B36: =SourceП6!F26 -> 61.2.07.02-0034 | C36: =SourceП6!G26 -> Блок контрольно-пусковой, марка "С2000-КПБ" | D36: =SourceП6!H26 -> шт. | E36: =SourceП6!I26 -> 1 | F36: =SourceП6!AL26+SourceП6!AM26+SourceП6!AO26 -> 243.85 | H36: =ROUND(SourceП6!AC26*SourceП6!I26, 2)+ROUND(SourceП6!AD26*SourceП6!I26, 2)+ROUND(SourceП6!AF26*SourceП6!I26, 2) -> 243.85 | J36: =IF(SourceП6!BC26<> 0, SourceП6!BC26, 1) -> 7.61 | K36: =SourceП6!O26 -> 1855.7 | S36: =ROUND((SourceП6!FX26/100)*((ROUND(SourceП6!AF26*SourceП6!I26, 2)+ROUND(SourceП6!AE26*SourceП6!I26, 2))), 2) -> 0 | T36: =SourceП6!X26 -> 0 | U36: =ROUND((SourceП6!FY26/100)*((ROUND(SourceП6!AF26*SourceП6!I26, 2)+ROUND(SourceП6!AE26*SourceП6!I26, 2))), 2) -> 0 | V36: =SourceП6!Y26 -> 0 | W36: =IF(SourceП6!BI26<=1,H36, 0) -> 0 | X36: =IF(SourceП6!BI26=2,H36, 0) -> 243.85 | Y36: =IF(SourceП6!BI26=3,H36, 0) -> 0 | Z36: =IF(SourceП6!BI26=4,H36, 0) -> 0
A37: =SourceП6!E27 -> 1,3 | B37: =SourceП6!F27 -> Прайс-лист ВижнПро | C37: Источник вторичного электропитания резервирования СКАТ-1200МDIN Базисная стоимость: 189,31 = [1 700 / 1,18 / 7,61] | D37: =SourceП6!H27 -> ШТ | E37: =SourceП6!I27 -> 1 | F37: =SourceП6!AL27+SourceП6!AM27+SourceП6!AO27 -> 189.31 | H37: =ROUND(SourceП6!AC27*SourceП6!I27, 2)+ROUND(SourceП6!AD27*SourceП6!I27, 2)+ROUND(SourceП6!AF27*SourceП6!I27, 2) -> 189.31 | J37: =IF(SourceП6!BC27<> 0, SourceП6!BC27, 1) -> 7.61 | K37: =SourceП6!O27 -> 1440.65 | S37: =ROUND((SourceП6!FX27/100)*((ROUND(SourceП6!AF27*SourceП6!I27, 2)+ROUND(SourceП6!AE27*SourceП6!I27, 2))), 2) -> 0 | T37: =SourceП6!X27 -> 0 | U37: =ROUND((SourceП6!FY27/100)*((ROUND(SourceП6!AF27*SourceП6!I27, 2)+ROUND(SourceП6!AE27*SourceП6!I27, 2))), 2) -> 0 | V37: =SourceП6!Y27 -> 0 | W37: =IF(SourceП6!BI27<=1,H37, 0) -> 0 | X37: =IF(SourceП6!BI27=2,H37, 0) -> 189.31 | Y37: =IF(SourceП6!BI27=3,H37, 0) -> 0 | Z37: =IF(SourceП6!BI27=4,H37, 0) -> 0
G38: =H28+H29+H31+H32+H33+SUM(H35:H37) -> 1697.69 | J38: =K28+K29+K31+K32+K33+SUM(K35:K37) -> 12919.41 | L38: =SourceП6!U24 -> 30.3 | O38: =G38 -> 1697.69 | P38: =J38 -> 12919.41 | Q38: =L38 -> 30.3 | W38: =IF(SourceП6!BI24<=1,H28+H29+H31+H32+H33, 0) -> 0 | X38: =IF(SourceП6!BI24=2,H28+H29+H31+H32+H33, 0) -> 1088.9 | Y38: =IF(SourceП6!BI24=3,H28+H29+H31+H32+H33, 0) -> 0 | Z38: =IF(SourceП6!BI24=4,H28+H29+H31+H32+H33, 0) -> 0
A39: =SourceП6!E28 -> 2 | B39: =SourceП6!F28 -> м08-03-593-10 | C39: =SourceП6!G28 -> Световые настенные указатели | D39: =SourceП6!H28 -> 100 ШТ | E39: =SourceП6!I28 -> 0.02 | F39: =SourceП6!AL28+SourceП6!AM28+SourceП6!AO28 -> 1335.26 | I39: =SourceП6!BO28 | S39: =ROUND((SourceП6!FX28/100)*((ROUND(SourceП6!AF28*SourceП6!I28, 2)+ROUND(SourceП6!AE28*SourceП6!I28, 2))), 2) -> 14.91 | T39: =SourceП6!X28 -> 113.4 | U39: =ROUND((SourceП6!FY28/100)*((ROUND(SourceП6!AF28*SourceП6!I28, 2)+ROUND(SourceП6!AE28*SourceП6!I28, 2))), 2) -> 10.2 | V39: =SourceП6!Y28 -> 77.59
C40: Зарплата | F40: =SourceП6!AO28 -> 779.32 | G40: =SourceП6!DG28 | H40: =ROUND(SourceП6!AF28*SourceП6!I28, 2) -> 15.59 | J40: =IF(SourceП6!BA28<> 0, SourceП6!BA28, 1) -> 7.61 | K40: =SourceП6!S28 -> 118.61 | R40: =H40 -> 15.59
C41: Эксплуатация машин | F41: =SourceП6!AM28 -> 35.54 | G41: =SourceП6!DE28 | H41: =ROUND(SourceП6!AD28*SourceП6!I28, 2) -> 0.71 | J41: =IF(SourceП6!BB28<> 0, SourceП6!BB28, 1) -> 7.61 | K41: =SourceП6!Q28 -> 5.41
C42: в т.ч. зарплата машинистов | F42: =SourceП6!AN28 -> 5.02 | G42: =SourceП6!DF28 | H42: =ROUND(SourceП6!AE28*SourceП6!I28, 2) -> 0.1 | J42: =IF(SourceП6!BS28<> 0, SourceП6!BS28, 1) -> 7.61 | K42: =SourceП6!R28 -> 0.76 | R42: =H42 -> 0.1
C43: Материальные ресурсы | F43: =SourceП6!AL28 -> 520.4 | G43: =SourceП6!DD28 | H43: =ROUND(SourceП6!AC28*SourceП6!I28, 2) -> 10.41 | J43: =IF(SourceП6!BC28<> 0, SourceП6!BC28, 1) -> 7.61 | K43: =SourceП6!P28 -> 79.2
C44: НР от ФОТ | D44: % | E44: =SourceП6!BZ28 -> 95 | H44: =SUM(S39:S47) -> 14.91 | J44: =SourceП6!AT28 -> 95 | K44: =SUM(T39:T47) -> 113.4
C45: СП от ФОТ | D45: % | E45: =SourceП6!CA28 -> 65 | H45: =SUM(U39:U47) -> 10.2 | J45: =SourceП6!AU28 -> 65 | K45: =SUM(V39:V47) -> 77.59
C46: Затраты труда | D46: чел-ч | E46: =SourceП6!AQ28 -> 78.56 | G46: =SourceП6!DI28 | L46: =SourceП6!U28 -> 1.5712
A47: =SourceП6!E29 -> 2,1 | B47: =SourceП6!F29 -> 61.2.04.07-0008 | C47: =SourceП6!G29 -> Оповещатель световой МОЛНИЯ-12 ВЫХОД | D47: =SourceП6!H29 -> шт. | E47: =SourceП6!I29 -> 2 | F47: =SourceП6!AL29+SourceП6!AM29+SourceП6!AO29 -> 38.38 | H47: =ROUND(SourceП6!AC29*SourceП6!I29, 2)+ROUND(SourceП6!AD29*SourceП6!I29, 2)+ROUND(SourceП6!AF29*SourceП6!I29, 2) -> 76.76 | J47: =IF(SourceП6!BC29<> 0, SourceП6!BC29, 1) -> 7.61 | K47: =SourceП6!O29 -> 584.14 | S47: =ROUND((SourceП6!FX29/100)*((ROUND(SourceП6!AF29*SourceП6!I29, 2)+ROUND(SourceП6!AE29*SourceП6!I29, 2))), 2) -> 0 | T47: =SourceП6!X29 -> 0 | U47: =ROUND((SourceП6!FY29/100)*((ROUND(SourceП6!AF29*SourceП6!I29, 2)+ROUND(SourceП6!AE29*SourceП6!I29, 2))), 2) -> 0 | V47: =SourceП6!Y29 -> 0 | W47: =IF(SourceП6!BI29<=1,H47, 0) -> 0 | X47: =IF(SourceП6!BI29=2,H47, 0) -> 76.76 | Y47: =IF(SourceП6!BI29=3,H47, 0) -> 0 | Z47: =IF(SourceП6!BI29=4,H47, 0) -> 0
G48: =H40+H41+H43+H44+H45+SUM(H47:H47) -> 128.58 | J48: =K40+K41+K43+K44+K45+SUM(K47:K47) -> 978.35 | L48: =SourceП6!U28 -> 1.5712 | O48: =G48 -> 128.58 | P48: =J48 -> 978.35 | Q48: =L48 -> 1.5712 | W48: =IF(SourceП6!BI28<=1,H40+H41+H43+H44+H45, 0) -> 0 | X48: =IF(SourceП6!BI28=2,H40+H41+H43+H44+H45, 0) -> 51.82 | Y48: =IF(SourceП6!BI28=3,H40+H41+H43+H44+H45, 0) -> 0 | Z48: =IF(SourceП6!BI28=4,H40+H41+H43+H44+H45, 0) -> 0
A49: =SourceП6!E30 -> 3 | B49: =SourceП6!F30 -> м08-03-572-05 | C49: =SourceП6!G30 -> Блок управления шкафного исполнения или распределительный пункт (шкаф), устанавливаемый на стене, высота и ширина до 1700х1100 мм | D49: =SourceП6!H30 -> ШТ | E49: =SourceП6!I30 -> 1 | F49: =SourceП6!AL30+SourceП6!AM30+SourceП6!AO30 -> 455.82 | I49: =SourceП6!BO30 | S49: =ROUND((SourceП6!FX30/100)*((ROUND(SourceП6!AF30*SourceП6!I30, 2)+ROUND(SourceП6!AE30*SourceП6!I30, 2))), 2) -> 40.76 | T49: =SourceП6!X30 -> 310.22 | U49: =ROUND((SourceП6!FY30/100)*((ROUND(SourceП6!AF30*SourceП6!I30, 2)+ROUND(SourceП6!AE30*SourceП6!I30, 2))), 2) -> 27.89 | V49: =SourceП6!Y30 -> 212.26
C50: Зарплата | F50: =SourceП6!AO30 -> 34.62 | G50: =SourceП6!DG30 | H50: =ROUND(SourceП6!AF30*SourceП6!I30, 2) -> 34.62 | J50: =IF(SourceП6!BA30<> 0, SourceП6!BA30, 1) -> 7.61 | K50: =SourceП6!S30 -> 263.46 | R50: =H50 -> 34.62
C51: Эксплуатация машин | F51: =SourceП6!AM30 -> 69.09 | G51: =SourceП6!DE30 | H51: =ROUND(SourceП6!AD30*SourceП6!I30, 2) -> 69.09 | J51: =IF(SourceП6!BB30<> 0, SourceП6!BB30, 1) -> 7.61 | K51: =SourceП6!Q30 -> 525.77
C52: в т.ч. зарплата машинистов | F52: =SourceП6!AN30 -> 8.29 | G52: =SourceП6!DF30 | H52: =ROUND(SourceП6!AE30*SourceП6!I30, 2) -> 8.29 | J52: =IF(SourceП6!BS30<> 0, SourceП6!BS30, 1) -> 7.61 | K52: =SourceП6!R30 -> 63.09 | R52: =H52 -> 8.29
C53: Материальные ресурсы | F53: =SourceП6!AL30 -> 352.11 | G53: =SourceП6!DD30 | H53: =ROUND(SourceП6!AC30*SourceП6!I30, 2) -> 352.11 | J53: =IF(SourceП6!BC30<> 0, SourceП6!BC30, 1) -> 7.61 | K53: =SourceП6!P30 -> 2679.56
C54: НР от ФОТ | D54: % | E54: =SourceП6!BZ30 -> 95 | H54: =SUM(S49:S57) -> 40.76 | J54: =SourceП6!AT30 -> 95 | K54: =SUM(T49:T57) -> 310.22
C55: СП от ФОТ | D55: % | E55: =SourceП6!CA30 -> 65 | H55: =SUM(U49:U57) -> 27.89 | J55: =SourceП6!AU30 -> 65 | K55: =SUM(V49:V57) -> 212.26
C56: Затраты труда | D56: чел-ч | E56: =SourceП6!AQ30 -> 3.49 | G56: =SourceП6!DI30 | L56: =SourceП6!U30 -> 3.49
A57: =SourceП6!E31 -> 3,1 | B57: =SourceП6!F31 -> Прайс-лист ООО ТРИОН | C57: Шкаф электромонтажный ШЭМ-004 Базисная стоимость: 149,22 = [1 340 / 1,18 / 7,61] | D57: =SourceП6!H31 -> ШТ | E57: =SourceП6!I31 -> 1 | F57: =SourceП6!AL31+SourceП6!AM31+SourceП6!AO31 -> 149.22 | H57: =ROUND(SourceП6!AC31*SourceП6!I31, 2)+ROUND(SourceП6!AD31*SourceП6!I31, 2)+ROUND(SourceП6!AF31*SourceП6!I31, 2) -> 149.22 | J57: =IF(SourceП6!BC31<> 0, SourceП6!BC31, 1) -> 7.61 | K57: =SourceП6!O31 -> 1135.56 | S57: =ROUND((SourceП6!FX31/100)*((ROUND(SourceП6!AF31*SourceП6!I31, 2)+ROUND(SourceП6!AE31*SourceП6!I31, 2))), 2) -> 0 | T57: =SourceП6!X31 -> 0 | U57: =ROUND((SourceП6!FY31/100)*((ROUND(SourceП6!AF31*SourceП6!I31, 2)+ROUND(SourceП6!AE31*SourceП6!I31, 2))), 2) -> 0 | V57: =SourceП6!Y31 -> 0 | W57: =IF(SourceП6!BI31<=1,H57, 0) -> 0 | X57: =IF(SourceП6!BI31=2,H57, 0) -> 149.22 | Y57: =IF(SourceП6!BI31=3,H57, 0) -> 0 | Z57: =IF(SourceП6!BI31=4,H57, 0) -> 0
G58: =H50+H51+H53+H54+H55+SUM(H57:H57) -> 673.69 | J58: =K50+K51+K53+K54+K55+SUM(K57:K57) -> 5126.83 | L58: =SourceП6!U30 -> 3.49 | O58: =G58 -> 673.69 | P58: =J58 -> 5126.83 | Q58: =L58 -> 3.49 | W58: =IF(SourceП6!BI30<=1,H50+H51+H53+H54+H55, 0) -> 0 | X58: =IF(SourceП6!BI30=2,H50+H51+H53+H54+H55, 0) -> 524.47 | Y58: =IF(SourceП6!BI30=3,H50+H51+H53+H54+H55, 0) -> 0 | Z58: =IF(SourceП6!BI30=4,H50+H51+H53+H54+H55, 0) -> 0
A59: =SourceП6!E32 -> 4 | B59: =SourceП6!F32 -> м10-04-101-07 | C59: =SourceП6!G32 -> Громкоговоритель или звуковая колонка в помещении | D59: =SourceП6!H32 -> ШТ | E59: =SourceП6!I32 -> 53 | F59: =SourceП6!AL32+SourceП6!AM32+SourceП6!AO32 -> 30.77 | I59: =SourceП6!BO32 | S59: =ROUND((SourceП6!FX32/100)*((ROUND(SourceП6!AF32*SourceП6!I32, 2)+ROUND(SourceП6!AE32*SourceП6!I32, 2))), 2) -> 884.51 | T59: =SourceП6!X32 -> 6731.1 | U59: =ROUND((SourceП6!FY32/100)*((ROUND(SourceП6!AF32*SourceП6!I32, 2)+ROUND(SourceП6!AE32*SourceП6!I32, 2))), 2) -> 624.92 | V59: =SourceП6!Y32 -> 4755.67
C60: Зарплата | F60: =SourceП6!AO32 -> 18.14 | G60: =SourceП6!DG32 | H60: =ROUND(SourceП6!AF32*SourceП6!I32, 2) -> 961.42 | J60: =IF(SourceП6!BA32<> 0, SourceП6!BA32, 1) -> 7.61 | K60: =SourceП6!S32 -> 7316.41 | R60: =H60 -> 961.42
C61: Материальные ресурсы | F61: =SourceП6!AL32 -> 12.63 | G61: =SourceП6!DD32 | H61: =ROUND(SourceП6!AC32*SourceП6!I32, 2) -> 669.39 | J61: =IF(SourceП6!BC32<> 0, SourceП6!BC32, 1) -> 7.61 | K61: =SourceП6!P32 -> 5094.06
C62: НР от ФОТ | D62: % | E62: =SourceП6!BZ32 -> 92 | H62: =SUM(S59:S65) -> 884.51 | J62: =SourceП6!AT32 -> 92 | K62: =SUM(T59:T65) -> 6731.1
C63: СП от ФОТ | D63: % | E63: =SourceП6!CA32 -> 65 | H63: =SUM(U59:U65) -> 624.92 | J63: =SourceП6!AU32 -> 65 | K63: =SUM(V59:V65) -> 4755.67
C64: Затраты труда | D64: чел-ч | E64: =SourceП6!AQ32 -> 2 | G64: =SourceП6!DI32 | L64: =SourceП6!U32 -> 106
A65: =SourceП6!E33 -> 4,1 | B65: =SourceП6!F33 -> Прайс-лист ТД Видеоглаз | C65: Громкоговоритель настенный белый,80-20.000Гц,93дб,100В,6/3/1,5 LPA-6W Базисная стоимость: 146,55 = [1 316 / 1,18 / 7,61] | D65: =SourceП6!H33 -> ШТ | E65: =SourceП6!I33 -> 53 | F65: =SourceП6!AL33+SourceП6!AM33+SourceП6!AO33 -> 146.55 | H65: =ROUND(SourceП6!AC33*SourceП6!I33, 2)+ROUND(SourceП6!AD33*SourceП6!I33, 2)+ROUND(SourceП6!AF33*SourceП6!I33, 2) -> 7767.15 | J65: =IF(SourceП6!BC33<> 0, SourceП6!BC33, 1) -> 7.61 | K65: =SourceП6!O33 -> 59108.01 | S65: =ROUND((SourceП6!FX33/100)*((ROUND(SourceП6!AF33*SourceП6!I33, 2)+ROUND(SourceП6!AE33*SourceП6!I33, 2))), 2) -> 0 | T65: =SourceП6!X33 -> 0 | U65: =ROUND((SourceП6!FY33/100)*((ROUND(SourceП6!AF33*SourceП6!I33, 2)+ROUND(SourceП6!AE33*SourceП6!I33, 2))), 2) -> 0 | V65: =SourceП6!Y33 -> 0 | W65: =IF(SourceП6!BI33<=1,H65, 0) -> 0 | X65: =IF(SourceП6!BI33=2,H65, 0) -> 7767.15 | Y65: =IF(SourceП6!BI33=3,H65, 0) -> 0 | Z65: =IF(SourceП6!BI33=4,H65, 0) -> 0
G66: =H60+H61+H62+H63+SUM(H65:H65) -> 10907.39 | J66: =K60+K61+K62+K63+SUM(K65:K65) -> 83005.25 | L66: =SourceП6!U32 -> 106 | O66: =G66 -> 10907.39 | P66: =J66 -> 83005.25 | Q66: =L66 -> 106 | W66: =IF(SourceП6!BI32<=1,H60+H61+H62+H63, 0) -> 0 | X66: =IF(SourceП6!BI32=2,H60+H61+H62+H63, 0) -> 3140.24 | Y66: =IF(SourceП6!BI32=3,H60+H61+H62+H63, 0) -> 0 | Z66: =IF(SourceП6!BI32=4,H60+H61+H62+H63, 0) -> 0
A67: =SourceП6!E34 -> 5 | B67: =SourceП6!F34 -> м08-01-121-01 | C67: =SourceП6!G34 -> Аккумулятор стационарный | D67: =SourceП6!H34 -> ШТ | E67: =SourceП6!I34 -> 1 | F67: =SourceП6!AL34+SourceП6!AM34+SourceП6!AO34 -> 40.47 | I67: =SourceП6!BO34 | S67: =ROUND((SourceП6!FX34/100)*((ROUND(SourceП6!AF34*SourceП6!I34, 2)+ROUND(SourceП6!AE34*SourceП6!I34, 2))), 2) -> 18.83 | T67: =SourceП6!X34 -> 143.29 | U67: =ROUND((SourceП6!FY34/100)*((ROUND(SourceП6!AF34*SourceП6!I34, 2)+ROUND(SourceП6!AE34*SourceП6!I34, 2))), 2) -> 12.88 | V67: =SourceП6!Y34 -> 98.04
C68: Зарплата | F68: =SourceП6!AO34 -> 19.82 | G68: =SourceП6!DG34 | H68: =ROUND(SourceП6!AF34*SourceП6!I34, 2) -> 19.82 | J68: =IF(SourceП6!BA34<> 0, SourceП6!BA34, 1) -> 7.61 | K68: =SourceП6!S34 -> 150.83 | R68: =H68 -> 19.82
C69: Материальные ресурсы | F69: =SourceП6!AL34 -> 20.65 | G69: =SourceП6!DD34 | H69: =ROUND(SourceП6!AC34*SourceП6!I34, 2) -> 20.65 | J69: =IF(SourceП6!BC34<> 0, SourceП6!BC34, 1) -> 7.61 | K69: =SourceП6!P34 -> 157.15
C70: НР от ФОТ | D70: % | E70: =SourceП6!BZ34 -> 95 | H70: =SUM(S67:S73) -> 18.83 | J70: =SourceП6!AT34 -> 95 | K70: =SUM(T67:T73) -> 143.29
C71: СП от ФОТ | D71: % | E71: =SourceП6!CA34 -> 65 | H71: =SUM(U67:U73) -> 12.88 | J71: =SourceП6!AU34 -> 65 | K71: =SUM(V67:V73) -> 98.04
C72: Затраты труда | D72: чел-ч | E72: =SourceП6!AQ34 -> 2.06 | G72: =SourceП6!DI34 | L72: =SourceП6!U34 -> 2.06
A73: =SourceП6!E35 -> 5,1 | B73: =SourceП6!F35 -> 62.4.01.01-0004 | C73: =SourceП6!G35 -> Батарея аккумуляторная АКБ-7 12В/7 А/ч | D73: =SourceП6!H35 -> шт. | E73: =SourceП6!I35 -> 1 | F73: =SourceП6!AL35+SourceП6!AM35+SourceП6!AO35 -> 77.5 | H73: =ROUND(SourceП6!AC35*SourceП6!I35, 2)+ROUND(SourceП6!AD35*SourceП6!I35, 2)+ROUND(SourceП6!AF35*SourceП6!I35, 2) -> 77.5 | J73: =IF(SourceП6!BC35<> 0, SourceП6!BC35, 1) -> 7.61 | K73: =SourceП6!O35 -> 589.78 | S73: =ROUND((SourceП6!FX35/100)*((ROUND(SourceП6!AF35*SourceП6!I35, 2)+ROUND(SourceП6!AE35*SourceП6!I35, 2))), 2) -> 0 | T73: =SourceП6!X35 -> 0 | U73: =ROUND((SourceП6!FY35/100)*((ROUND(SourceП6!AF35*SourceП6!I35, 2)+ROUND(SourceП6!AE35*SourceП6!I35, 2))), 2) -> 0 | V73: =SourceП6!Y35 -> 0 | W73: =IF(SourceП6!BI35<=1,H73, 0) -> 0 | X73: =IF(SourceП6!BI35=2,H73, 0) -> 77.5 | Y73: =IF(SourceП6!BI35=3,H73, 0) -> 0 | Z73: =IF(SourceП6!BI35=4,H73, 0) -> 0
G74: =H68+H69+H70+H71+SUM(H73:H73) -> 149.68 | J74: =K68+K69+K70+K71+SUM(K73:K73) -> 1139.09 | L74: =SourceП6!U34 -> 2.06 | O74: =G74 -> 149.68 | P74: =J74 -> 1139.09 | Q74: =L74 -> 2.06 | W74: =IF(SourceП6!BI34<=1,H68+H69+H70+H71, 0) -> 0 | X74: =IF(SourceП6!BI34=2,H68+H69+H70+H71, 0) -> 72.18 | Y74: =IF(SourceП6!BI34=3,H68+H69+H70+H71, 0) -> 0 | Z74: =IF(SourceП6!BI34=4,H68+H69+H70+H71, 0) -> 0
A75: =SourceП6!E36 -> 6 | B75: =SourceП6!F36 -> м08-02-370-02 | C75: =SourceП6!G36 -> Щиток до трех групп, устанавливаемый в нише цоколя | D75: =SourceП6!H36 -> ШТ | E75: =SourceП6!I36 -> 1 | F75: =SourceП6!AL36+SourceП6!AM36+SourceП6!AO36 -> 33.42 | I75: =SourceП6!BO36 | S75: =ROUND((SourceП6!FX36/100)*((ROUND(SourceП6!AF36*SourceП6!I36, 2)+ROUND(SourceП6!AE36*SourceП6!I36, 2))), 2) -> 11.36 | T75: =SourceП6!X36 -> 86.46 | U75: =ROUND((SourceП6!FY36/100)*((ROUND(SourceП6!AF36*SourceП6!I36, 2)+ROUND(SourceП6!AE36*SourceП6!I36, 2))), 2) -> 7.77 | V75: =SourceП6!Y36 -> 59.16
C76: Зарплата | F76: =SourceП6!AO36 -> 9.45 | G76: =SourceП6!DG36 | H76: =ROUND(SourceП6!AF36*SourceП6!I36, 2) -> 9.45 | J76: =IF(SourceП6!BA36<> 0, SourceП6!BA36, 1) -> 7.61 | K76: =SourceП6!S36 -> 71.91 | R76: =H76 -> 9.45
C77: Эксплуатация машин | F77: =SourceП6!AM36 -> 17.77 | G77: =SourceП6!DE36 | H77: =ROUND(SourceП6!AD36*SourceП6!I36, 2) -> 17.77 | J77: =IF(SourceП6!BB36<> 0, SourceП6!BB36, 1) -> 7.61 | K77: =SourceП6!Q36 -> 135.23
C78: в т.ч. зарплата машинистов | F78: =SourceП6!AN36 -> 2.51 | G78: =SourceП6!DF36 | H78: =ROUND(SourceП6!AE36*SourceП6!I36, 2) -> 2.51 | J78: =IF(SourceП6!BS36<> 0, SourceП6!BS36, 1) -> 7.61 | K78: =SourceП6!R36 -> 19.1 | R78: =H78 -> 2.51
C79: Материальные ресурсы | F79: =SourceП6!AL36 -> 6.2 | G79: =SourceП6!DD36 | H79: =ROUND(SourceП6!AC36*SourceП6!I36, 2) -> 6.2 | J79: =IF(SourceП6!BC36<> 0, SourceП6!BC36, 1) -> 7.61 | K79: =SourceП6!P36 -> 47.18
C80: НР от ФОТ | D80: % | E80: =SourceП6!BZ36 -> 95 | H80: =SUM(S75:S83) -> 11.36 | J80: =SourceП6!AT36 -> 95 | K80: =SUM(T75:T83) -> 86.46
C81: СП от ФОТ | D81: % | E81: =SourceП6!CA36 -> 65 | H81: =SUM(U75:U83) -> 7.77 | J81: =SourceП6!AU36 -> 65 | K81: =SUM(V75:V83) -> 59.16
C82: Затраты труда | D82: чел-ч | E82: =SourceП6!AQ36 -> 0.9 | G82: =SourceП6!DI36 | L82: =SourceП6!U36 -> 0.9
A83: =SourceП6!E37 -> 6,1 | B83: =SourceП6!F37 -> 62.1.02.03-0003 | C83: =SourceП6!G37 -> Боксы модульные для автоматических выключателей наружной установки КМПн 2/2 | D83: =SourceП6!H37 -> 10 шт. | E83: =SourceП6!I37 -> 0.1 | F83: =SourceП6!AL37+SourceП6!AM37+SourceП6!AO37 -> 188.5 | H83: =ROUND(SourceП6!AC37*SourceП6!I37, 2)+ROUND(SourceП6!AD37*SourceП6!I37, 2)+ROUND(SourceП6!AF37*SourceП6!I37, 2) -> 18.85 | J83: =IF(SourceП6!BC37<> 0, SourceП6!BC37, 1) -> 7.61 | K83: =SourceП6!O37 -> 143.45 | S83: =ROUND((SourceП6!FX37/100)*((ROUND(SourceП6!AF37*SourceП6!I37, 2)+ROUND(SourceП6!AE37*SourceП6!I37, 2))), 2) -> 0 | T83: =SourceП6!X37 -> 0 | U83: =ROUND((SourceП6!FY37/100)*((ROUND(SourceП6!AF37*SourceП6!I37, 2)+ROUND(SourceП6!AE37*SourceП6!I37, 2))), 2) -> 0 | V83: =SourceП6!Y37 -> 0 | W83: =IF(SourceП6!BI37<=1,H83, 0) -> 0 | X83: =IF(SourceП6!BI37=2,H83, 0) -> 18.85 | Y83: =IF(SourceП6!BI37=3,H83, 0) -> 0 | Z83: =IF(SourceП6!BI37=4,H83, 0) -> 0
G84: =H76+H77+H79+H80+H81+SUM(H83:H83) -> 71.4 | J84: =K76+K77+K79+K80+K81+SUM(K83:K83) -> 543.39 | L84: =SourceП6!U36 -> 0.9 | O84: =G84 -> 71.4 | P84: =J84 -> 543.39 | Q84: =L84 -> 0.9 | W84: =IF(SourceП6!BI36<=1,H76+H77+H79+H80+H81, 0) -> 0 | X84: =IF(SourceП6!BI36=2,H76+H77+H79+H80+H81, 0) -> 52.55 | Y84: =IF(SourceП6!BI36=3,H76+H77+H79+H80+H81, 0) -> 0 | Z84: =IF(SourceП6!BI36=4,H76+H77+H79+H80+H81, 0) -> 0
A85: =SourceП6!E38 -> 7 | B85: =SourceП6!F38 -> м08-03-526-01 | C85: =SourceП6!G38 -> Автомат одно-, двух-, трехполюсный, устанавливаемый на конструкции на стене или колонне, на ток до 25 А | D85: =SourceП6!H38 -> ШТ | E85: =SourceП6!I38 -> 1 | F85: =SourceП6!AL38+SourceП6!AM38+SourceП6!AO38 -> 35.98 | I85: =SourceП6!BO38 | S85: =ROUND((SourceП6!FX38/100)*((ROUND(SourceП6!AF38*SourceП6!I38, 2)+ROUND(SourceП6!AE38*SourceП6!I38, 2))), 2) -> 14.1 | T85: =SourceП6!X38 -> 107.28 | U85: =ROUND((SourceП6!FY38/100)*((ROUND(SourceП6!AF38*SourceП6!I38, 2)+ROUND(SourceП6!AE38*SourceП6!I38, 2))), 2) -> 9.65 | V85: =SourceП6!Y38 -> 73.4
C86: Зарплата | F86: =SourceП6!AO38 -> 14.84 | G86: =SourceП6!DG38 | H86: =ROUND(SourceП6!AF38*SourceП6!I38, 2) -> 14.84 | J86: =IF(SourceП6!BA38<> 0, SourceП6!BA38, 1) -> 7.61 | K86: =SourceП6!S38 -> 112.93 | R86: =H86 -> 14.84
C87: Эксплуатация машин | F87: =SourceП6!AM38 -> 1.05 | G87: =SourceП6!DE38 | H87: =ROUND(SourceП6!AD38*SourceП6!I38, 2) -> 1.05 | J87: =IF(SourceП6!BB38<> 0, SourceП6!BB38, 1) -> 7.61 | K87: =SourceП6!Q38 -> 7.99
C88: Материальные ресурсы | F88: =SourceП6!AL38 -> 20.09 | G88: =SourceП6!DD38 | H88: =ROUND(SourceП6!AC38*SourceП6!I38, 2) -> 20.09 | J88: =IF(SourceП6!BC38<> 0, SourceП6!BC38, 1) -> 7.61 | K88: =SourceП6!P38 -> 152.88
C89: НР от ФОТ | D89: % | E89: =SourceП6!BZ38 -> 95 | H89: =SUM(S85:S92) -> 14.1 | J89: =SourceП6!AT38 -> 95 | K89: =SUM(T85:T92) -> 107.28
C90: СП от ФОТ | D90: % | E90: =SourceП6!CA38 -> 65 | H90: =SUM(U85:U92) -> 9.65 | J90: =SourceП6!AU38 -> 65 | K90: =SUM(V85:V92) -> 73.4
C91: Затраты труда | D91: чел-ч | E91: =SourceП6!AQ38 -> 1.56 | G91: =SourceП6!DI38 | L91: =SourceП6!U38 -> 1.56
A92: =SourceП6!E39 -> 7,1 | B92: =SourceП6!F39 -> 62.1.01.09-0004 | C92: =SourceП6!G39 -> Выключатели автоматические «IEK» ВА47-29 1Р 10А, характеристика С | D92: =SourceП6!H39 -> шт. | E92: =SourceП6!I39 -> 1 | F92: =SourceП6!AL39+SourceП6!AM39+SourceП6!AO39 -> 13.12 | H92: =ROUND(SourceП6!AC39*SourceП6!I39, 2)+ROUND(SourceП6!AD39*SourceП6!I39, 2)+ROUND(SourceП6!AF39*SourceП6!I39, 2) -> 13.12 | J92: =IF(SourceП6!BC39<> 0, SourceП6!BC39, 1) -> 7.61 | K92: =SourceП6!O39 -> 99.84 | S92: =ROUND((SourceП6!FX39/100)*((ROUND(SourceП6!AF39*SourceП6!I39, 2)+ROUND(SourceП6!AE39*SourceП6!I39, 2))), 2) -> 0 | T92: =SourceП6!X39 -> 0 | U92: =ROUND((SourceП6!FY39/100)*((ROUND(SourceП6!AF39*SourceП6!I39, 2)+ROUND(SourceП6!AE39*SourceП6!I39, 2))), 2) -> 0 | V92: =SourceП6!Y39 -> 0 | W92: =IF(SourceП6!BI39<=1,H92, 0) -> 0 | X92: =IF(SourceП6!BI39=2,H92, 0) -> 13.12 | Y92: =IF(SourceП6!BI39=3,H92, 0) -> 0 | Z92: =IF(SourceП6!BI39=4,H92, 0) -> 0
G93: =H86+H87+H88+H89+H90+SUM(H92:H92) -> 72.85 | J93: =K86+K87+K88+K89+K90+SUM(K92:K92) -> 554.32 | L93: =SourceП6!U38 -> 1.56 | O93: =G93 -> 72.85 | P93: =J93 -> 554.32 | Q93: =L93 -> 1.56 | W93: =IF(SourceП6!BI38<=1,H86+H87+H88+H89+H90, 0) -> 0 | X93: =IF(SourceП6!BI38=2,H86+H87+H88+H89+H90, 0) -> 59.73 | Y93: =IF(SourceП6!BI38=3,H86+H87+H88+H89+H90, 0) -> 0 | Z93: =IF(SourceП6!BI38=4,H86+H87+H88+H89+H90, 0) -> 0
A94: =SourceП6!E40 -> 8 | B94: =SourceП6!F40 -> м08-10-010-01 | C94: =SourceП6!G40 -> Прокладка труб гофрированных ПВХ для защиты проводов и кабелей | D94: =SourceП6!H40 -> 100 м | E94: =SourceП6!I40 -> 0.15 | F94: =SourceП6!AL40+SourceП6!AM40+SourceП6!AO40 -> 156.33 | I94: =SourceП6!BO40 | S94: =ROUND((SourceП6!FX40/100)*((ROUND(SourceП6!AF40*SourceП6!I40, 2)+ROUND(SourceП6!AE40*SourceП6!I40, 2))), 2) -> 19.88 | T94: =SourceП6!X40 -> 151.32 | U94: =ROUND((SourceП6!FY40/100)*((ROUND(SourceП6!AF40*SourceП6!I40, 2)+ROUND(SourceП6!AE40*SourceП6!I40, 2))), 2) -> 13.6 | V94: =SourceП6!Y40 -> 103.53
C95: Зарплата | F95: =SourceП6!AO40 -> 139.54 | G95: =SourceП6!DG40 | H95: =ROUND(SourceП6!AF40*SourceП6!I40, 2) -> 20.93 | J95: =IF(SourceП6!BA40<> 0, SourceП6!BA40, 1) -> 7.61 | K95: =SourceП6!S40 -> 159.28 | R95: =H95 -> 20.93
C96: Материальные ресурсы | F96: =SourceП6!AL40 -> 16.79 | G96: =SourceП6!DD40 | H96: =ROUND(SourceП6!AC40*SourceП6!I40, 2) -> 2.52 | J96: =IF(SourceП6!BC40<> 0, SourceП6!BC40, 1) -> 7.61 | K96: =SourceП6!P40 -> 19.17
C97: НР от ФОТ | D97: % | E97: =SourceП6!BZ40 -> 95 | H97: =SUM(S94:S100) -> 19.88 | J97: =SourceП6!AT40 -> 95 | K97: =SUM(T94:T100) -> 151.32
C98: СП от ФОТ | D98: % | E98: =SourceП6!CA40 -> 65 | H98: =SUM(U94:U100) -> 13.6 | J98: =SourceП6!AU40 -> 65 | K98: =SUM(V94:V100) -> 103.53
C99: Затраты труда | D99: чел-ч | E99: =SourceП6!AQ40 -> 15.2 | G99: =SourceП6!DI40 | L99: =SourceП6!U40 -> 2.28
A100: =SourceП6!E41 -> 8,1 | B100: =SourceП6!F41 -> 24.3.01.02-0022 | C100: =SourceП6!G41 -> Трубы гибкие гофрированные легкие из самозатухающего ПВХ (IP55) серии FL, с зондом, диаметром 20 мм | D100: =SourceП6!H41 -> 10 м | E100: =SourceП6!I41 -> 1.5 | F100: =SourceП6!AL41+SourceП6!AM41+SourceП6!AO41 -> 21.2 | H100: =ROUND(SourceП6!AC41*SourceП6!I41, 2)+ROUND(SourceП6!AD41*SourceП6!I41, 2)+ROUND(SourceП6!AF41*SourceП6!I41, 2) -> 31.8 | J100: =IF(SourceП6!BC41<> 0, SourceП6!BC41, 1) -> 7.61 | K100: =SourceП6!O41 -> 242 | S100: =ROUND((SourceП6!FX41/100)*((ROUND(SourceП6!AF41*SourceП6!I41, 2)+ROUND(SourceП6!AE41*SourceП6!I41, 2))), 2) -> 0 | T100: =SourceП6!X41 -> 0 | U100: =ROUND((SourceП6!FY41/100)*((ROUND(SourceП6!AF41*SourceП6!I41, 2)+ROUND(SourceП6!AE41*SourceП6!I41, 2))), 2) -> 0 | V100: =SourceП6!Y41 -> 0 | W100: =IF(SourceП6!BI41<=1,H100, 0) -> 0 | X100: =IF(SourceП6!BI41=2,H100, 0) -> 31.8 | Y100: =IF(SourceП6!BI41=3,H100, 0) -> 0 | Z100: =IF(SourceП6!BI41=4,H100, 0) -> 0
G101: =H95+H96+H97+H98+SUM(H100:H100) -> 88.73 | J101: =K95+K96+K97+K98+SUM(K100:K100) -> 675.3 | L101: =SourceП6!U40 -> 2.28 | O101: =G101 -> 88.73 | P101: =J101 -> 675.3 | Q101: =L101 -> 2.28 | W101: =IF(SourceП6!BI40<=1,H95+H96+H97+H98, 0) -> 0 | X101: =IF(SourceП6!BI40=2,H95+H96+H97+H98, 0) -> 56.93 | Y101: =IF(SourceП6!BI40=3,H95+H96+H97+H98, 0) -> 0 | Z101: =IF(SourceП6!BI40=4,H95+H96+H97+H98, 0) -> 0
A102: =SourceП6!E42 -> 9 | B102: =SourceП6!F42 -> м08-02-390-01 | C102: =SourceП6!G42 -> Короба пластмассовые шириной до 40 мм | D102: =SourceП6!H42 -> 100 м | E102: =SourceП6!I42 -> 3.56 | F102: =SourceП6!AL42+SourceП6!AM42+SourceП6!AO42 -> 206.76 | I102: =SourceП6!BO42 | S102: =ROUND((SourceП6!FX42/100)*((ROUND(SourceП6!AF42*SourceП6!I42, 2)+ROUND(SourceП6!AE42*SourceП6!I42, 2))), 2) -> 524.42 | T102: =SourceП6!X42 -> 3990.78 | U102: =ROUND((SourceП6!FY42/100)*((ROUND(SourceП6!AF42*SourceП6!I42, 2)+ROUND(SourceП6!AE42*SourceП6!I42, 2))), 2) -> 358.81 | V102: =SourceП6!Y42 -> 2730.53
C103: Зарплата | F103: =SourceП6!AO42 -> 154.92 | G103: =SourceП6!DG42 | H103: =ROUND(SourceП6!AF42*SourceП6!I42, 2) -> 551.52 | J103: =IF(SourceП6!BA42<> 0, SourceП6!BA42, 1) -> 7.61 | K103: =SourceП6!S42 -> 4197.03 | R103: =H103 -> 551.52
C104: Эксплуатация машин | F104: =SourceП6!AM42 -> 0.31 | G104: =SourceП6!DE42 | H104: =ROUND(SourceП6!AD42*SourceП6!I42, 2) -> 1.1 | J104: =IF(SourceП6!BB42<> 0, SourceП6!BB42, 1) -> 7.61 | K104: =SourceП6!Q42 -> 8.4
C105: в т.ч. зарплата машинистов | F105: =SourceП6!AN42 -> 0.14 | G105: =SourceП6!DF42 | H105: =ROUND(SourceП6!AE42*SourceП6!I42, 2) -> 0.5 | J105: =IF(SourceП6!BS42<> 0, SourceП6!BS42, 1) -> 7.61 | K105: =SourceП6!R42 -> 3.79 | R105: =H105 -> 0.5
C106: Материальные ресурсы | F106: =SourceП6!AL42 -> 51.53 | G106: =SourceП6!DD42 | H106: =ROUND(SourceП6!AC42*SourceП6!I42, 2) -> 183.45 | J106: =IF(SourceП6!BC42<> 0, SourceП6!BC42, 1) -> 7.61 | K106: =SourceП6!P42 -> 1396.03
C107: НР от ФОТ | D107: % | E107: =SourceП6!BZ42 -> 95 | H107: =SUM(S102:S110) -> 524.42 | J107: =SourceП6!AT42 -> 95 | K107: =SUM(T102:T110) -> 3990.78
C108: СП от ФОТ | D108: % | E108: =SourceП6!CA42 -> 65 | H108: =SUM(U102:U110) -> 358.81 | J108: =SourceП6!AU42 -> 65 | K108: =SUM(V102:V110) -> 2730.53
C109: Затраты труда | D109: чел-ч | E109: =SourceП6!AQ42 -> 16.29 | G109: =SourceП6!DI42 | L109: =SourceП6!U42 -> 57.9924
A110: =SourceП6!E43 -> 9,1 | B110: =SourceП6!F43 -> 20.2.05.04-0003 | C110: =SourceП6!G43 -> Кабель-канал 25х17 мм | D110: =SourceП6!H43 -> 100 м | E110: =SourceП6!I43 -> 3.56 | F110: =SourceП6!AL43+SourceП6!AM43+SourceП6!AO43 -> 730 | H110: =ROUND(SourceП6!AC43*SourceП6!I43, 2)+ROUND(SourceП6!AD43*SourceП6!I43, 2)+ROUND(SourceП6!AF43*SourceП6!I43, 2) -> 2598.8 | J110: =IF(SourceП6!BC43<> 0, SourceП6!BC43, 1) -> 7.61 | K110: =SourceП6!O43 -> 19776.87 | S110: =ROUND((SourceП6!FX43/100)*((ROUND(SourceП6!AF43*SourceП6!I43, 2)+ROUND(SourceП6!AE43*SourceП6!I43, 2))), 2) -> 0 | T110: =SourceП6!X43 -> 0 | U110: =ROUND((SourceП6!FY43/100)*((ROUND(SourceП6!AF43*SourceП6!I43, 2)+ROUND(SourceП6!AE43*SourceП6!I43, 2))), 2) -> 0 | V110: =SourceП6!Y43 -> 0 | W110: =IF(SourceП6!BI43<=1,H110, 0) -> 0 | X110: =IF(SourceП6!BI43=2,H110, 0) -> 2598.8 | Y110: =IF(SourceП6!BI43=3,H110, 0) -> 0 | Z110: =IF(SourceП6!BI43=4,H110, 0) -> 0
G111: =H103+H104+H106+H107+H108+SUM(H110:H110) -> 4218.1 | J111: =K103+K104+K106+K107+K108+SUM(K110:K110) -> 32099.64 | L111: =SourceП6!U42 -> 57.9924 | O111: =G111 -> 4218.1 | P111: =J111 -> 32099.64 | Q111: =L111 -> 57.9924 | W111: =IF(SourceП6!BI42<=1,H103+H104+H106+H107+H108, 0) -> 0 | X111: =IF(SourceП6!BI42=2,H103+H104+H106+H107+H108, 0) -> 1619.3 | Y111: =IF(SourceП6!BI42=3,H103+H104+H106+H107+H108, 0) -> 0 | Z111: =IF(SourceП6!BI42=4,H103+H104+H106+H107+H108, 0) -> 0
...

Sheet SourceП1
A1: 0 | B1: Smeta.RU (495) 974-1589 | D1: _PS_ | F1: 0 | G1: 0 | H1: 0 | I1: Smeta.RU | K1: 0 | L1: 13277 | M1: 10
A12: 1 | B12: 145 | C12: 0 | D12: =ROW(A87) -> 87 | E12: 0 | G12: Кислов пожарка ПОДВАЛ ШКУЛЁВА. | I12: 0 | K12: 0 | O12: 0 | P12: 0 | Q12: 0 | R12: 0 | V12: 0 | BH12: Сметные нормы списания | BI12: Коды ценников | BJ12: 1 | BK12: 1 | BL12: 0 | BM12: 0 | BN12: 1 | BO12: 0 | BP12: 2 | BQ12: 2 | BR12: 1 | BS12: 1 | BT12: 0 | BU12: 0 | BV12: 0 | BW12: 0 | BX12: 0 | BY12: ФЕР-2017 | BZ12: ТР для Версии 10: Центральные регионы (с учетом п-ма 2536-ИП/12/ГС от 22.03.2017 г | CA12: ФЕР-2017 | CB12: ФЕР-2017 | CC12: ФЕР-2017 | CD12: ФЕР-2017 | CE12: Поправки для ГСН 2017 от 31.03.2017 г | CF12: 0 | CG12: 0 | CH12: 8 | CK12: 0 | EC12: 0
A15: 15 | B15: 1
A18: 52 | B18: =B87 -> 145 | C18: =C87 -> 1 | D18: =D87 -> 12 | E18: =E87 -> 0 | F18: =F87 | G18: =G87 -> Кислов пожарка ПОДВАЛ ШКУЛЁВА. | O18: =O87 -> 243958.73 | P18: =P87 -> 207080.31 | Q18: =Q87 -> 5477.42 | R18: =R87 -> 617.02 | S18: =S87 -> 31401 | T18: =T87 -> 0 | U18: =U87 -> 427.7284 | V18: =V87 -> 6.724 | ... GX18: =GX87 -> 0
A20: 3 | B20: 1 | D20: =ROW(A55) -> 55 | F20: Новая локальная смета | G20: Новая локальная смета | I20: 0 | K20: 0 | V20: 0 | BX20: 0 | CF20: 0 | CG20: 0
A22: 52 | B22: =B55 -> 1 | C22: =C55 -> 3 | D22: =D55 -> 20 | E22: =E55 -> 0 | F22: =F55 -> Новая локальная смета | G22: =G55 -> Новая локальная смета | O22: =O55 -> 243958.73 | P22: =P55 -> 207080.31 | Q22: =Q55 -> 5477.42 | R22: =R55 -> 617.02 | S22: =S55 -> 31401 | T22: =T55 -> 0 | U22: =U55 -> 427.7284 | V22: =V55 -> 6.724 | ... GX22: =GX55 -> 0
A24: 17 | B24: 1 | C24: =ROW(#REF!) -> #REF! | D24: =ROW(#REF!) -> #REF! | E24: 1 | F24: м10-02-016-06 | G24: Установка контролера,источника вторичного питания | H24: ШТ | I24: 3 | J24: 0 | O24: =ROUND(CP24,2) -> 4564.86 | P24: =ROUND(CQ24*I24,2) -> 1103.6 | Q24: =ROUND(CR24*I24,2) -> 904.07 | R24: =ROUND(CS24*I24,2) -> 101.14 | S24: =ROUND(CT24*I24,2) -> 2557.19 | T24: =ROUND(CU24*I24,2) -> 0 | U24: =CV24*I24 -> 30.3 | V24: =CW24*I24 -> 1.32 | W24: =ROUND(CX24*I24,2) -> 0 | X24: =ROUND(CY24,2) -> 2126.66 | Y24: =ROUND(CZ24,2) -> 1595 | AA24: 39045302 | AB24: =ROUND((AC24+AD24+AF24),2) -> 199.95 | AC24: =ROUND((ES24),2) -> 48.34 | AD24: =ROUND((((ET24)-(EU24))+AE24),2) -> 39.6 | AE24: =ROUND((EU24),2) -> 4.43 | AF24: =ROUND((EV24),2) -> 112.01 | AG24: =ROUND((AP24),2) -> 0 | AH24: =(EW24) -> 10.1 | AI24: =(EX24) -> 0.44 | AJ24: =ROUND((AS24),2) -> 0 | AK24: 199.95 | AL24: 48.34 | AM24: 39.6 | AN24: 4.43 | AO24: 112.01 | AP24: 0 | AQ24: 10.1 | AR24: 0.44 | AS24: 0 | AT24: 80 | AU24: 60 | AV24: 1 | AW24: 1 | AZ24: 7.61 | BA24: 7.61 | BB24: 7.61 | BC24: 7.61 | BH24: 0 | BI24: 2 | BJ24: ФЕРм-2001, м10-02-016-06, приказ Минстроя России №1039/пр от 30.12.2016г. | BM24: 110001 | BN24: 0 | BP24: 0 | BQ24: 3 | BR24: 0 | BS24: 7.61 | BT24: 1 | BU24: 1 | BV24: 1 | BW24: 1 | BX24: 1 | BZ24: 80 | CA24: 60 | CF24: 0 | CG24: 0 | CM24: 0 | CO24: 0 | CP24: =(P24+Q24+S24) -> 4564.86 | CQ24: =AC24*BC24 -> 367.8674 | CR24: =AD24*BB24 -> 301.356 | CS24: =AE24*BS24 -> 33.7123 | CT24: =AF24*BA24 -> 852.3961 | CU24: =AG24 -> 0 | CV24: =AH24 -> 10.1 | CW24: =AI24 -> 0.44 | CX24: =AJ24 -> 0 | CY24: =(((S24+R24)*AT24)/100) -> 2126.664 | CZ24: =(((S24+R24)*AU24)/100) -> 1594.998 | DN24: 0 | DO24: 0 | DP24: 1 | DQ24: 1 | DU24: 1013 | DV24: ШТ | DW24: ШТ | DX24: 1 | EE24: 38092701 | EF24: 3 | EG24: Монтажные работы | EH24: 0 | EJ24: 2 | EK24: 110001 | EL24: Связь: городская, местная, междугородняя проводная телефонная связь ( отделы 1, 2, 3 ) - ( при уст-ве средств посадки самолетов: {AВИА}=1 - НР=95%, СП=55% ) | EM24: мФЕР-10 | EQ24: 0 | ER24: 199.95 | ES24: 48.34 | ET24: 39.6 | EU24: 4.43 | EV24: 112.01 | EW24: 10.1 | EX24: 0.44 | EY24: 0 | FQ24: 0 | FR24: =ROUND(IF(AND(BH24=3,BI24=3),P24,0),2) -> 0 | FS24: 0 | FX24: 80 | FY24: 60 | GD24: 0 | GF24: -682521861 | GG24: 1 | GH24: 1 | GI24: 4 | GJ24: 0 | GK24: =ROUND(R24*(R12)/100,2) -> 0 | GL24: =ROUND(IF(AND(BH24=3,BI24=3,FS24<>0),P24,0),2) -> 0 | GM24: =ROUND(O24+X24+Y24+GK24,2)+GX24 -> 8286.52 | GN24: =IF(OR(BI24=0,BI24=1),ROUND(O24+X24+Y24+GK24,2),0) -> 0 | GO24: =IF(BI24=2,ROUND(O24+X24+Y24+GK24,2),0) -> 8286.52 | GP24: =IF(BI24=4,ROUND(O24+X24+Y24+GK24,2)+GX24,0) -> 0 | GR24: 0 | GS24: 3 | GT24: 0 | GV24: =ROUND(GT24,2) -> 0 | GW24: 1 | GX24: =ROUND(GV24*GW24*I24,2) -> 0 | HA24: 0 | HB24: 0 | IK24: 0
